Workbook
Name \0: '[1]SALARIO LEGAL'!#REF!
Name \0: '[1]SALARIO LEGAL'!#REF!
Name \0: '[1]SALARIO LEGAL'!#REF!
Name \a: #REF!
Name \a: #REF!
Name \a: #REF!
Name \a: #REF!
Name \a: #REF!
Name \a: #REF!
Name \a: #REF!
Name \a: #REF!
Name \b: #REF!
Name \b: #REF!
Name \b: #REF!
Name \c: '[1]SALARIO LEGAL'!#REF!
Name \c: '[1]SALARIO LEGAL'!#REF!
Name \c: '[1]SALARIO LEGAL'!#REF!
Name \eliminar: [2]RESUM96!#REF!
Name \eliminar: [2]RESUM96!#REF!
Name \eliminar: [2]RESUM96!#REF!
Name \eliminar1: [2]RESUM96!#REF!
Name \eliminar1: [2]RESUM96!#REF!
Name \eliminar1: [2]RESUM96!#REF!
Name \g: #REF!
Name \g: #REF!
Name \g: #REF!
Name \i: [3]INSUMOS!#REF!
Name \i: [3]INSUMOS!#REF!
Name \i: [3]INSUMOS!#REF!
Name \k: '[4]7422CW00'!#REF!
Name \k: '[4]7422CW00'!#REF!
Name \k: '[4]7422CW00'!#REF!
Name \l: '[1]SALARIO LEGAL'!#REF!
Name \l: '[1]SALARIO LEGAL'!#REF!
Name \l: '[1]SALARIO LEGAL'!#REF!
Name \m: [3]INSUMOS!#REF!
Name \m: [3]INSUMOS!#REF!
Name \m: [3]INSUMOS!#REF!
Name \ñ: '[4]7422CW00'!#REF!
Name \ñ: '[4]7422CW00'!#REF!
Name \ñ: '[4]7422CW00'!#REF!
Name \p: '[1]SALARIO LEGAL'!#REF!
Name \p: '[1]SALARIO LEGAL'!#REF!
Name \p: '[1]SALARIO LEGAL'!#REF!
Name \q: #REF!
Name \q: #REF!
Name \q: #REF!
Name \r: [3]INSUMOS!#REF!
Name \r: [3]INSUMOS!#REF!
Name \r: [3]INSUMOS!#REF!
Name \s: #REF!
Name \s: #REF!
Name \s: #REF!
Name \s: #REF!
Name \s: #REF!
Name \s: #REF!
Name \s: #REF!
Name \s: #REF!
Name \t: [3]INSUMOS!#REF!
Name \t: [3]INSUMOS!#REF!

Sheet PRESUPUESTO OFICIAL 
C3: INSTITUTO NACIONAL DE VÍAS
C4: DIRECCIÓN TÉCNICA
C5: LICITACIÓN PÚBLICA
C6: MEJORAMIENTO, REHABILITACIÓN Y MANTENIMIENTO, GESTIÓN PREDIAL, SOCIAL Y AMBIENTAL SOSTENIBLE DE LA CARRETERA CÚCUTA - SARDINATA - OCAÑA - AGUACLARA, INCLUYE EL NUEVO PUENTE SOBRE EL RÍO ZULIA, EN EL DEPARTAMENTO DE NORTE DE SANTANDER, EN MARCO DEL PROGRAMA DE OBRA PÚBLICA "CONCLUIR Y CONCLUIR PARA LA REACTIVACIÓN DE LAS REGIONES"
C14: PRESUPUESTO OFICIAL
C15: FORMULARIO 1
C18: Nº | D18: ITEM DE PAGO | E18: ESPECIFICACIONES | G18: DESCRIPCIÓN | H18: UND. | I18: CANTIDAD | J18: VALOR UNITARIO | K18: VALOR TOTAL
E19: GENERAL | F19: PARTICULAR
C20: EXPLANACIONES
C21: 1 | D21: 200.2 | E21: 200-13 | G21: Desmonte y limpieza en zonas no boscosas | H21: Ha | I21: 7 | J21: 1148533 | K21: 8039731
C22: 2 | D22: 201.7 | E22: 201-13 | G22: Demolición de Estructuras | H22: m3 | I22: 5 | J22: 113261 | K22: 566305
C23: 3 | D23: 201.16 | E23: 201-13 | G23: Remoción de cercas de alambre | H23: m | I23: 240 | J23: 4233 | K23: 1015920
C24: 4 | D24: 210.2.1 | E24: 210-13 | G24: Excavación en roca de la explanación y canales | H24: m3 | I24: 9510 | J24: 62829 | K24: 597503790
C25: 5 | D25: 210.2.2 | E25: 210-13 | G25: Excavaciones en material común de la Explanación y Canales | H25: m3 | I25: 16127 | J25: 10619 | K25: 171252613
C26: 6 | D26: 211.1 | E26: 211-13 | G26: Remoción de Derrumbes | H26: m3 | I26: 6700 | J26: 9708 | K26: 65043600
C27: 7 | D27: 220.1 | E27: 220.1 | G27: Terraplenes | H27: m3 | I27: 1183 | J27: 13091 | K27: 15486653
C28: 8 | D28: 230.1P | F28: 230.1P | G28: Mejoramiento de la subrasante con adición de materiales | H28: m3 | I28: 5136 | J28: 10377 | K28: 53296272
C29: 9 | D29: 231.1P | F29: 231P | G29: Material para mejoramiento de Subrasante (no incluye transporte) (compacto) | H29: m3 | I29: 5136 | J29: 34185 | K29: 175574160
C30: 10 | D30: 231.1 | E30: 231-13 | G30: Geotextil para separación de suelos de subrasante y capas granulares | H30: m2 | I30: 2000 | J30: 7462 | K30: 14924000
C31: Subtotal | K31: 1102703044
C32: BASES, SUBBASES Y AFIRMADOS
C33: 11 | D33: 320.1P | F33: 320.1P | G33: Subbase Granular clase A (No incluye Transporte) | H33: m3 | I33: 2870 | J33: 80691 | K33: 231583170
C34: 12 | D34: 320.4P | F34: 320.4P | G34: Sub‐base granular para bacheo clase A (No incluye Transporte) | H34: m3 | I34: 91 | J34: 100196 | K34: 9117836
C35: 13 | D35: 330.1P | F35: 330.1P | G35: Base granular clase A (No incluye Transporte) | H35: m3 | I35: 2142 | J35: 100265 | K35: 214767630
C36: 14 | D36: 330.4P | F36: 330.4P | G36: Base granular para bacheo clase A (No incluye Transporte) | H36: m3 | I36: 61 | J36: 115406 | K36: 7039766
C37: Subtotal | K37: 462508402
C38: PAVIMENTOS ASFALTICOS
C39: 15 | D39: 420.2 | E39: 420-13 | G39: Riego de imprimación con emulsión asfáltica CRL‐1 | H39: m2 | I39: 107400 | J39: 2916 | K39: 313178400
C40: 16 | D40: 421.1 | E40: 421-13 | G40: Riego de liga con emulsión asfáltica CRR-1 | H40: m2 | I40: 2270 | J40: 1847 | K40: 4192690
C41: 17 | D41: 450.1P | F41: 450.1P | G41: Mezcla densa en caliente tipo MDC‐25 (No incluye Transporte) | H41: m3 | I41: 904 | J41: 762028 | K41: 688873312
C42: 18 | D42: 450.2P | F42: 450.2P | G42: Mezcla densa en caliente Tipo MDC-19 (No incluye Transporte) | H42: m3 | I42: 6201 | J42: 773403 | K42: 4795872003
C43: 19 | D43: 450.3P | F43: 450.3P | G43: Mezcla densa en caliente tipo MDC -19 modificada con polímeros tipo III (No incluye Transporte) | H43: m3 | I43: 571 | J43: 952153 | K43: 543679363
C44: 20 | D44: 450.10P | F44: 450.10P | G44: Mezcla densa en caliente Tipo MSC-25 para bacheos (No incluye Transporte) | H44: m3 | I44: 90 | J44: 790249 | K44: 71122410
C45: 21 | D45: 460.1P | F45: 460.1P | G45: Fresado de pavimento asfaltico | H45: m3 | I45: 6964 | J45: 83887 | K45: 584189068
C46: 22 | D46: 465.1 | E46: 465-13 | G46: Excavación para reparación de pavimento asfáltico existente incluyendo el corte y la remoción de las capas asfálticas y de las subyacentes. | H46: m3 | I46: 321 | J46: 78663 | K46: 25250823
C47: Subtotal | K47: 7026358069
C48: ESTRUCTURAS Y DRENAJES
C49: 23 | D49: 600.1.1 | E49: 600-13 | G49: Excavaciones varias sin clasificar | H49: m3 | I49: 584 | J49: 32575 | K49: 19023800
C50: 24 | D50: 600.2.1 | E50: 600-13 | G50: Excavaciones varias en roca en seco | H50: m3 | I50: 1239 | J50: 81546 | K50: 101035494
C51: 25 | D51: 600.2.3 | E51: 600-13 | G51: Excavaciones varias en material comun en seco | H51: m3 | I51: 637 | J51: 25940 | K51: 16523780
C52: 26 | D52: 610.1 | E52: 610-13 | G52: Rellenos para Estructuras con suelo | H52: m3 | I52: 804 | J52: 43718 | K52: 35149272
C53: 27 | D53: 610.2 | E53: 610-13 | G53: Relleno para estructuras con recebo | H53: m3 | I53: 50 | J53: 77518 | K53: 3875900
C54: 28 | D54: 610.3 | E54: 610-13 | G54: Rellenos para estructuras con material granular tipo SBG. | H54: m3 | I54: 50 | J54: 123540 | K54: 6177000
C55: 29 | D55: 621,1.1P | F55: 621,1.1P | G55: Pilote de concreto vaciado in situ de diametro 1,20 m. (incluye excavación y No incluye refuerzo) | H55: m | I55: 40 | J55: 2344370 | K55: 93774800
C56: 30 | D56: 621,1.2P | F56: 621,1.2P | G56: Pilote de concreto vaciado in situ de diametro 1,50 m (incluye excavación y No incluye refuerzo) | H56: m | I56: 192 | J56: 2994382 | K56: 574921344
C57: 31 | D57: 623.1,1 | E57: 623-13 | G57: Anclajes tipo de 1" con perno para estabilización | H57: m | I57: 2880 | J57: 135033 | K57: 388895040
C58: 32 | D58: 630.1.1P | F58: 630.1.1P | G58: Concreto clase 35 MPA, para vigas puentes. | H58: m3 | I58: 133 | J58: 1165598 | K58: 155024534
C59: 33 | D59: 630.3 | E59: 630-13 | G59: Concreto clase 28 MPA | H59: m3 | I59: 135 | J59: 802812 | K59: 108379620
C60: 34 | D60: 630.3.1P | F60: 630.3.1P | G60: Concreto clase 28 MPA para estribo, aletas, vigas, topes y ménsula,placas, dados. | H60: m3 | I60: 874 | J60: 852804 | K60: 745350696
C61: 35 | D61: 630.3.4P | F61: 630.3.4P | G61: Concreto clase 28 MPA para pilas, tablero | H61: m3 | I61: 487 | J61: 895610 | K61: 436162070
C62: 36 | D62: 630.4 | E62: 630-13 | G62: Concreto clase 21 MPA | H62: m3 | I62: 347 | J62: 661317 | K62: 229476999
C63: 37 | D63: 630.6 | E63: 630-13 | G63: Concreto clase 14 MPA | H63: m3 | I63: 274 | J63: 496286 | K63: 135982364
C64: 38 | D64: 630.7 | E64: 630-13 | G64: Concreto clase 14 MPA Ciclòpeo | H64: m3 | I64: 80 | J64: 337048 | K64: 26963840
C65: 39 | D65: 632.1P | E65: 632-13 | F65: 632.1P | G65: Baranda Metalica | H65: m | I65: 280 | J65: 532637 | K65: 149138360
C66: 40 | D66: 640.1 | E66: 640-13 | G66: Acero de refuerzo Fy=420 Mpa. | H66: kg | I66: 303243 | J66: 4891 | K66: 1483161513
C67: 41 | D67: 641.1 | E67: 641-13 | G67: Acero de Preesfuerzo | H67: Tf-m | I67: 27267 | J67: 2058 | K67: 56115486
C68: 42 | D68: 642.1 | E68: 642-13 | G68: Apoyo elastomerico | H68: u | I68: 16 | J68: 4298306 | K68: 68772896
C69: 43 | D69: 642,2P | F69: 642,2P | G69: Junta para puentes T-40 ( elastoméricas intermedias +/-40 mm) | H69: m | I69: 24 | J69: 1556216 | K69: 37349184
C70: 44 | D70: 642.3P | F70: 642.3P | G70: Suministro e instalación de juntas de dilatación elastoméricas entrada y salida +/- 80 mm o similar | H70: m | I70: 24 | J70: 2792861 | K70: 67028664
C71: 45 | D71: 650.2 | E71: 650-13 | G71: Fabricación de estructura metálica | H71: kg | I71: 458145 | J71: 11520 | K71: 5277830400
C72: 46 | D72: 650.3 | E72: 650-13 | G72: Transporte de estructura metalica | H72: kg | I72: 458145 | J72: 555 | K72: 254270475
C73: 47 | D73: 650.4 | E73: 650-13 | G73: Montaje de estructura metálica | H73: kg | I73: 458145 | J73: 4596 | K73: 2105634420
C74: 48 | D74: 650.3P | F74: 650.3P | G74: Diseño, ejecución y análisis de prueba de carga | H74: gl | I74: 1 | J74: 31363913 | K74: 31363913
C75: 49 | D75: 661.1 | E75: 661-13 | G75: Tubería de Concreto Reforzado CLASE III, de 900mm de diámetro interior | H75: m | I75: 10 | J75: 634703 | K75: 6347030
C76: 50 | D76: 663.3P | F76: 663.3P | G76: Tuberia para filtro PVC perforada diametro 100 mm | H76: m | I76: 344 | J76: 39522 | K76: 13595568
C77: 51 | D77: 670.5P | F77: 670.5P | G77: Disipadores de energia en concreto clase 21 MPA Lmax=30m | H77: m | I77: 50 | J77: 730970 | K77: 36548500
C78: 52 | D78: 671.1.1P | F78: 671.1.1P | G78: Cuneta de concreto vaciada insitu, no incluye la conformacion de la superficie de apoyo (concreto f´c 21 mpa) | H78: m3 | I78: 60 | J78: 623154 | K78: 37389240
C79: 53 | D79: 671.3.1P | F79: 671.3.1P | G79: Cuneta de concreto vaciada in situ; incluye la conformación de la superficie de apoyo. (concreto f´c 21 mpa) | H79: m3 | I79: 180 | J79: 675567 | K79: 121602060
C80: 54 | D80: 672.1 | E80: 672-13 | G80: Bordillos en concreto vaciado in situ, incluye la preparación de la superficie de apoyo | H80: m | I80: 60 | J80: 69702 | K80: 4182120
C81: 55 | D81: 673.1 | E81: 673-13 | G81: Geotextil Tipo II no tejido | H81: m2 | I81: 6094 | J81: 7689 | K81: 46856766
C82: 56 | D82: 673.2 | E82: 673-13 | G82: Material granular drenante | H82: m3 | I82: 1015 | J82: 104774 | K82: 106345610
C83: 57 | D83: 673.3 | E83: 673-13 | G83: Material de cobertura tipo SBG | H83: m3 | I83: 20 | J83: 129992 | K83: 2599840
C84: 58 | D84: 681.1 | E84: 681-13 | G84: Gaviones de malla de alambre de acero entrelazado clase 1: recubrimiento de zinc (galvanizado) | H84: m3 | I84: 50 | J84: 235137 | K84: 11756850
C85: 59 | D85: 683.2 | E85: 683-13 | G85: Geomalla de refuerzo para muros de tierra estabilizada mecánicamente con geosintéticos | H85: m2 | I85: 1528 | J85: 20969 | K85: 32040632
C86: 60 | D86: 683.5 | E86: 683-13 | G86: Relleno para muros de tierra estabilizada mecánicamente con geosintéticos | H86: m2 | I86: 825 | J86: 96209 | K86: 79372425
C87: Subtotal | K87: 13106018505
C88: SEÑALIZACIÓN Y SEGURIDAD
C89: 61 | D89: 1P | E89: Manual de Señalización Vial 2015 | G89: Suministro y aplicación de pintura en frío acrílica pura base agua para líneas de demarcación de pavimentos | H89: m | I89: 106613 | J89: 1886 | K89: 201072118
C90: 62 | D90: 2P | E90: Manual de Señalización Vial 2015 | G90: Suministro y aplicación de pintura en frío acrílica pura base agua para marca Vial con pintura en frío | H90: m2 | I90: 10661 | J90: 22657 | K90: 241546277
C91: 63 | D91: 4P | E91: Manual de Señalización Vial 2015 | G91: Suministro e instalación de tachas reflectiva bidireccionales | H91: u | I91: 3000 | J91: 8328 | K91: 24984000
C92: 64 | D92: 5P | E92: Manual de Señalización Vial 2015 | G92: Suministro e instalación de señal vertical de transito sp, sr y si (75cm*75cm) con lamina acero galvanizado retroreflectiva | H92: u | I92: 180 | J92: 391014 | K92: 70382520
C93: 65 | D93: 6P | E93: Manual de Señalización Vial 2015 | G93: Suministro e instalación de Señal delineador horizontal con lamina acero galvanizado retroreflectiva 60x 75 cm | H93: u | I93: 24 | J93: 320736 | K93: 7697664
C94: 66 | D94: 730.1 | E94: 730-13 | G94: Defensa metalica | H94: m | I94: 450 | J94: 228676 | K94: 102904200
C95: 67 | D95: 730.2 | E95: 730-13 | G95: Sección final | H95: u | I95: 900 | J95: 102870 | K95: 92583000
C96: 68 | D96: 740.1 | E96: 740-13 | G96: Captafaros | H96: u | I96: 440 | J96: 21965 | K96: 9664600
C97: Subtotal | K97: 750834379
C98: OBRAS VARIAS
C99: 69 | D99: 800.2 | E99: 800-13 | G99: Cerca de Alambre de Púas con postes de concreto | H99: m | I99: 240 | J99: 33469 | K99: 8032560
C100: 70 | D100: 812.1 | E100: 812-13 | G100: Recubrimiento de Taludes con Malla y Mortero 1:4 de e= 10 cm | H100: m2 | I100: 2573 | J100: 51212 | K100: 131768476
C101: Subtotal | K101: 139801036
C102: MANTENIMIENTO ESTRUCTURA EXISTENTE MARIANO OSPINA PEREZ
C103: 71 | D103: P1 | F103: P1 | G103: Limpieza y pintura de estructura metálica (Sand Blasting) | H103: m2 | I103: 1450 | J103: 80058 | K103: 116084100
C104: 72 | D104: P3 | F104: P3 | G104: Suministro e instalación de puertos de inyección en adhesivo epóxico | H104: ml | I104: 297 | J104: 71187 | K104: 21142539
C105: 73 | D105: P4 | F105: P4 | G105: Suministro e inyección de resina epóxica para sello de fisuras | H105: kg | I105: 107 | J105: 282288 | K105: 30204816
C106: 74 | D106: P5 | F106: P5 | G106: Reparaciones de losa de piso con mortero Grout y Epóxico de adherencia espesor e = 2,5 cm | H106: m2 | I106: 857 | J106: 257212 | K106: 220430684
C107: 75 | D107: P6 | F107: P6 | G107: Retiro de juntas existentes | H107: ml | I107: 24 | J107: 360560 | K107: 8653440
C108: Subtotal | K108: 396515579
C109: TRANSPORTES
C110: 76 | D110: 900.1 | E110: 900-13 | G110: Transporte de materiales provenientes de la excavación de la explanación, canales y préstamos, entre cien metros(100 m) y mil metros(1.000 m) de distancia. | H110: m3-E | I110: 1987 | J110: 1023 | K110: 2032701
C111: 77 | D111: 900.2 | E111: 900-13 | G111: Transporte de materiales provenientes de la excavación de la explanación, canales y préstamos para distancias mayores de mil metros (1000 m), medido a partir de cien metros (100 m) | H111: m3-km | I111: 611210 | J111: 1175 | K111: 718171750
...

Sheet PROPUESTA ECONÓMICA
C3: INSTITUTO NACIONAL DE VÍAS
C4: DIRECCIÓN TÉCNICA
C5: LICITACIÓN PÚBLICA
C6: MEJORAMIENTO, REHABILITACIÓN Y MANTENIMIENTO, GESTIÓN PREDIAL, SOCIAL Y AMBIENTAL SOSTENIBLE DE LA CARRETERA CÚCUTA - SARDINATA - OCAÑA - AGUACLARA, INCLUYE EL NUEVO PUENTE SOBRE EL RÍO ZULIA, EN EL DEPARTAMENTO DE NORTE DE SANTANDER, EN MARCO DEL PROGRAMA DE OBRA PÚBLICA "CONCLUIR Y CONCLUIR PARA LA REACTIVACIÓN DE LAS REGIONES"
C14: PROPUESTA ECONÓMICA
C15: FORMULARIO 1
C18: Nº | D18: ITEM DE PAGO | E18: ESPECIFICACIONES | G18: DESCRIPCIÓN | H18: UND. | I18: CANTIDAD | J18: VALOR UNITARIO | K18: VALOR TOTAL
E19: GENERAL | F19: PARTICULAR
C20: EXPLANACIONES
C21: 1 | D21: 200.2 | E21: 200-13 | G21: Desmonte y limpieza en zonas no boscosas | H21: Ha | I21: 7
C22: 2 | D22: 201.7 | E22: 201-13 | G22: Demolición de Estructuras | H22: m3 | I22: 5
C23: 3 | D23: 201.16 | E23: 201-13 | G23: Remoción de cercas de alambre | H23: m | I23: 240
C24: 4 | D24: 210.2.1 | E24: 210-13 | G24: Excavación en roca de la explanación y canales | H24: m3 | I24: 9510
C25: 5 | D25: 210.2.2 | E25: 210-13 | G25: Excavaciones en material común de la Explanación y Canales | H25: m3 | I25: 16127
C26: 6 | D26: 211.1 | E26: 211-13 | G26: Remoción de Derrumbes | H26: m3 | I26: 6700
C27: 7 | D27: 220.1 | E27: 220.1 | G27: Terraplenes | H27: m3 | I27: 1183
C28: 8 | D28: 230.1P | F28: 230.1P | G28: Mejoramiento de la subrasante con adición de materiales | H28: m3 | I28: 5136
C29: 9 | D29: 231.1P | F29: 231P | G29: Material para mejoramiento de Subrasante (no incluye transporte) (compacto) | H29: m3 | I29: 5136
C30: 10 | D30: 231.1 | E30: 231-13 | G30: Geotextil para separación de suelos de subrasante y capas granulares | H30: m2 | I30: 2000
C31: Subtotal
C32: BASES, SUBBASES Y AFIRMADOS
C33: 11 | D33: 320.1P | F33: 320.1P | G33: Subbase Granular clase A (No incluye Transporte) | H33: m3 | I33: 2870
C34: 12 | D34: 320.4P | F34: 320.4P | G34: Sub‐base granular para bacheo clase A (No incluye Transporte) | H34: m3 | I34: 91
C35: 13 | D35: 330.1P | F35: 330.1P | G35: Base granular clase A (No incluye Transporte) | H35: m3 | I35: 2142
C36: 14 | D36: 330.4P | F36: 330.4P | G36: Base granular para bacheo clase A (No incluye Transporte) | H36: m3 | I36: 61
C37: Subtotal
C38: PAVIMENTOS ASFALTICOS
C39: 15 | D39: 420.2 | E39: 420-13 | G39: Riego de imprimación con emulsión asfáltica CRL‐1 | H39: m2 | I39: 107400
C40: 16 | D40: 421.1 | E40: 421-13 | G40: Riego de liga con emulsión asfáltica CRR-1 | H40: m2 | I40: 2270
C41: 17 | D41: 450.1P | F41: 450.1P | G41: Mezcla densa en caliente tipo MDC‐25 (No incluye Transporte) | H41: m3 | I41: 904
C42: 18 | D42: 450.2P | F42: 450.2P | G42: Mezcla densa en caliente Tipo MDC-19 (No incluye Transporte) | H42: m3 | I42: 6201
C43: 19 | D43: 450.3P | F43: 450.3P | G43: Mezcla densa en caliente tipo MDC -19 modificada con polímeros tipo III (No incluye Transporte) | H43: m3 | I43: 571
C44: 20 | D44: 450.10P | F44: 450.10P | G44: Mezcla densa en caliente Tipo MSC-25 para bacheos (No incluye Transporte) | H44: m3 | I44: 90
C45: 21 | D45: 460.1P | F45: 460.1P | G45: Fresado de pavimento asfaltico | H45: m3 | I45: 6964
C46: 22 | D46: 465.1 | E46: 465-13 | G46: Excavación para reparación de pavimento asfáltico existente incluyendo el corte y la remoción de las capas asfálticas y de las subyacentes. | H46: m3 | I46: 321
C47: Subtotal
C48: ESTRUCTURAS Y DRENAJES
C49: 23 | D49: 600.1.1 | E49: 600-13 | G49: Excavaciones varias sin clasificar | H49: m3 | I49: 584
C50: 24 | D50: 600.2.1 | E50: 600-13 | G50: Excavaciones varias en roca en seco | H50: m3 | I50: 1239
C51: 25 | D51: 600.2.3 | E51: 600-13 | G51: Excavaciones varias en material comun en seco | H51: m3 | I51: 637
C52: 26 | D52: 610.1 | E52: 610-13 | G52: Rellenos para Estructuras con suelo | H52: m3 | I52: 804
C53: 27 | D53: 610.2 | E53: 610-13 | G53: Relleno para estructuras con recebo | H53: m3 | I53: 50
C54: 28 | D54: 610.3 | E54: 610-13 | G54: Rellenos para estructuras con material granular tipo SBG. | H54: m3 | I54: 50
C55: 29 | D55: 621,1.1P | F55: 621,1.1P | G55: Pilote de concreto vaciado in situ de diametro 1,20 m. (incluye excavación y No incluye refuerzo) | H55: m | I55: 40
C56: 30 | D56: 621,1.2P | F56: 621,1.2P | G56: Pilote de concreto vaciado in situ de diametro 1,50 m (incluye excavación y No incluye refuerzo) | H56: m | I56: 192
C57: 31 | D57: 623.1,1 | E57: 623-13 | G57: Anclajes tipo de 1" con perno para estabilización | H57: m | I57: 2880
C58: 32 | D58: 630.1.1P | F58: 630.1.1P | G58: Concreto clase 35 MPA, para vigas puentes. | H58: m3 | I58: 133
C59: 33 | D59: 630.3 | E59: 630-13 | G59: Concreto clase 28 MPA | H59: m3 | I59: 135
C60: 34 | D60: 630.3.1P | F60: 630.3.1P | G60: Concreto clase 28 MPA para estribo, aletas, vigas, topes y ménsula,placas, dados. | H60: m3 | I60: 874
C61: 35 | D61: 630.3.4P | F61: 630.3.4P | G61: Concreto clase 28 MPA para pilas, tablero | H61: m3 | I61: 487
C62: 36 | D62: 630.4 | E62: 630-13 | G62: Concreto clase 21 MPA | H62: m3 | I62: 347
C63: 37 | D63: 630.6 | E63: 630-13 | G63: Concreto clase 14 MPA | H63: m3 | I63: 274
C64: 38 | D64: 630.7 | E64: 630-13 | G64: Concreto clase 14 MPA Ciclòpeo | H64: m3 | I64: 80
C65: 39 | D65: 632.1P | E65: 632-13 | F65: 632.1P | G65: Baranda Metalica | H65: m | I65: 280
C66: 40 | D66: 640.1 | E66: 640-13 | G66: Acero de refuerzo Fy=420 Mpa. | H66: kg | I66: 303243
C67: 41 | D67: 641.1 | E67: 641-13 | G67: Acero de Preesfuerzo | H67: Tf-m | I67: 27267
C68: 42 | D68: 642.1 | E68: 642-13 | G68: Apoyo elastomerico | H68: u | I68: 16
C69: 43 | D69: 642,2P | F69: 642,2P | G69: Junta para puentes T-40 ( elastoméricas intermedias +/-40 mm) | H69: m | I69: 24
C70: 44 | D70: 642.3P | F70: 642.3P | G70: Suministro e instalación de juntas de dilatación elastoméricas entrada y salida +/- 80 mm o similar | H70: m | I70: 24
C71: 45 | D71: 650.2 | E71: 650-13 | G71: Fabricación de estructura metálica | H71: kg | I71: 458145
C72: 46 | D72: 650.3 | E72: 650-13 | G72: Transporte de estructura metalica | H72: kg | I72: 458145
C73: 47 | D73: 650.4 | E73: 650-13 | G73: Montaje de estructura metálica | H73: kg | I73: 458145
C74: 48 | D74: 650.3P | F74: 650.3P | G74: Diseño, ejecución y análisis de prueba de carga | H74: gl | I74: 1
C75: 49 | D75: 661.1 | E75: 661-13 | G75: Tubería de Concreto Reforzado CLASE III, de 900mm de diámetro interior | H75: m | I75: 10
C76: 50 | D76: 663.3P | F76: 663.3P | G76: Tuberia para filtro PVC perforada diametro 100 mm | H76: m | I76: 344
C77: 51 | D77: 670.5P | F77: 670.5P | G77: Disipadores de energia en concreto clase 21 MPA Lmax=30m | H77: m | I77: 50
C78: 52 | D78: 671.1.1P | F78: 671.1.1P | G78: Cuneta de concreto vaciada insitu, no incluye la conformacion de la superficie de apoyo (concreto f´c 21 mpa) | H78: m3 | I78: 60
C79: 53 | D79: 671.3.1P | F79: 671.3.1P | G79: Cuneta de concreto vaciada in situ; incluye la conformación de la superficie de apoyo. (concreto f´c 21 mpa) | H79: m3 | I79: 180
C80: 54 | D80: 672.1 | E80: 672-13 | G80: Bordillos en concreto vaciado in situ, incluye la preparación de la superficie de apoyo | H80: m | I80: 60
C81: 55 | D81: 673.1 | E81: 673-13 | G81: Geotextil Tipo II no tejido | H81: m2 | I81: 6094
C82: 56 | D82: 673.2 | E82: 673-13 | G82: Material granular drenante | H82: m3 | I82: 1015
C83: 57 | D83: 673.3 | E83: 673-13 | G83: Material de cobertura tipo SBG | H83: m3 | I83: 20
C84: 58 | D84: 681.1 | E84: 681-13 | G84: Gaviones de malla de alambre de acero entrelazado clase 1: recubrimiento de zinc (galvanizado) | H84: m3 | I84: 50
C85: 59 | D85: 683.2 | E85: 683-13 | G85: Geomalla de refuerzo para muros de tierra estabilizada mecánicamente con geosintéticos | H85: m2 | I85: 1528
C86: 60 | D86: 683.5 | E86: 683-13 | G86: Relleno para muros de tierra estabilizada mecánicamente con geosintéticos | H86: m2 | I86: 825
C87: Subtotal
C88: SEÑALIZACIÓN Y SEGURIDAD
C89: 61 | D89: 1P | E89: Manual de Señalización Vial 2015 | G89: Suministro y aplicación de pintura en frío acrílica pura base agua para líneas de demarcación de pavimentos | H89: m | I89: 106613
C90: 62 | D90: 2P | E90: Manual de Señalización Vial 2015 | G90: Suministro y aplicación de pintura en frío acrílica pura base agua para marca Vial con pintura en frío | H90: m2 | I90: 10661
C91: 63 | D91: 4P | E91: Manual de Señalización Vial 2015 | G91: Suministro e instalación de tachas reflectiva bidireccionales | H91: u | I91: 3000
C92: 64 | D92: 5P | E92: Manual de Señalización Vial 2015 | G92: Suministro e instalación de señal vertical de transito sp, sr y si (75cm*75cm) con lamina acero galvanizado retroreflectiva | H92: u | I92: 180
C93: 65 | D93: 6P | E93: Manual de Señalización Vial 2015 | G93: Suministro e instalación de Señal delineador horizontal con lamina acero galvanizado retroreflectiva 60x 75 cm | H93: u | I93: 24
C94: 66 | D94: 730.1 | E94: 730-13 | G94: Defensa metalica | H94: m | I94: 450
C95: 67 | D95: 730.2 | E95: 730-13 | G95: Sección final | H95: u | I95: 900
C96: 68 | D96: 740.1 | E96: 740-13 | G96: Captafaros | H96: u | I96: 440
C97: Subtotal
C98: OBRAS VARIAS
C99: 69 | D99: 800.2 | E99: 800-13 | G99: Cerca de Alambre de Púas con postes de concreto | H99: m | I99: 240
C100: 70 | D100: 812.1 | E100: 812-13 | G100: Recubrimiento de Taludes con Malla y Mortero 1:4 de e= 10 cm | H100: m2 | I100: 2573
C101: Subtotal
C102: MANTENIMIENTO ESTRUCTURA EXISTENTE MARIANO OSPINA PEREZ
C103: 71 | D103: P1 | F103: P1 | G103: Limpieza y pintura de estructura metálica (Sand Blasting) | H103: m2 | I103: 1450
C104: 72 | D104: P3 | F104: P3 | G104: Suministro e instalación de puertos de inyección en adhesivo epóxico | H104: ml | I104: 297
C105: 73 | D105: P4 | F105: P4 | G105: Suministro e inyección de resina epóxica para sello de fisuras | H105: kg | I105: 107
C106: 74 | D106: P5 | F106: P5 | G106: Reparaciones de losa de piso con mortero Grout y Epóxico de adherencia espesor e = 2,5 cm | H106: m2 | I106: 857
C107: 75 | D107: P6 | F107: P6 | G107: Retiro de juntas existentes | H107: ml | I107: 24
C108: Subtotal
C109: TRANSPORTES
C110: 76 | D110: 900.1 | E110: 900-13 | G110: Transporte de materiales provenientes de la excavación de la explanación, canales y préstamos, entre cien metros(100 m) y mil metros(1.000 m) de distancia. | H110: m3-E | I110: 1987
C111: 77 | D111: 900.2 | E111: 900-13 | G111: Transporte de materiales provenientes de la excavación de la explanación, canales y préstamos para distancias mayores de mil metros (1000 m), medido a partir de cien metros (100 m) | H111: m3-km | I111: 611210
...

Sheet 200.2
K2: CÓDIGO | L2: MINFRA-MN-IN-10-FR-1
C3: INSTITUTO NACIONAL DE VIAS
C4: DIRECCION TECNICA | K4: VERSIÓN | L4: 2
C5: PROCESO GESTIÓN DE LA INFRAESTRUCTURA VIAL
C6: MANUAL DE INTERVENTORÍA OBRA PUBLICA | K6: PÁGINA | L6: 1 | M6: DE | N6: 1
C8: ANALISIS DE PRECIOS UNITARIOS
K10: FECHA | L10: DD | M10: MM | N10: AA
L11: XXX | M11: XXX | N11: XXX
B12: ITEMS DE LA PROPUESTA ECONÓMICA | H12: ITEMS NO PREVISTOS
B14: UNIDAD EJECUTORA: | D14: XXXXXXXXXX | I14: DIRECCIÓN TERRITORIAL: | J14: XXXXXXXXXX
B20: CONTRATO No. | D20: XXXXXXXXXX | G20: DE | H20: XXXXXXXXXX
B21: OBJETO DEL CONTRATO | D21: MEJORAMIENTO, REHABILITACION Y MANTENIMIENTO, GESTION PREDIAL, SOCIAL Y AMBIENTAL SOSTENIBLE DE LA CARRETERA CUCUTA-SARDINATA-OCAÑA-AGUACLARA, INCLUYE EL NUEVO PUENTE SOBRE EL RIO ZULIA, EN EL DEPARTAMENTO DE NORTE DE SANTANDER, EN MARCO DEL PROGRAMA DE OBRA PUBLICA "CONCLUIR Y CONCLUIR PARA LA REACTIVACIÓN DE LAS REGIONES"
B24: CONTRATISTA : | D24: XXXXXXXXXX
B26: INTERVENTOR | D26: XXXXXXXXXX
B28: GESTOR TECNICO DE CONTRATO | E28: XXXXXXXXXX
B30: FECHA CIERRE DE LICITACIÓN Y/O SELECCIÓN ABREVIADA | G30: XXXXXXXXXX
B32: DATOS ESPECÍFICOS
B34: ITEM | C34: DESCRIPCIÓN | L34: UNIDAD | N34: CANTIDAD
B35: 200.2 | C35: Desmonte y limpieza en zonas no boscosas | L35: Ha | N35: 7
B36: I. EQUIPO
B39: DESCRIPCIÓN | G39: MARCA | I39: TIPO | K39: TARIFA/HORA | L39: RENDIMIENTO | N39: Vr. UNITARIO
B40: GUADAÑADORA | K40: 7350 | L40: 0.09 | N40: 81666.667
B41: MOTOSIERRA | K41: 9660 | L41: 1 | N41: 9660
B42: HERRAMIENTA MENOR (10%MO) | N42: 47360
N43: 138686.67
B44: II. MATERIALES
B47: DESCRIPCIÓN | J47: UNIDAD | K47: CANTIDAD | L47: PRECIO UNIT. | N47: Vr. UNITARIO
B50: SUBTOTAL $ | N50: 0
B51: III. TRANSPORTES
B54: MATERIAL | I54: VOL. o PESO | J54: DISTANCIA | K54: M3 o Ton/Km | L54: TARIFA | N54: Vr. UNITARIO
B55: MATERIAL SOBRANTE | I55: 30 | J55: 10 | K55: 300 | L55: 904 | N55: 271200
B57: SUBTOTAL $ | N57: 271200
B58: IV. MANO DE OBRA
B61: TRABAJADOR | I61: JORNAL | J61: PRESTACIONES | K61: JORNAL TOTAL | L61: RENDIMIENTO | N61: Vr. UNITARIO
B62: OBRERO (4) | I62: 128000 | J62: 1.85 | K62: 236800 | L62: 0.5 | N62: 473600
B66: SUBTOTAL $ | N66: 473600
B68: TOTAL COSTO DIRECTO $ | N68: 883486.67
B69: V. COSTOS INDIRECTOS
B72: Descripción | K72: Porcentaje | L72: Valor Total
B73: ADMINISTRACION | K73: 0.2 | L73: 176697.33
B74: IMPREVISTOS | K74: 0.05 | L74: 44174.333
B75: UTILIDAD | K75: 0.05 | L75: 44174.333
B76: SUBTOTAL $ | N76: 265046
B78: Precio Unitario Total Aproximado al peso $ | N78: 1148533
G82: Firma
G83: Nombre:
G84: Representante Legal del Contratista o su Apoderado
G85: Matricula No. :
B87: OBSERVACIONES INTERVENTORÍA
B91: APROBACIÓN POR INTERVENTORÍA
B92: Nota 1: Cuando se trate de Análisis de precios unitarios correspondientes a ítems de la propuesta económica aprobada, el Interventor aprueba el desglose de los componentes manteniendo el mismo precio unitario de cada ítem, cumpliendo con las especificaciones de construcción vigentes para el proyecto.
B94: Nota 2: Cuando se trate de Análisis de precios unitarios de ítems no previstos, el Interventor aprueba el desglose y precio unitario de cada ítem no previsto, exigiendo la aplicación de los costos correspondientes a insumos y tarifas de la propuesta económica inicial cuando estén contemplados, cumpliendo con las especificaciones de construcción vigente para el proyecto.
G97: Firma
G98: Nombre:
G99: Representante Legal del Interventor o su Apoderado
G100: Matricula No. :
B101: Original: Archivo de Gestión del Contrato (Subdirección Administrativa).
B102: Copias: Unidad Ejecutora, Contratista, Interventor y Dirección Territorial.

Sheet 201.7
K2: CÓDIGO | L2: MINFRA-MN-IN-10-FR-1
C3: INSTITUTO NACIONAL DE VIAS
C4: DIRECCION TECNICA | K4: VERSIÓN | L4: 2
C5: PROCESO GESTIÓN DE LA INFRAESTRUCTURA VIAL
C6: MANUAL DE INTERVENTORÍA OBRA PUBLICA | K6: PÁGINA | L6: 1 | M6: DE | N6: 1
C8: ANALISIS DE PRECIOS UNITARIOS
K10: FECHA | L10: DD | M10: MM | N10: AA
L11: XXX | M11: XXX | N11: XXX
B12: ITEMS DE LA PROPUESTA ECONÓMICA | H12: ITEMS NO PREVISTOS
B13: UNIDAD EJECUTORA: | D13: XXXXXXXXXX | I13: DIRECCIÓN TERRITORIAL: | J13: XXXXXXXXXX
B19: CONTRATO No. | D19: XXXXXXXXXX | G19: DE | H19: XXXXXXXXXX
B20: OBJETO DEL CONTRATO | D20: MEJORAMIENTO, REHABILITACION Y MANTENIMIENTO, GESTION PREDIAL, SOCIAL Y AMBIENTAL SOSTENIBLE DE LA CARRETERA CUCUTA-SARDINATA-OCAÑA-AGUACLARA, INCLUYE EL NUEVO PUENTE SOBRE EL RIO ZULIA, EN EL DEPARTAMENTO DE NORTE DE SANTANDER, EN MARCO DEL PROGRAMA DE OBRA PUBLICA "CONCLUIR Y CONCLUIR PARA LA REACTIVACIÓN DE LAS REGIONES"
B23: CONTRATISTA : | D23: XXXXXXXXXX
B25: INTERVENTOR | D25: XXXXXXXXXX
B27: GESTOR TECNICO DE CONTRATO | E27: XXXXXXXXXX
B29: FECHA CIERRE DE LICITACIÓN Y/O SELECCIÓN ABREVIADA | G29: XXXXXXXXXX
B31: DATOS ESPECÍFICOS
B33: ITEM | C33: DESCRIPCIÓN | L33: UNIDAD | N33: CANTIDAD
B34: 201.7 | C34: Demolición de Estructuras | L34: m3 | N34: 5
B35: I. EQUIPO
B38: DESCRIPCIÓN | G38: MARCA | I38: TIPO | K38: TARIFA/HORA | L38: RENDIMIENTO | N38: Vr. UNITARIO
B39: COMPRESOR CON MARTILLO | K39: 102000 | L39: 2.5 | N39: 40800
B40: EQUIPO DE OXICORTE | K40: 17000 | L40: 2.5 | N40: 6800
B41: RETROEXCAVADORA | K41: 180000 | L41: 12 | N41: 15000
B42: HERRAMIENTA MENOR (10%MO) | N42: 888
N43: 63488
B44: II. MATERIALES
B47: DESCRIPCIÓN | J47: UNIDAD | K47: CANTIDAD | L47: PRECIO UNIT. | N47: Vr. UNITARIO
B48: DERECHOS DISPOSICION DE MATERIALES (INCLUYE CONFORMACIÓN Y COMPACTACIÓN DE SITIOS DE DISPOSICIÓN DE SOBRANTES) | J48: M3 | K48: 1.4 | L48: 1500 | N48: 2100
B50: SUBTOTAL $ | N50: 2100
B51: III. TRANSPORTES
B54: MATERIAL | I54: VOL. o PESO | J54: DISTANCIA | K54: M3 o Ton/Km | L54: TARIFA | N54: Vr. UNITARIO
B55: TRANSPORTE DE MATERIAL | I55: 1.4 | J55: 10 | K55: 14 | L55: 904 | N55: 12656
B57: SUBTOTAL $ | N57: 12656
B58: IV. MANO DE OBRA
B61: TRABAJADOR | I61: JORNAL | J61: PRESTACIONES | K61: JORNAL TOTAL | L61: RENDIMIENTO | N61: Vr. UNITARIO
B62: OBRERO (3) | I62: 96000 | J62: 1.85 | K62: 177600 | L62: 20 | N62: 8880
B66: SUBTOTAL $ | N66: 8880
B68: TOTAL COSTO DIRECTO $ | N68: 87124
B69: V. COSTOS INDIRECTOS
B72: Descripción | K72: Porcentaje | L72: Valor Total
B73: ADMINISTRACION | K73: 0.2 | L73: 17424.8
B74: IMPREVISTOS | K74: 0.05 | L74: 4356.2
B75: UTILIDAD | K75: 0.05 | L75: 4356.2
B76: SUBTOTAL $ | N76: 26137.2
B78: Precio Unitario Total Aproximado al peso $ | N78: 113261
G82: Firma
G83: Nombre:
G84: Representante Legal del Contratista o su Apoderado
G85: Matricula No. :
B87: OBSERVACIONES INTERVENTORÍA
B91: APROBACIÓN POR INTERVENTORÍA
B92: Nota 1: Cuando se trate de Análisis de precios unitarios correspondientes a ítems de la propuesta económica aprobada, el Interventor aprueba el desglose de los componentes manteniendo el mismo precio unitario de cada ítem, cumpliendo con las especificaciones de construcción vigentes para el proyecto.
B94: Nota 2: Cuando se trate de Análisis de precios unitarios de ítems no previstos, el Interventor aprueba el desglose y precio unitario de cada ítem no previsto, exigiendo la aplicación de los costos correspondientes a insumos y tarifas de la propuesta económica inicial cuando estén contemplados, cumpliendo con las especificaciones de construcción vigente para el proyecto.
G97: Firma
G98: Nombre:
G99: Representante Legal del Interventor o su Apoderado
G100: Matricula No. :
B101: Original: Archivo de Gestión del Contrato (Subdirección Administrativa).
B102: Copias: Unidad Ejecutora, Contratista, Interventor y Dirección Territorial.

Sheet 201.16
K2: CÓDIGO | L2: MINFRA-MN-IN-10-FR-1
C3: INSTITUTO NACIONAL DE VIAS
C4: DIRECCION TECNICA | K4: VERSIÓN | L4: 2
C5: PROCESO GESTIÓN DE LA INFRAESTRUCTURA VIAL
C6: MANUAL DE INTERVENTORÍA OBRA PUBLICA | K6: PÁGINA | L6: 1 | M6: DE | N6: 1
C8: ANALISIS DE PRECIOS UNITARIOS
K10: FECHA | L10: DD | M10: MM | N10: AA
L11: XXX | M11: XXX | N11: XXX
B12: ITEMS DE LA PROPUESTA ECONÓMICA | H12: ITEMS NO PREVISTOS
B13: UNIDAD EJECUTORA: | D13: XXXXXXXXXX | I13: DIRECCIÓN TERRITORIAL: | J13: XXXXXXXXXX
B19: CONTRATO No. | D19: XXXXXXXXXX | G19: DE | H19: XXXXXXXXXX
B20: OBJETO DEL CONTRATO | D20: MEJORAMIENTO, REHABILITACION Y MANTENIMIENTO, GESTION PREDIAL, SOCIAL Y AMBIENTAL SOSTENIBLE DE LA CARRETERA CUCUTA-SARDINATA-OCAÑA-AGUACLARA, INCLUYE EL NUEVO PUENTE SOBRE EL RIO ZULIA, EN EL DEPARTAMENTO DE NORTE DE SANTANDER, EN MARCO DEL PROGRAMA DE OBRA PUBLICA "CONCLUIR Y CONCLUIR PARA LA REACTIVACIÓN DE LAS REGIONES"
B23: CONTRATISTA : | D23: XXXXXXXXXX
B25: INTERVENTOR | D25: XXXXXXXXXX
B27: GESTOR TECNICO DE CONTRATO | E27: XXXXXXXXXX
B29: FECHA CIERRE DE LICITACIÓN Y/O SELECCIÓN ABREVIADA | G29: XXXXXXXXXX
B31: DATOS ESPECÍFICOS
B33: ITEM | C33: DESCRIPCIÓN | L33: UNIDAD | N33: CANTIDAD
B34: 201.16 | C34: Remoción de cercas de alambre | L34: m | N34: 240
B35: I. EQUIPO
B38: DESCRIPCIÓN | G38: MARCA | I38: TIPO | K38: TARIFA/HORA | L38: RENDIMIENTO | N38: Vr. UNITARIO
B39: HERRAMIENTAMENOR (10%MO) | N39: 296
N43: 296
B44: II. MATERIALES
B47: DESCRIPCIÓN | J47: UNIDAD | K47: CANTIDAD | L47: PRECIO UNIT. | N47: Vr. UNITARIO
L48: 0 | N48: 0
B50: SUBTOTAL $ | N50: 0
B51: III. TRANSPORTES
B54: MATERIAL | I54: VOL. o PESO | J54: DISTANCIA | K54: M3 o Ton/Km | L54: TARIFA | N54: Vr. UNITARIO
N55: 0
B57: SUBTOTAL $ | N57: 0
B58: IV. MANO DE OBRA
B61: TRABAJADOR | I61: JORNAL | J61: PRESTACIONES | K61: JORNAL TOTAL | L61: RENDIMIENTO | N61: Vr. UNITARIO
B62: OBRERO (4) | I62: 128000 | J62: 1.85 | K62: 236800 | L62: 80 | N62: 2960
B66: SUBTOTAL $ | N66: 2960
B68: TOTAL COSTO DIRECTO $ | N68: 3256
B69: V. COSTOS INDIRECTOS
B72: Descripción | K72: Porcentaje | L72: Valor Total
B73: ADMINISTRACION | K73: 0.2 | L73: 651.2
B74: IMPREVISTOS | K74: 0.05 | L74: 162.8
B75: UTILIDAD | K75: 0.05 | L75: 162.8
B76: SUBTOTAL $ | N76: 976.8
B78: Precio Unitario Total Aproximado al peso $ | N78: 4233
G82: Firma
G83: Nombre:
G84: Representante Legal del Contratista o su Apoderado
G85: Matricula No. :
B87: OBSERVACIONES INTERVENTORÍA
B91: APROBACIÓN POR INTERVENTORÍA
B92: Nota 1: Cuando se trate de Análisis de precios unitarios correspondientes a ítems de la propuesta económica aprobada, el Interventor aprueba el desglose de los componentes manteniendo el mismo precio unitario de cada ítem, cumpliendo con las especificaciones de construcción vigentes para el proyecto.
B94: Nota 2: Cuando se trate de Análisis de precios unitarios de ítems no previstos, el Interventor aprueba el desglose y precio unitario de cada ítem no previsto, exigiendo la aplicación de los costos correspondientes a insumos y tarifas de la propuesta económica inicial cuando estén contemplados, cumpliendo con las especificaciones de construcción vigente para el proyecto.
G97: Firma
G98: Nombre:
G99: Representante Legal del Interventor o su Apoderado
G100: Matricula No. :
B101: Original: Archivo de Gestión del Contrato (Subdirección Administrativa).
B102: Copias: Unidad Ejecutora, Contratista, Interventor y Dirección Territorial.

Sheet 210.2.1
K2: CÓDIGO | L2: MINFRA-MN-IN-10-FR-1
C3: INSTITUTO NACIONAL DE VIAS
C4: DIRECCION TECNICA | K4: VERSIÓN | L4: 2
C5: PROCESO GESTIÓN DE LA INFRAESTRUCTURA VIAL
C6: MANUAL DE INTERVENTORÍA OBRA PUBLICA | K6: PÁGINA | L6: 1 | M6: DE | N6: 1
C8: ANALISIS DE PRECIOS UNITARIOS
K10: FECHA | L10: DD | M10: MM | N10: AA
L11: XXX | M11: XXX | N11: XXX
B12: ITEMS DE LA PROPUESTA ECONÓMICA | H12: ITEMS NO PREVISTOS
B13: UNIDAD EJECUTORA: | D13: XXXXXXXXXX | I13: DIRECCIÓN TERRITORIAL: | J13: XXXXXXXXXX
B19: CONTRATO No. | D19: XXXXXXXXXX | G19: DE | H19: XXXXXXXXXX
B20: OBJETO DEL CONTRATO | D20: MEJORAMIENTO, REHABILITACION Y MANTENIMIENTO, GESTION PREDIAL, SOCIAL Y AMBIENTAL SOSTENIBLE DE LA CARRETERA CUCUTA-SARDINATA-OCAÑA-AGUACLARA, INCLUYE EL NUEVO PUENTE SOBRE EL RIO ZULIA, EN EL DEPARTAMENTO DE NORTE DE SANTANDER, EN MARCO DEL PROGRAMA DE OBRA PUBLICA "CONCLUIR Y CONCLUIR PARA LA REACTIVACIÓN DE LAS REGIONES"
B23: CONTRATISTA : | D23: XXXXXXXXXX
B25: INTERVENTOR | D25: XXXXXXXXXX
B27: GESTOR TECNICO DE CONTRATO | E27: XXXXXXXXXX
B29: FECHA CIERRE DE LICITACIÓN Y/O SELECCIÓN ABREVIADA | G29: XXXXXXXXXX
B31: DATOS ESPECÍFICOS
B33: ITEM | C33: DESCRIPCIÓN | L33: UNIDAD | N33: CANTIDAD
B34: 210.2.1 | C34: Excavación en roca de la explanación y canales | L34: m3 | N34: 9510
B35: I. EQUIPO
B38: DESCRIPCIÓN | G38: MARCA | I38: TIPO | K38: TARIFA/HORA | L38: RENDIMIENTO | N38: Vr. UNITARIO
B39: RETROEXCAVADORA | K39: 180000 | L39: 35 | N39: 5142.8571
B40: COMPRESOR CON MARTILLO | K40: 102000 | L40: 35 | N40: 2914.2857
B41: EQUIPO DE PERFORACION TRACKDRILL | K41: 176400 | L41: 35 | N41: 5040
B42: HERRAMIENTA MENOR (5%MO) | N42: 40.303571
N43: 13137.446
B44: II. MATERIALES
B45: II. MATERIALES
B47: DESCRIPCIÓN | J47: UNIDAD | K47: CANTIDAD | L47: PRECIO UNIT. | N47: Vr. UNITARIO
B48: CORDON DETONANTE | J48: ML | K48: 2 | L48: 2200 | N48: 4400
B49: EXPLOSIVOS 75% | J49: LB | K49: 0.4 | L49: 12000 | N49: 4800
B50: FULMINANTES | J50: U | K50: 0.5 | L50: 662 | N50: 331
B51: MECHA LENTA | J51: ML | K51: 0.5 | L51: 4000 | N51: 2000
B52: ESCOLTA Y TRANSPORTE | L52: 20755.8 | N52: 20755.8
B53: DERECHOS DISPOSICION DE MATERIALES (INCLUYE CONFORMACIÓN Y COMPACTACIÓN DE SITIOS DE DISPOSICIÓN DE SOBRANTES) | J53: M3 | K53: 1.4 | L53: 1500 | N53: 2100
B55: SUBTOTAL $ | N55: 34386.8
B56: III. TRANSPORTES
B57: III. TRANSPORTES
B59: MATERIAL | I59: VOL. o PESO | J59: DISTANCIA | K59: M3 o Ton/Km | L59: TARIFA | N59: Vr. UNITARIO
N60: 0
B62: SUBTOTAL $ | N62: 0
B63: IV. MANO DE OBRA
B64: IV. MANO DE OBRA
B66: TRABAJADOR | I66: JORNAL | J66: PRESTACIONES | K66: JORNAL TOTAL | L66: RENDIMIENTO | N66: Vr. UNITARIO
B67: OBRERO (2) | I67: 64000 | J67: 1.85 | K67: 118400 | L67: 280 | N67: 422.85714
B68: OFICIAL (1) | I68: 58000 | J68: 1.85 | K68: 107300 | L68: 280 | N68: 383.21429
B71: SUBTOTAL $ | N71: 806.07143
B73: TOTAL COSTO DIRECTO $ | N73: 48330.318
B74: V. COSTOS INDIRECTOS
B75: V. COSTOS INDIRECTOS
B77: Descripción | K77: Porcentaje | L77: Valor Total
B78: ADMINISTRACION | K78: 0.2 | L78: 9666.0636
B79: IMPREVISTOS | K79: 0.05 | L79: 2416.5159
B80: UTILIDAD | K80: 0.05 | L80: 2416.5159
B81: SUBTOTAL $ | N81: 14499.095
B83: Precio Unitario Total Aproximado al peso $ | N83: 62829
G87: Firma
G88: Nombre:
G89: Representante Legal del Contratista o su Apoderado
G90: Matricula No. :
B92: OBSERVACIONES INTERVENTORÍA
B96: APROBACIÓN POR INTERVENTORÍA
B97: Nota 1: Cuando se trate de Análisis de precios unitarios correspondientes a ítems de la propuesta económica aprobada, el Interventor aprueba el desglose de los componentes manteniendo el mismo precio unitario de cada ítem, cumpliendo con las especificaciones de construcción vigentes para el proyecto.
B99: Nota 2: Cuando se trate de Análisis de precios unitarios de ítems no previstos, el Interventor aprueba el desglose y precio unitario de cada ítem no previsto, exigiendo la aplicación de los costos correspondientes a insumos y tarifas de la propuesta económica inicial cuando estén contemplados, cumpliendo con las especificaciones de construcción vigente para el proyecto.
G102: Firma
G103: Nombre:
G104: Representante Legal del Interventor o su Apoderado
G105: Matricula No. :
B106: Original: Archivo de Gestión del Contrato (Subdirección Administrativa).
B107: Copias: Unidad Ejecutora, Contratista, Interventor y Dirección Territorial.

Sheet 210.2.2
K2: CÓDIGO | L2: MINFRA-MN-IN-10-FR-1
C3: INSTITUTO NACIONAL DE VIAS
C4: DIRECCION TECNICA | K4: VERSIÓN | L4: 2
C5: PROCESO GESTIÓN DE LA INFRAESTRUCTURA VIAL
C6: MANUAL DE INTERVENTORÍA OBRA PUBLICA | K6: PÁGINA | L6: 1 | M6: DE | N6: 1
C8: ANALISIS DE PRECIOS UNITARIOS
K10: FECHA | L10: DD | M10: MM | N10: AA
L11: XXX | M11: XXX | N11: XXX
B12: ITEMS DE LA PROPUESTA ECONÓMICA | H12: ITEMS NO PREVISTOS
B13: UNIDAD EJECUTORA: | D13: XXXXXXXXXX | I13: DIRECCIÓN TERRITORIAL: | J13: XXXXXXXXXX
B19: CONTRATO No. | D19: XXXXXXXXXX | G19: DE | H19: XXXXXXXXXX
B20: OBJETO DEL CONTRATO | D20: MEJORAMIENTO, REHABILITACION Y MANTENIMIENTO, GESTION PREDIAL, SOCIAL Y AMBIENTAL SOSTENIBLE DE LA CARRETERA CUCUTA-SARDINATA-OCAÑA-AGUACLARA, INCLUYE EL NUEVO PUENTE SOBRE EL RIO ZULIA, EN EL DEPARTAMENTO DE NORTE DE SANTANDER, EN MARCO DEL PROGRAMA DE OBRA PUBLICA "CONCLUIR Y CONCLUIR PARA LA REACTIVACIÓN DE LAS REGIONES"
B23: CONTRATISTA : | D23: XXXXXXXXXX
B25: INTERVENTOR | D25: XXXXXXXXXX
B27: GESTOR TECNICO DE CONTRATO | E27: XXXXXXXXXX
B29: FECHA CIERRE DE LICITACIÓN Y/O SELECCIÓN ABREVIADA | G29: XXXXXXXXXX
B31: DATOS ESPECÍFICOS
B33: ITEM | C33: DESCRIPCIÓN | K33: GRUPO DE AJUSTE | L33: UNIDAD | N33: CANTIDAD
B34: 210.2.2 | C34: Excavaciones en material común de la Explanación y Canales | L34: m3 | N34: 16127
B35: I. EQUIPO
B36: I. EQUIPO
B38: DESCRIPCIÓN | G38: MARCA | I38: TIPO | K38: TARIFA/HORA | L38: RENDIMIENTO | N38: Vr. UNITARIO
B39: RETROEXCAVADORA | K39: 180000 | L39: 50 | N39: 3600
B40: BULDOZER | K40: 150000 | L40: 65 | N40: 2307.6923
B41: HERRAMIENTA MENOR (5%MO) | N41: 14.8
N44: 5922.4923
B45: II. MATERIALES
B46: II. MATERIALES
B48: DESCRIPCIÓN | J48: UNIDAD | K48: CANTIDAD | L48: PRECIO UNIT. | N48: Vr. UNITARIO
B49: DERECHOS DISPOSICION DE MATERIALES (INCLUYE CONFORMACIÓN Y COMPACTACIÓN DE SITIOS DE DISPOSICIÓN DE SOBRANTES) | J49: M3 | K49: 1.3 | L49: 1500 | N49: 1950
B54: SUBTOTAL $ | N54: 1950
B55: III. TRANSPORTES
B56: III. TRANSPORTES
B58: MATERIAL | I58: VOL. o PESO | J58: DISTANCIA | K58: M3 o Ton/Km | L58: TARIFA | N58: Vr. UNITARIO
N59: 0
B61: SUBTOTAL $ | N61: 0
B62: IV. MANO DE OBRA
B63: IV. MANO DE OBRA
B65: TRABAJADOR | I65: JORNAL | J65: PRESTACIONES | K65: JORNAL TOTAL | L65: RENDIMIENTO | N65: Vr. UNITARIO
B66: OBRERO (2) | I66: 64000 | J66: 1.85 | K66: 118400 | L66: 400 | N66: 296
B70: SUBTOTAL $ | N70: 296
B72: TOTAL COSTO DIRECTO $ | N72: 8168.4923
B73: V. COSTOS INDIRECTOS
B74: V. COSTOS INDIRECTOS
B76: Descripción | K76: Porcentaje | L76: Valor Total
B77: ADMINISTRACION | K77: 0.2 | L77: 1633.6985
B78: IMPREVISTOS | K78: 0.05 | L78: 408.42462
B79: UTILIDAD | K79: 0.05 | L79: 408.42462
B80: SUBTOTAL $ | N80: 2450.5477
B82: Precio Unitario Total Aproximado al peso $ | N82: 10619
G86: Firma
G87: Nombre:
G88: Representante Legal del Contratista o su Apoderado
G89: Matricula No. :
B91: OBSERVACIONES INTERVENTORÍA
B95: APROBACIÓN POR INTERVENTORÍA
B96: Nota 1: Cuando se trate de Análisis de precios unitarios correspondientes a ítems de la propuesta económica aprobada, el Interventor aprueba el desglose de los componentes manteniendo el mismo precio unitario de cada ítem, cumpliendo con las especificaciones de construcción vigentes para el proyecto.
B98: Nota 2: Cuando se trate de Análisis de precios unitarios de ítems no previstos, el Interventor aprueba el desglose y precio unitario de cada ítem no previsto, exigiendo la aplicación de los costos correspondientes a insumos y tarifas de la propuesta económica inicial cuando estén contemplados, cumpliendo con las especificaciones de construcción vigente para el proyecto.
G101: Firma
G102: Nombre:
G103: Representante Legal del Interventor o su Apoderado
G104: Matricula No. :
B105: Original: Archivo de Gestión del Contrato (Subdirección Administrativa).
B106: Copias: Unidad Ejecutora, Contratista, Interventor y Dirección Territorial.

Sheet 211.1
K2: CÓDIGO | L2: MINFRA-MN-IN-10-FR-1
C3: INSTITUTO NACIONAL DE VIAS
C4: DIRECCION TECNICA | K4: VERSIÓN | L4: 2
C5: PROCESO GESTIÓN DE LA INFRAESTRUCTURA VIAL
C6: MANUAL DE INTERVENTORÍA OBRA PUBLICA | K6: PÁGINA | L6: 1 | M6: DE | N6: 1
C8: ANALISIS DE PRECIOS UNITARIOS
K10: FECHA | L10: DD | M10: MM | N10: AA
L11: XXX | M11: XXX | N11: XXX
B12: ITEMS DE LA PROPUESTA ECONÓMICA | H12: ITEMS NO PREVISTOS
B13: UNIDAD EJECUTORA: | D13: XXXXXXXXXX | I13: DIRECCIÓN TERRITORIAL: | J13: XXXXXXXXXX
B19: CONTRATO No. | D19: XXXXXXXXXX | G19: DE | H19: XXXXXXXXXX
B20: OBJETO DEL CONTRATO | D20: MEJORAMIENTO, REHABILITACION Y MANTENIMIENTO, GESTION PREDIAL, SOCIAL Y AMBIENTAL SOSTENIBLE DE LA CARRETERA CUCUTA-SARDINATA-OCAÑA-AGUACLARA, INCLUYE EL NUEVO PUENTE SOBRE EL RIO ZULIA, EN EL DEPARTAMENTO DE NORTE DE SANTANDER, EN MARCO DEL PROGRAMA DE OBRA PUBLICA "CONCLUIR Y CONCLUIR PARA LA REACTIVACIÓN DE LAS REGIONES"
B23: CONTRATISTA : | D23: XXXXXXXXXX
B25: INTERVENTOR | D25: XXXXXXXXXX
B27: GESTOR TECNICO DE CONTRATO | E27: XXXXXXXXXX
B29: FECHA CIERRE DE LICITACIÓN Y/O SELECCIÓN ABREVIADA | G29: XXXXXXXXXX
B31: DATOS ESPECÍFICOS
B33: ITEM | C33: DESCRIPCIÓN | K33: GRUPO DE AJUSTE | L33: UNIDAD | N33: CANTIDAD
B34: 211.1 | C34: Remoción de Derrumbes | L34: m3 | N34: 6700
B35: I. EQUIPO
B36: I. EQUIPO
B38: DESCRIPCIÓN | G38: MARCA | I38: TIPO | K38: TARIFA/HORA | L38: RENDIMIENTO | N38: Vr. UNITARIO
B39: CARGADOR | K39: 150000 | L39: 30 | N39: 5000
B40: HERRAMIENTA MENOR (5%MO) | N40: 24.666667
N43: 5024.6667
B44: II. MATERIALES
B45: II. MATERIALES
B47: DESCRIPCIÓN | J47: UNIDAD | K47: CANTIDAD | L47: PRECIO UNIT. | N47: Vr. UNITARIO
B48: DERECHOS DISPOSICION DE MATERIALES (INCLUYE CONFORMACIÓN Y COMPACTACIÓN DE SITIOS DE DISPOSICIÓN DE SOBRANTES) | J48: M3 | K48: 1.3 | L48: 1500 | N48: 1950
B53: SUBTOTAL $ | N53: 1950
B54: III. TRANSPORTES
B55: III. TRANSPORTES
B57: MATERIAL | I57: VOL. o PESO | J57: DISTANCIA | K57: M3 o Ton/Km | L57: TARIFA | N57: Vr. UNITARIO
N58: 0
B60: SUBTOTAL $ | N60: 0
B61: IV. MANO DE OBRA
B62: IV. MANO DE OBRA
B64: TRABAJADOR | I64: JORNAL | J64: PRESTACIONES | K64: JORNAL TOTAL | L64: RENDIMIENTO | N64: Vr. UNITARIO
B65: OBRERO (2) | I65: 64000 | J65: 1.85 | K65: 118400 | L65: 240 | N65: 493.33333
B69: SUBTOTAL $ | N69: 493.33333
B71: TOTAL COSTO DIRECTO $ | N71: 7468
B72: V. COSTOS INDIRECTOS
B73: V. COSTOS INDIRECTOS
B75: Descripción | K75: Porcentaje | L75: Valor Total
B76: ADMINISTRACION | K76: 0.2 | L76: 1493.6
B77: IMPREVISTOS | K77: 0.05 | L77: 373.4
B78: UTILIDAD | K78: 0.05 | L78: 373.4
B79: SUBTOTAL $ | N79: 2240.4
B81: Precio Unitario Total Aproximado al peso $ | N81: 9708
G85: Firma
G86: Nombre:
G87: Representante Legal del Contratista o su Apoderado
G88: Matricula No. :
B90: OBSERVACIONES INTERVENTORÍA
B94: APROBACIÓN POR INTERVENTORÍA
B95: Nota 1: Cuando se trate de Análisis de precios unitarios correspondientes a ítems de la propuesta económica aprobada, el Interventor aprueba el desglose de los componentes manteniendo el mismo precio unitario de cada ítem, cumpliendo con las especificaciones de construcción vigentes para el proyecto.
B97: Nota 2: Cuando se trate de Análisis de precios unitarios de ítems no previstos, el Interventor aprueba el desglose y precio unitario de cada ítem no previsto, exigiendo la aplicación de los costos correspondientes a insumos y tarifas de la propuesta económica inicial cuando estén contemplados, cumpliendo con las especificaciones de construcción vigente para el proyecto.
G100: Firma
G101: Nombre:
G102: Representante Legal del Interventor o su Apoderado
G103: Matricula No. :
B104: Original: Archivo de Gestión del Contrato (Subdirección Administrativa).
B105: Copias: Unidad Ejecutora, Contratista, Interventor y Dirección Territorial.

Sheet 220.1
K2: CÓDIGO | L2: MINFRA-MN-IN-10-FR-1
C3: INSTITUTO NACIONAL DE VIAS
C4: DIRECCION TECNICA | K4: VERSIÓN | L4: 2
C5: PROCESO GESTIÓN DE LA INFRAESTRUCTURA VIAL
C6: MANUAL DE INTERVENTORÍA OBRA PUBLICA | K6: PÁGINA | L6: 1 | M6: DE | N6: 1
C8: ANALISIS DE PRECIOS UNITARIOS
K10: FECHA | L10: DD | M10: MM | N10: AA
L11: XXX | M11: XXX | N11: XXX
B12: ITEMS DE LA PROPUESTA ECONÓMICA | H12: ITEMS NO PREVISTOS
B13: UNIDAD EJECUTORA: | D13: XXXXXXXXXX | I13: DIRECCIÓN TERRITORIAL: | J13: XXXXXXXXXX
B19: CONTRATO No. | D19: XXXXXXXXXX | G19: DE | H19: XXXXXXXXXX
B20: OBJETO DEL CONTRATO | D20: MEJORAMIENTO, REHABILITACION Y MANTENIMIENTO, GESTION PREDIAL, SOCIAL Y AMBIENTAL SOSTENIBLE DE LA CARRETERA CUCUTA-SARDINATA-OCAÑA-AGUACLARA, INCLUYE EL NUEVO PUENTE SOBRE EL RIO ZULIA, EN EL DEPARTAMENTO DE NORTE DE SANTANDER, EN MARCO DEL PROGRAMA DE OBRA PUBLICA "CONCLUIR Y CONCLUIR PARA LA REACTIVACIÓN DE LAS REGIONES"
B23: CONTRATISTA : | D23: XXXXXXXXXX
B25: INTERVENTOR | D25: XXXXXXXXXX
B27: GESTOR TECNICO DE CONTRATO | E27: XXXXXXXXXX
B29: FECHA CIERRE DE LICITACIÓN Y/O SELECCIÓN ABREVIADA | G29: XXXXXXXXXX
B31: DATOS ESPECÍFICOS
B33: ITEM | C33: DESCRIPCIÓN | K33: GRUPO DE AJUSTE | L33: UNIDAD | N33: CANTIDAD
B34: 220.1 | C34: Terraplenes | L34: m3 | N34: 1183
B35: I. EQUIPO
B36: I. EQUIPO
B38: DESCRIPCIÓN | G38: MARCA | I38: TIPO | K38: TARIFA/HORA | L38: RENDIMIENTO | N38: Vr. UNITARIO
B39: CARROTANQUE DE AGUA 1000 LITROS | K39: 88000 | L39: 40 | N39: 2200
B40: MOTONIVELADORA | K40: 190000 | L40: 40 | N40: 4750
B41: VIBROCOMPACTADOR | K41: 110000 | L41: 40 | N41: 2750
N43: 9700
B44: II. MATERIALES
B45: II. MATERIALES
B47: DESCRIPCIÓN | J47: UNIDAD | K47: CANTIDAD | L47: PRECIO UNIT. | N47: Vr. UNITARIO
B53: SUBTOTAL $ | N53: 0
B54: III. TRANSPORTES
B55: III. TRANSPORTES
B57: MATERIAL | I57: VOL. o PESO | J57: DISTANCIA | K57: M3 o Ton/Km | L57: TARIFA | N57: Vr. UNITARIO
N58: 0
B60: SUBTOTAL $ | N60: 0
B61: IV. MANO DE OBRA
B62: IV. MANO DE OBRA
B64: TRABAJADOR | I64: JORNAL | J64: PRESTACIONES | K64: JORNAL TOTAL | L64: RENDIMIENTO | N64: Vr. UNITARIO
B65: OBRERO (2) | I65: 64000 | J65: 1.85 | K65: 118400 | L65: 320 | N65: 370
B69: SUBTOTAL $ | N69: 370
B71: TOTAL COSTO DIRECTO $ | N71: 10070
B72: V. COSTOS INDIRECTOS
B73: V. COSTOS INDIRECTOS
B75: Descripción | K75: Porcentaje | L75: Valor Total
B76: ADMINISTRACION | K76: 0.2 | L76: 2014
B77: IMPREVISTOS | K77: 0.05 | L77: 503.5
B78: UTILIDAD | K78: 0.05 | L78: 503.5
B79: SUBTOTAL $ | N79: 3021
B81: Precio Unitario Total Aproximado al peso $ | N81: 13091
G85: Firma
G86: Nombre:
G87: Representante Legal del Contratista o su Apoderado
G88: Matricula No. :
B90: OBSERVACIONES INTERVENTORÍA
B94: APROBACIÓN POR INTERVENTORÍA
B95: Nota 1: Cuando se trate de Análisis de precios unitarios correspondientes a ítems de la propuesta económica aprobada, el Interventor aprueba el desglose de los componentes manteniendo el mismo precio unitario de cada ítem, cumpliendo con las especificaciones de construcción vigentes para el proyecto.
B97: Nota 2: Cuando se trate de Análisis de precios unitarios de ítems no previstos, el Interventor aprueba el desglose y precio unitario de cada ítem no previsto, exigiendo la aplicación de los costos correspondientes a insumos y tarifas de la propuesta económica inicial cuando estén contemplados, cumpliendo con las especificaciones de construcción vigente para el proyecto.
G100: Firma
G101: Nombre:
G102: Representante Legal del Interventor o su Apoderado
G103: Matricula No. :
B104: Original: Archivo de Gestión del Contrato (Subdirección Administrativa).
B105: Copias: Unidad Ejecutora, Contratista, Interventor y Dirección Territorial.

Sheet 230.1P
K2: CÓDIGO | L2: MINFRA-MN-IN-10-FR-1
C3: INSTITUTO NACIONAL DE VIAS
C4: DIRECCION TECNICA | K4: VERSIÓN | L4: 2
C5: PROCESO GESTIÓN DE LA INFRAESTRUCTURA VIAL
C6: MANUAL DE INTERVENTORÍA OBRA PUBLICA | K6: PÁGINA | L6: 1 | M6: DE | N6: 1
C8: ANALISIS DE PRECIOS UNITARIOS
K10: FECHA | L10: DD | M10: MM | N10: AA
L11: XXX | M11: XXX | N11: XXX
B12: ITEMS DE LA PROPUESTA ECONÓMICA | H12: ITEMS NO PREVISTOS
B13: UNIDAD EJECUTORA: | D13: XXXXXXXXXX | I13: DIRECCIÓN TERRITORIAL: | J13: XXXXXXXXXX
B19: CONTRATO No. | D19: XXXXXXXXXX | G19: DE | H19: XXXXXXXXXX
B20: OBJETO DEL CONTRATO | D20: MEJORAMIENTO, REHABILITACION Y MANTENIMIENTO, GESTION PREDIAL, SOCIAL Y AMBIENTAL SOSTENIBLE DE LA CARRETERA CUCUTA-SARDINATA-OCAÑA-AGUACLARA, INCLUYE EL NUEVO PUENTE SOBRE EL RIO ZULIA, EN EL DEPARTAMENTO DE NORTE DE SANTANDER, EN MARCO DEL PROGRAMA DE OBRA PUBLICA "CONCLUIR Y CONCLUIR PARA LA REACTIVACIÓN DE LAS REGIONES"
B23: CONTRATISTA : | D23: XXXXXXXXXX
B25: INTERVENTOR | D25: XXXXXXXXXX
B27: GESTOR TECNICO DE CONTRATO | E27: XXXXXXXXXX
B29: FECHA CIERRE DE LICITACIÓN Y/O SELECCIÓN ABREVIADA | G29: XXXXXXXXXX
B31: DATOS ESPECÍFICOS
B33: ITEM | C33: DESCRIPCIÓN | K33: GRUPO DE AJUSTE | L33: UNIDAD | N33: CANTIDAD
B34: 230.1P | C34: Mejoramiento de la subrasante con adición de materiales | L34: m3 | N34: 5136
B35: I. EQUIPO
B36: I. EQUIPO
B38: DESCRIPCIÓN | G38: MARCA | I38: TIPO | K38: TARIFA/HORA | L38: RENDIMIENTO | N38: Vr. UNITARIO
B39: MOTONIVELADORA | K39: 190000 | L39: 50 | N39: 3800
B40: VIBROCOMPACTADOR | K40: 110000 | L40: 50 | N40: 2200
B41: CARROTANQUE DE AGUA 1000 LITROS | K41: 88000 | L41: 50 | N41: 1760
N43: 7760
B44: II. MATERIALES
B45: II. MATERIALES
B47: DESCRIPCIÓN | J47: UNIDAD | K47: CANTIDAD | L47: PRECIO UNIT. | N47: Vr. UNITARIO
B53: SUBTOTAL $ | N53: 0
B54: III. TRANSPORTES
B55: III. TRANSPORTES
B57: MATERIAL | I57: VOL. o PESO | J57: DISTANCIA | K57: M3 o Ton/Km | L57: TARIFA | N57: Vr. UNITARIO
N58: 0
B60: SUBTOTAL $ | N60: 0
B61: IV. MANO DE OBRA
B62: IV. MANO DE OBRA
B64: TRABAJADOR | I64: JORNAL | J64: PRESTACIONES | K64: JORNAL TOTAL | L64: RENDIMIENTO | N64: Vr. UNITARIO
B65: OBRERO (3) | I65: 96000 | J65: 1.85 | K65: 177600 | L65: 800 | N65: 222
B69: SUBTOTAL $ | N69: 222
B71: TOTAL COSTO DIRECTO $ | N71: 7982
B72: V. COSTOS INDIRECTOS
B73: V. COSTOS INDIRECTOS
B75: Descripción | K75: Porcentaje | L75: Valor Total
B76: ADMINISTRACION | K76: 0.2 | L76: 1596.4
B77: IMPREVISTOS | K77: 0.05 | L77: 399.1
B78: UTILIDAD | K78: 0.05 | L78: 399.1
B79: SUBTOTAL $ | N79: 2394.6
B81: Precio Unitario Total Aproximado al peso $ | N81: 10377
G85: Firma
G86: Nombre:
G87: Representante Legal del Contratista o su Apoderado
G88: Matricula No. :
B90: OBSERVACIONES INTERVENTORÍA
B94: APROBACIÓN POR INTERVENTORÍA
B95: Nota 1: Cuando se trate de Análisis de precios unitarios correspondientes a ítems de la propuesta económica aprobada, el Interventor aprueba el desglose de los componentes manteniendo el mismo precio unitario de cada ítem, cumpliendo con las especificaciones de construcción vigentes para el proyecto.
B97: Nota 2: Cuando se trate de Análisis de precios unitarios de ítems no previstos, el Interventor aprueba el desglose y precio unitario de cada ítem no previsto, exigiendo la aplicación de los costos correspondientes a insumos y tarifas de la propuesta económica inicial cuando estén contemplados, cumpliendo con las especificaciones de construcción vigente para el proyecto.
G100: Firma
G101: Nombre:
G102: Representante Legal del Interventor o su Apoderado
G103: Matricula No. :
B104: Original: Archivo de Gestión del Contrato (Subdirección Administrativa).
B105: Copias: Unidad Ejecutora, Contratista, Interventor y Dirección Territorial.

Sheet 231.1P
K2: CÓDIGO | L2: MINFRA-MN-IN-10-FR-1
C3: INSTITUTO NACIONAL DE VIAS
C4: DIRECCION TECNICA | K4: VERSIÓN | L4: 2
C5: PROCESO GESTIÓN DE LA INFRAESTRUCTURA VIAL
C6: MANUAL DE INTERVENTORÍA OBRA PUBLICA | K6: PÁGINA | L6: 1 | M6: DE | N6: 1
C8: ANALISIS DE PRECIOS UNITARIOS
K10: FECHA | L10: DD | M10: MM | N10: AA
L11: XXX | M11: XXX | N11: XXX
B12: ITEMS DE LA PROPUESTA ECONÓMICA | H12: ITEMS NO PREVISTOS
B13: UNIDAD EJECUTORA: | D13: XXXXXXXXXX | I13: DIRECCIÓN TERRITORIAL: | J13: XXXXXXXXXX
B19: CONTRATO No. | D19: XXXXXXXXXX | G19: DE | H19: XXXXXXXXXX
B20: OBJETO DEL CONTRATO | D20: MEJORAMIENTO, REHABILITACION Y MANTENIMIENTO, GESTION PREDIAL, SOCIAL Y AMBIENTAL SOSTENIBLE DE LA CARRETERA CUCUTA-SARDINATA-OCAÑA-AGUACLARA, INCLUYE EL NUEVO PUENTE SOBRE EL RIO ZULIA, EN EL DEPARTAMENTO DE NORTE DE SANTANDER, EN MARCO DEL PROGRAMA DE OBRA PUBLICA "CONCLUIR Y CONCLUIR PARA LA REACTIVACIÓN DE LAS REGIONES"
B23: CONTRATISTA : | D23: XXXXXXXXXX
B25: INTERVENTOR | D25: XXXXXXXXXX
B27: GESTOR TECNICO DE CONTRATO | E27: XXXXXXXXXX
B29: FECHA CIERRE DE LICITACIÓN Y/O SELECCIÓN ABREVIADA | G29: XXXXXXXXXX
B31: DATOS ESPECÍFICOS
B33: ITEM | C33: DESCRIPCIÓN | K33: GRUPO DE AJUSTE | L33: UNIDAD | N33: CANTIDAD
B34: 231.1P | C34: Material para mejoramiento de Subrasante (no incluye transporte) (compacto) | L34: m3 | N34: 5136
B35: I. EQUIPO
B38: DESCRIPCIÓN | G38: MARCA | I38: TIPO | K38: TARIFA/HORA | L38: RENDIMIENTO | N38: Vr. UNITARIO
B42: SUBTOTAL $ | N42: 0
B43: II. MATERIALES
B46: DESCRIPCIÓN | J46: UNIDAD | K46: CANTIDAD | L46: PRECIO UNIT. | N46: Vr. UNITARIO
B47: Material para mejoramiento de sub rasante taño maximo 4" (crudo de rio) | J47: M3 | K47: 1.3 | L47: 20000 | N47: 26000
B49: SUBTOTAL $ | N49: 26000
B50: III. TRANSPORTES
B53: MATERIAL | I53: VOL. o PESO | J53: DISTANCIA | K53: M3 o Ton/Km | L53: TARIFA | N53: Vr. UNITARIO
B56: SUBTOTAL $ | N56: 0
B57: IV. MANO DE OBRA
B60: TRABAJADOR | I60: JORNAL | J60: PRESTACIONES | K60: JORNAL TOTAL | L60: RENDIMIENTO | N60: Vr. UNITARIO
B61: OBREROS (2) | I61: 64000 | J61: 1.85 | K61: 118400 | L61: 400 | N61: 296
B65: SUBTOTAL $ | N65: 296
B67: TOTAL COSTO DIRECTO $ | N67: 26296
B68: V. COSTOS INDIRECTOS
B71: Descripción | K71: Porcentaje | L71: Valor Total
B72: ADMINISTRACION | K72: 0.2 | L72: 5259.2
B73: IMPREVISTOS | K73: 0.05 | L73: 1314.8
B74: UTILIDAD | K74: 0.05 | L74: 1314.8
B75: SUBTOTAL $ | N75: 7888.8
B77: Precio Unitario Total Aproximado al peso $ | N77: 34185
G81: Firma
G82: Nombre:
G83: Representante Legal del Contratista o su Apoderado
G84: Matricula No. :
B86: OBSERVACIONES INTERVENTORÍA
B90: APROBACIÓN POR INTERVENTORÍA
B91: Nota 1: Cuando se trate de Análisis de precios unitarios correspondientes a ítems de la propuesta económica aprobada, el Interventor aprueba el desglose de los componentes manteniendo el mismo precio unitario de cada ítem, cumpliendo con las especificaciones de construcción vigentes para el proyecto.
B93: Nota 2: Cuando se trate de Análisis de precios unitarios de ítems no previstos, el Interventor aprueba el desglose y precio unitario de cada ítem no previsto, exigiendo la aplicación de los costos correspondientes a insumos y tarifas de la propuesta económica inicial cuando estén contemplados, cumpliendo con las especificaciones de construcción vigente para el proyecto.
G96: Firma
G97: Nombre:
G98: Representante Legal del Interventor o su Apoderado
G99: Matricula No. :
B100: Original: Archivo de Gestión del Contrato (Subdirección Administrativa).
B101: Copias: Unidad Ejecutora, Contratista, Interventor y Dirección Territorial.

Sheet 231.1
K2: CÓDIGO | L2: MINFRA-MN-IN-10-FR-1
C3: INSTITUTO NACIONAL DE VIAS
C4: DIRECCION TECNICA | K4: VERSIÓN | L4: 2
C5: PROCESO GESTIÓN DE LA INFRAESTRUCTURA VIAL
C6: MANUAL DE INTERVENTORÍA OBRA PUBLICA | K6: PÁGINA | L6: 1 | M6: DE | N6: 1
C8: ANALISIS DE PRECIOS UNITARIOS
K10: FECHA | L10: DD | M10: MM | N10: AA
L11: XXX | M11: XXX | N11: XXX
B12: ITEMS DE LA PROPUESTA ECONÓMICA | H12: ITEMS NO PREVISTOS
B13: UNIDAD EJECUTORA: | D13: XXXXXXXXXX | I13: DIRECCIÓN TERRITORIAL: | J13: XXXXXXXXXX
B19: CONTRATO No. | D19: XXXXXXXXXX | G19: DE | H19: XXXXXXXXXX
B20: OBJETO DEL CONTRATO | D20: MEJORAMIENTO, REHABILITACION Y MANTENIMIENTO, GESTION PREDIAL, SOCIAL Y AMBIENTAL SOSTENIBLE DE LA CARRETERA CUCUTA-SARDINATA-OCAÑA-AGUACLARA, INCLUYE EL NUEVO PUENTE SOBRE EL RIO ZULIA, EN EL DEPARTAMENTO DE NORTE DE SANTANDER, EN MARCO DEL PROGRAMA DE OBRA PUBLICA "CONCLUIR Y CONCLUIR PARA LA REACTIVACIÓN DE LAS REGIONES"
B23: CONTRATISTA : | D23: XXXXXXXXXX
B25: INTERVENTOR | D25: XXXXXXXXXX
B27: GESTOR TECNICO DE CONTRATO | E27: XXXXXXXXXX
B29: FECHA CIERRE DE LICITACIÓN Y/O SELECCIÓN ABREVIADA | G29: XXXXXXXXXX
B31: DATOS ESPECÍFICOS
B33: ITEM | C33: DESCRIPCIÓN | K33: GRUPO DE AJUSTE | L33: UNIDAD | N33: CANTIDAD
B34: 231.1 | C34: Geotextil para separación de suelos de subrasante y capas granulares | L34: m2 | N34: 2000
B35: I. EQUIPO
B36: I. EQUIPO
B38: DESCRIPCIÓN | G38: MARCA | I38: TIPO | K38: TARIFA/HORA | L38: RENDIMIENTO | N38: Vr. UNITARIO
B39: HERRAMIENTA MENOR (5%MO) | N39: 37.616667
N43: 37.616667
B44: II. MATERIALES
B45: II. MATERIALES
B47: DESCRIPCIÓN | J47: UNIDAD | K47: CANTIDAD | L47: PRECIO UNIT. | N47: Vr. UNITARIO
B48: GEOTEXTIL | J48: M2 | K48: 1.1 | L48: 4500 | N48: 4950
B53: SUBTOTAL $ | N53: 4950
B54: III. TRANSPORTES
B55: III. TRANSPORTES
B57: MATERIAL | I57: VOL. o PESO | J57: DISTANCIA | K57: M3 o Ton/Km | L57: TARIFA | N57: Vr. UNITARIO
N58: 0
B60: SUBTOTAL $ | N60: 0
B61: IV. MANO DE OBRA
B62: IV. MANO DE OBRA
B64: TRABAJADOR | I64: JORNAL | J64: PRESTACIONES | K64: JORNAL TOTAL | L64: RENDIMIENTO | N64: Vr. UNITARIO
B65: OBRERO (2) | I65: 64000 | J65: 1.85 | K65: 118400 | L65: 300 | N65: 394.66667
B66: OFICIAL (1) | I66: 58000 | J66: 1.85 | K66: 107300 | L66: 300 | N66: 357.66667
B69: SUBTOTAL $ | N69: 752.33333
B71: TOTAL COSTO DIRECTO $ | N71: 5739.95
B72: V. COSTOS INDIRECTOS
B73: V. COSTOS INDIRECTOS
B75: Descripción | K75: Porcentaje | L75: Valor Total
B76: ADMINISTRACION | K76: 0.2 | L76: 1147.99
B77: IMPREVISTOS | K77: 0.05 | L77: 286.9975
B78: UTILIDAD | K78: 0.05 | L78: 286.9975
B79: SUBTOTAL $ | N79: 1721.985
B81: Precio Unitario Total Aproximado al peso $ | N81: 7462
G85: Firma
G86: Nombre:
G87: Representante Legal del Contratista o su Apoderado
G88: Matricula No. :
B90: OBSERVACIONES INTERVENTORÍA
B94: APROBACIÓN POR INTERVENTORÍA
B95: Nota 1: Cuando se trate de Análisis de precios unitarios correspondientes a ítems de la propuesta económica aprobada, el Interventor aprueba el desglose de los componentes manteniendo el mismo precio unitario de cada ítem, cumpliendo con las especificaciones de construcción vigentes para el proyecto.
B97: Nota 2: Cuando se trate de Análisis de precios unitarios de ítems no previstos, el Interventor aprueba el desglose y precio unitario de cada ítem no previsto, exigiendo la aplicación de los costos correspondientes a insumos y tarifas de la propuesta económica inicial cuando estén contemplados, cumpliendo con las especificaciones de construcción vigente para el proyecto.
G100: Firma
G101: Nombre:
G102: Representante Legal del Interventor o su Apoderado
G103: Matricula No. :
B104: Original: Archivo de Gestión del Contrato (Subdirección Administrativa).
B105: Copias: Unidad Ejecutora, Contratista, Interventor y Dirección Territorial.

Sheet 320.1P
K2: CÓDIGO | L2: MINFRA-MN-IN-10-FR-1
C3: INSTITUTO NACIONAL DE VIAS
C4: DIRECCION TECNICA | K4: VERSIÓN | L4: 2
C5: PROCESO GESTIÓN DE LA INFRAESTRUCTURA VIAL
C6: MANUAL DE INTERVENTORÍA OBRA PUBLICA | K6: PÁGINA | L6: 1 | M6: DE | N6: 1
C8: ANALISIS DE PRECIOS UNITARIOS
K10: FECHA | L10: DD | M10: MM | N10: AA
L11: XXX | M11: XXX | N11: XXX
B12: ITEMS DE LA PROPUESTA ECONÓMICA | H12: ITEMS NO PREVISTOS
B13: UNIDAD EJECUTORA: | D13: XXXXXXXXXX | I13: DIRECCIÓN TERRITORIAL: | J13: XXXXXXXXXX
B19: CONTRATO No. | D19: XXXXXXXXXX | G19: DE | H19: XXXXXXXXXX
B20: OBJETO DEL CONTRATO | D20: MEJORAMIENTO, REHABILITACION Y MANTENIMIENTO, GESTION PREDIAL, SOCIAL Y AMBIENTAL SOSTENIBLE DE LA CARRETERA CUCUTA-SARDINATA-OCAÑA-AGUACLARA, INCLUYE EL NUEVO PUENTE SOBRE EL RIO ZULIA, EN EL DEPARTAMENTO DE NORTE DE SANTANDER, EN MARCO DEL PROGRAMA DE OBRA PUBLICA "CONCLUIR Y CONCLUIR PARA LA REACTIVACIÓN DE LAS REGIONES"
B23: CONTRATISTA : | D23: XXXXXXXXXX
B25: INTERVENTOR | D25: XXXXXXXXXX
B27: GESTOR TECNICO DE CONTRATO | E27: XXXXXXXXXX
B29: FECHA CIERRE DE LICITACIÓN Y/O SELECCIÓN ABREVIADA | G29: XXXXXXXXXX
B31: DATOS ESPECÍFICOS
B33: ITEM | C33: DESCRIPCIÓN | K33: GRUPO DE AJUSTE | L33: UNIDAD | N33: CANTIDAD
B34: 320.1P | C34: Subbase Granular clase A (No incluye Transporte) | L34: m3 | N34: 2870
B35: I. EQUIPO
B38: DESCRIPCIÓN | G38: MARCA | I38: TIPO | K38: TARIFA/HORA | L38: RENDIMIENTO | N38: Vr. UNITARIO
B39: MOTONIVELADORA | K39: 190000 | L39: 40 | N39: 4750
B40: COMPACTADOR VIBRATORIO | K40: 110000 | L40: 40 | N40: 2750
B41: CARROTANQUE DE AGUA 1000 LITROS | K41: 88000 | L41: 40 | N41: 2200
B42: SUBTOTAL $ | N42: 9700
B43: II. MATERIALES
B46: DESCRIPCIÓN | J46: UNIDAD | K46: CANTIDAD | L46: PRECIO UNIT. | N46: Vr. UNITARIO
B47: MATERIAL DE SUBBASE CLASE A | J47: M3 | K47: 1.3 | L47: 40000 | N47: 52000
B49: SUBTOTAL $ | N49: 52000
B50: III. TRANSPORTES
B53: MATERIAL | I53: VOL. o PESO | J53: DISTANCIA | K53: M3 o Ton/Km | L53: TARIFA | N53: Vr. UNITARIO
B56: SUBTOTAL $ | N56: 0
B57: IV. MANO DE OBRA
B60: TRABAJADOR | I60: JORNAL | J60: PRESTACIONES | K60: JORNAL TOTAL | L60: RENDIMIENTO | N60: Vr. UNITARIO
B61: OBREROS (2) | I61: 64000 | J61: 1.85 | K61: 118400 | L61: 320 | N61: 370
B65: SUBTOTAL $ | N65: 370
B67: TOTAL COSTO DIRECTO $ | N67: 62070
B68: V. COSTOS INDIRECTOS
B71: Descripción | K71: Porcentaje | L71: Valor Total
B72: ADMINISTRACION | K72: 0.2 | L72: 12414
B73: IMPREVISTOS | K73: 0.05 | L73: 3103.5
B74: UTILIDAD | K74: 0.05 | L74: 3103.5
B75: SUBTOTAL $ | N75: 18621
B77: Precio Unitario Total Aproximado al peso $ | N77: 80691
G81: Firma
G82: Nombre:
G83: Representante Legal del Contratista o su Apoderado
G84: Matricula No. :
B86: OBSERVACIONES INTERVENTORÍA
B90: APROBACIÓN POR INTERVENTORÍA
B91: Nota 1: Cuando se trate de Análisis de precios unitarios correspondientes a ítems de la propuesta económica aprobada, el Interventor aprueba el desglose de los componentes manteniendo el mismo precio unitario de cada ítem, cumpliendo con las especificaciones de construcción vigentes para el proyecto.
B93: Nota 2: Cuando se trate de Análisis de precios unitarios de ítems no previstos, el Interventor aprueba el desglose y precio unitario de cada ítem no previsto, exigiendo la aplicación de los costos correspondientes a insumos y tarifas de la propuesta económica inicial cuando estén contemplados, cumpliendo con las especificaciones de construcción vigente para el proyecto.
G96: Firma
G97: Nombre:
G98: Representante Legal del Interventor o su Apoderado
G99: Matricula No. :
B100: Original: Archivo de Gestión del Contrato (Subdirección Administrativa).
B101: Copias: Unidad Ejecutora, Contratista, Interventor y Dirección Territorial.

Sheet 320.4 P
K2: CÓDIGO | L2: MINFRA-MN-IN-10-FR-1
C3: INSTITUTO NACIONAL DE VIAS
C4: DIRECCION TECNICA | K4: VERSIÓN | L4: 2
C5: PROCESO GESTIÓN DE LA INFRAESTRUCTURA VIAL
C6: MANUAL DE INTERVENTORÍA OBRA PUBLICA | K6: PÁGINA | L6: 1 | M6: DE | N6: 1
C8: ANALISIS DE PRECIOS UNITARIOS
K10: FECHA | L10: DD | M10: MM | N10: AA
L11: XXX | M11: XXX | N11: XXX
B12: ITEMS DE LA PROPUESTA ECONÓMICA | H12: ITEMS NO PREVISTOS
B13: UNIDAD EJECUTORA: | D13: XXXXXXXXXX | I13: DIRECCIÓN TERRITORIAL: | J13: XXXXXXXXXX
B19: CONTRATO No. | D19: XXXXXXXXXX | G19: DE | H19: XXXXXXXXXX
B20: OBJETO DEL CONTRATO | D20: MEJORAMIENTO, REHABILITACION Y MANTENIMIENTO, GESTION PREDIAL, SOCIAL Y AMBIENTAL SOSTENIBLE DE LA CARRETERA CUCUTA-SARDINATA-OCAÑA-AGUACLARA, INCLUYE EL NUEVO PUENTE SOBRE EL RIO ZULIA, EN EL DEPARTAMENTO DE NORTE DE SANTANDER, EN MARCO DEL PROGRAMA DE OBRA PUBLICA "CONCLUIR Y CONCLUIR PARA LA REACTIVACIÓN DE LAS REGIONES"
B23: CONTRATISTA : | D23: XXXXXXXXXX
B25: INTERVENTOR | D25: XXXXXXXXXX
B27: GESTOR TECNICO DE CONTRATO | E27: XXXXXXXXXX
B29: FECHA CIERRE DE LICITACIÓN Y/O SELECCIÓN ABREVIADA | G29: XXXXXXXXXX
B31: DATOS ESPECÍFICOS
B33: ITEM | C33: DESCRIPCIÓN | K33: GRUPO DE AJUSTE | L33: UNIDAD | N33: CANTIDAD
B34: 320.4P | C34: Sub‐base granular para bacheo clase A (No incluye Transporte) | L34: m3 | N34: 91
B35: I. EQUIPO
B38: DESCRIPCIÓN | G38: MARCA | I38: TIPO | K38: TARIFA/HORA | L38: RENDIMIENTO | N38: Vr. UNITARIO
B39: VIBROCOMPACTADOR TIPO BENITIN. | K39: 75600 | L39: 4 | N39: 18900
B40: HERRAMIENTA MENOR (5%MO) | N40: 74
B42: SUBTOTAL $ | N42: 18974
B43: II. MATERIALES
B46: DESCRIPCIÓN | J46: UNIDAD | K46: CANTIDAD | L46: PRECIO UNIT. | N46: Vr. UNITARIO
B47: MATERIAL DE SUBBASE CLASE A | J47: M3 | K47: 1.3 | L47: 40000 | N47: 52000
B48: AGUA | J48: LT | K48: 30 | L48: 80 | N48: 2400
B49: SUBTOTAL $ | N49: 54400
B50: III. TRANSPORTES
B53: MATERIAL | I53: VOL. o PESO | J53: DISTANCIA | K53: M3 o Ton/Km | L53: TARIFA | N53: Vr. UNITARIO
B56: SUBTOTAL $ | N56: 0
B57: IV. MANO DE OBRA
B60: TRABAJADOR | I60: JORNAL | J60: PRESTACIONES | K60: JORNAL TOTAL | L60: RENDIMIENTO | N60: Vr. UNITARIO
B61: OBREROS (2) | I61: 64000 | J61: 1.85 | K61: 118400 | L61: 32 | N61: 3700
B65: SUBTOTAL $ | N65: 3700
B67: TOTAL COSTO DIRECTO $ | N67: 77074
B68: V. COSTOS INDIRECTOS
B71: Descripción | K71: Porcentaje | L71: Valor Total
B72: ADMINISTRACION | K72: 0.2 | L72: 15414.8
B73: IMPREVISTOS | K73: 0.05 | L73: 3853.7
B74: UTILIDAD | K74: 0.05 | L74: 3853.7
B75: SUBTOTAL $ | N75: 23122.2
B77: Precio Unitario Total Aproximado al peso $ | N77: 100196
G81: Firma
G82: Nombre:
G83: Representante Legal del Contratista o su Apoderado
G84: Matricula No. :
B86: OBSERVACIONES INTERVENTORÍA
B90: APROBACIÓN POR INTERVENTORÍA
B91: Nota 1: Cuando se trate de Análisis de precios unitarios correspondientes a ítems de la propuesta económica aprobada, el Interventor aprueba el desglose de los componentes manteniendo el mismo precio unitario de cada ítem, cumpliendo con las especificaciones de construcción vigentes para el proyecto.
B93: Nota 2: Cuando se trate de Análisis de precios unitarios de ítems no previstos, el Interventor aprueba el desglose y precio unitario de cada ítem no previsto, exigiendo la aplicación de los costos correspondientes a insumos y tarifas de la propuesta económica inicial cuando estén contemplados, cumpliendo con las especificaciones de construcción vigente para el proyecto.
G96: Firma
G97: Nombre:
G98: Representante Legal del Interventor o su Apoderado
G99: Matricula No. :
B100: Original: Archivo de Gestión del Contrato (Subdirección Administrativa).
B101: Copias: Unidad Ejecutora, Contratista, Interventor y Dirección Territorial.

Sheet 330.1P
K2: CÓDIGO | L2: MINFRA-MN-IN-10-FR-1
C3: INSTITUTO NACIONAL DE VIAS
C4: DIRECCION TECNICA | K4: VERSIÓN | L4: 2
C5: PROCESO GESTIÓN DE LA INFRAESTRUCTURA VIAL
C6: MANUAL DE INTERVENTORÍA OBRA PUBLICA | K6: PÁGINA | L6: 1 | M6: DE | N6: 1
C8: ANALISIS DE PRECIOS UNITARIOS
K10: FECHA | L10: DD | M10: MM | N10: AA
L11: XXX | M11: XXX | N11: XXX
B12: ITEMS DE LA PROPUESTA ECONÓMICA | H12: ITEMS NO PREVISTOS
B13: UNIDAD EJECUTORA: | D13: XXXXXXXXXX | I13: DIRECCIÓN TERRITORIAL: | J13: XXXXXXXXXX
B19: CONTRATO No. | D19: XXXXXXXXXX | G19: DE | H19: XXXXXXXXXX
B20: OBJETO DEL CONTRATO | D20: MEJORAMIENTO, REHABILITACION Y MANTENIMIENTO, GESTION PREDIAL, SOCIAL Y AMBIENTAL SOSTENIBLE DE LA CARRETERA CUCUTA-SARDINATA-OCAÑA-AGUACLARA, INCLUYE EL NUEVO PUENTE SOBRE EL RIO ZULIA, EN EL DEPARTAMENTO DE NORTE DE SANTANDER, EN MARCO DEL PROGRAMA DE OBRA PUBLICA "CONCLUIR Y CONCLUIR PARA LA REACTIVACIÓN DE LAS REGIONES"
B23: CONTRATISTA : | D23: XXXXXXXXXX
B25: INTERVENTOR | D25: XXXXXXXXXX
B27: GESTOR TECNICO DE CONTRATO | E27: XXXXXXXXXX
B29: FECHA CIERRE DE LICITACIÓN Y/O SELECCIÓN ABREVIADA | G29: XXXXXXXXXX
B31: DATOS ESPECÍFICOS
B33: ITEM | C33: DESCRIPCIÓN | K33: GRUPO DE AJUSTE | L33: UNIDAD | N33: CANTIDAD
B34: 330.1P | C34: Base granular clase A (No incluye Transporte) | L34: m3 | N34: 2142
B35: I. EQUIPO
B38: DESCRIPCIÓN | G38: MARCA | I38: TIPO | K38: TARIFA/HORA | L38: RENDIMIENTO | N38: Vr. UNITARIO
B39: MOTONIVELADORA | K39: 190000 | L39: 30 | N39: 6333.3333
B40: COMPACTADOR VIBRATORIO | K40: 110000 | L40: 30 | N40: 3666.6667
B41: CARROTANQUE DE AGUA 1000 LITROS | K41: 88000 | L41: 30 | N41: 2933.3333
B42: SUBTOTAL $ | N42: 12933.333
B43: II. MATERIALES
B46: DESCRIPCIÓN | J46: UNIDAD | K46: CANTIDAD | L46: PRECIO UNIT. | N46: Vr. UNITARIO
B47: MATERIAL DE BASE PROCESADO EN PLANTA CLASE A | J47: M3 | K47: 1.3 | L47: 49000 | N47: 63700
B49: SUBTOTAL $ | N49: 63700
B50: III. TRANSPORTES
B53: MATERIAL | I53: VOL. o PESO | J53: DISTANCIA | K53: M3 o Ton/Km | L53: TARIFA | N53: Vr. UNITARIO
B56: SUBTOTAL $ | N56: 0
B57: IV. MANO DE OBRA
B60: TRABAJADOR | I60: JORNAL | J60: PRESTACIONES | K60: JORNAL TOTAL | L60: RENDIMIENTO | N60: Vr. UNITARIO
B61: OBREROS (2) | I61: 64000 | J61: 1.85 | K61: 118400 | L61: 240 | N61: 493.33333
B65: SUBTOTAL $ | N65: 493.33333
B67: TOTAL COSTO DIRECTO $ | N67: 77126.667
B68: V. COSTOS INDIRECTOS
B71: Descripción | K71: Porcentaje | L71: Valor Total
B72: ADMINISTRACION | K72: 0.2 | L72: 15425.333
B73: IMPREVISTOS | K73: 0.05 | L73: 3856.3333
B74: UTILIDAD | K74: 0.05 | L74: 3856.3333
B75: SUBTOTAL $ | N75: 23138
B77: Precio Unitario Total Aproximado al peso $ | N77: 100265
G81: Firma
G82: Nombre:
G83: Representante Legal del Contratista o su Apoderado
G84: Matricula No. :
B86: OBSERVACIONES INTERVENTORÍA
B90: APROBACIÓN POR INTERVENTORÍA
B91: Nota 1: Cuando se trate de Análisis de precios unitarios correspondientes a ítems de la propuesta económica aprobada, el Interventor aprueba el desglose de los componentes manteniendo el mismo precio unitario de cada ítem, cumpliendo con las especificaciones de construcción vigentes para el proyecto.
B93: Nota 2: Cuando se trate de Análisis de precios unitarios de ítems no previstos, el Interventor aprueba el desglose y precio unitario de cada ítem no previsto, exigiendo la aplicación de los costos correspondientes a insumos y tarifas de la propuesta económica inicial cuando estén contemplados, cumpliendo con las especificaciones de construcción vigente para el proyecto.
G96: Firma
G97: Nombre:
G98: Representante Legal del Interventor o su Apoderado
G99: Matricula No. :
B100: Original: Archivo de Gestión del Contrato (Subdirección Administrativa).
B101: Copias: Unidad Ejecutora, Contratista, Interventor y Dirección Territorial.

Sheet 330.4P
K2: CÓDIGO | L2: MINFRA-MN-IN-10-FR-1
C3: INSTITUTO NACIONAL DE VIAS
C4: DIRECCION TECNICA | K4: VERSIÓN | L4: 2
C5: PROCESO GESTIÓN DE LA INFRAESTRUCTURA VIAL
C6: MANUAL DE INTERVENTORÍA OBRA PUBLICA | K6: PÁGINA | L6: 1 | M6: DE | N6: 1
C8: ANALISIS DE PRECIOS UNITARIOS
K10: FECHA | L10: DD | M10: MM | N10: AA
L11: XXX | M11: XXX | N11: XXX
B12: ITEMS DE LA PROPUESTA ECONÓMICA | H12: ITEMS NO PREVISTOS
B13: UNIDAD EJECUTORA: | D13: XXXXXXXXXX | I13: DIRECCIÓN TERRITORIAL: | J13: XXXXXXXXXX
B19: CONTRATO No. | D19: XXXXXXXXXX | G19: DE | H19: XXXXXXXXXX
B20: OBJETO DEL CONTRATO | D20: MEJORAMIENTO, REHABILITACION Y MANTENIMIENTO, GESTION PREDIAL, SOCIAL Y AMBIENTAL SOSTENIBLE DE LA CARRETERA CUCUTA-SARDINATA-OCAÑA-AGUACLARA, INCLUYE EL NUEVO PUENTE SOBRE EL RIO ZULIA, EN EL DEPARTAMENTO DE NORTE DE SANTANDER, EN MARCO DEL PROGRAMA DE OBRA PUBLICA "CONCLUIR Y CONCLUIR PARA LA REACTIVACIÓN DE LAS REGIONES"
B23: CONTRATISTA : | D23: XXXXXXXXXX
B25: INTERVENTOR | D25: XXXXXXXXXX
B27: GESTOR TECNICO DE CONTRATO | E27: XXXXXXXXXX
B29: FECHA CIERRE DE LICITACIÓN Y/O SELECCIÓN ABREVIADA | G29: XXXXXXXXXX
B31: DATOS ESPECÍFICOS
B33: ITEM | C33: DESCRIPCIÓN | K33: GRUPO DE AJUSTE | L33: UNIDAD | N33: CANTIDAD
B34: 330.4P | C34: Base granular para bacheo clase A (No incluye Transporte) | L34: m3 | N34: 61
B35: I. EQUIPO
B38: DESCRIPCIÓN | G38: MARCA | I38: TIPO | K38: TARIFA/HORA | L38: RENDIMIENTO | N38: Vr. UNITARIO
B39: VIBROCOMPACTADOR TIPO BENITIN. | K39: 75600 | L39: 4 | N39: 18900
B40: HERRAMIENTA MENOR (5%MO) | N40: 74
B42: SUBTOTAL $ | N42: 18974
B43: II. MATERIALES
B46: DESCRIPCIÓN | J46: UNIDAD | K46: CANTIDAD | L46: PRECIO UNIT. | N46: Vr. UNITARIO
B47: MATERIAL DE BASE PROCESADO EN PLANTA CLASE A | J47: M3 | K47: 1.3 | L47: 49000 | N47: 63700
B48: AGUA | J48: LT | K48: 30 | L48: 80 | N48: 2400
B49: SUBTOTAL $ | N49: 66100
B50: III. TRANSPORTES
B53: MATERIAL | I53: VOL. o PESO | J53: DISTANCIA | K53: M3 o Ton/Km | L53: TARIFA | N53: Vr. UNITARIO
B56: SUBTOTAL $ | N56: 0
B57: IV. MANO DE OBRA
B60: TRABAJADOR | I60: JORNAL | J60: PRESTACIONES | K60: JORNAL TOTAL | L60: RENDIMIENTO | N60: Vr. UNITARIO
B61: OBREROS (2) | I61: 64000 | J61: 1.85 | K61: 118400 | L61: 32 | N61: 3700
B65: SUBTOTAL $ | N65: 3700
B67: TOTAL COSTO DIRECTO $ | N67: 88774
B68: V. COSTOS INDIRECTOS
B71: Descripción | K71: Porcentaje | L71: Valor Total
B72: ADMINISTRACION | K72: 0.2 | L72: 17754.8
B73: IMPREVISTOS | K73: 0.05 | L73: 4438.7
B74: UTILIDAD | K74: 0.05 | L74: 4438.7
B75: SUBTOTAL $ | N75: 26632.2
B77: Precio Unitario Total Aproximado al peso $ | N77: 115406
G81: Firma
G82: Nombre:
G83: Representante Legal del Contratista o su Apoderado
G84: Matricula No. :
B86: OBSERVACIONES INTERVENTORÍA
B90: APROBACIÓN POR INTERVENTORÍA
B91: Nota 1: Cuando se trate de Análisis de precios unitarios correspondientes a ítems de la propuesta económica aprobada, el Interventor aprueba el desglose de los componentes manteniendo el mismo precio unitario de cada ítem, cumpliendo con las especificaciones de construcción vigentes para el proyecto.
B93: Nota 2: Cuando se trate de Análisis de precios unitarios de ítems no previstos, el Interventor aprueba el desglose y precio unitario de cada ítem no previsto, exigiendo la aplicación de los costos correspondientes a insumos y tarifas de la propuesta económica inicial cuando estén contemplados, cumpliendo con las especificaciones de construcción vigente para el proyecto.
G96: Firma
G97: Nombre:
G98: Representante Legal del Interventor o su Apoderado
G99: Matricula No. :
B100: Original: Archivo de Gestión del Contrato (Subdirección Administrativa).
B101: Copias: Unidad Ejecutora, Contratista, Interventor y Dirección Territorial.

Sheet 420.2
K2: CÓDIGO | L2: MINFRA-MN-IN-10-FR-1
C3: INSTITUTO NACIONAL DE VIAS
C4: DIRECCION TECNICA | K4: VERSIÓN | L4: 2
C5: PROCESO GESTIÓN DE LA INFRAESTRUCTURA VIAL
C6: MANUAL DE INTERVENTORÍA OBRA PUBLICA | K6: PÁGINA | L6: 1 | M6: DE | N6: 1
C8: ANALISIS DE PRECIOS UNITARIOS
K10: FECHA | L10: DD | M10: MM | N10: AA
L11: XXX | M11: XXX | N11: XXX
B12: ITEMS DE LA PROPUESTA ECONÓMICA | H12: ITEMS NO PREVISTOS
B13: UNIDAD EJECUTORA: | D13: XXXXXXXXXX | I13: DIRECCIÓN TERRITORIAL: | J13: XXXXXXXXXX
B19: CONTRATO No. | D19: XXXXXXXXXX | G19: DE | H19: XXXXXXXXXX
B20: OBJETO DEL CONTRATO | D20: MEJORAMIENTO, REHABILITACION Y MANTENIMIENTO, GESTION PREDIAL, SOCIAL Y AMBIENTAL SOSTENIBLE DE LA CARRETERA CUCUTA-SARDINATA-OCAÑA-AGUACLARA, INCLUYE EL NUEVO PUENTE SOBRE EL RIO ZULIA, EN EL DEPARTAMENTO DE NORTE DE SANTANDER, EN MARCO DEL PROGRAMA DE OBRA PUBLICA "CONCLUIR Y CONCLUIR PARA LA REACTIVACIÓN DE LAS REGIONES"
B23: CONTRATISTA : | D23: XXXXXXXXXX
B25: INTERVENTOR | D25: XXXXXXXXXX
B27: GESTOR TECNICO DE CONTRATO | E27: XXXXXXXXXX
B29: FECHA CIERRE DE LICITACIÓN Y/O SELECCIÓN ABREVIADA | G29: XXXXXXXXXX
B31: DATOS ESPECÍFICOS
B33: ITEM | C33: DESCRIPCIÓN | K33: GRUPO DE AJUSTE | L33: UNIDAD | N33: CANTIDAD
B34: 420.2 | C34: Riego de imprimación con emulsión asfáltica CRL‐1 | L34: m2 | N34: 107400
B35: I. EQUIPO
B38: DESCRIPCIÓN | G38: MARCA | I38: TIPO
B39: CARROTANQUE IRRIGADOR DE ASFALTO | K39: 109000 | L39: 500 | N39: 218
B40: COMPRESOR (BARRIDO Y SOPLADO) | K40: 66000 | L40: 500 | N40: 132
B41: HERRAMIENTA MENOR (2%MO) | N41: 0.592
B42: SUBTOTAL $ | N42: 350.592
B43: II. MATERIALES
B46: DESCRIPCIÓN | J46: UNIDAD | K46: CANTIDAD | L46: PRECIO UNIT. | N46: Vr. UNITARIO
B47: EMULSION ASFALTICA CRL-1 | J47: LT | K47: 1 | L47: 1851 | N47: 1851
B48: AGUA | J48: LT | K48: 0.15 | L48: 80 | N48: 12
B49: SUBTOTAL $ | N49: 1863
B50: III. TRANSPORTES
B53: MATERIAL | I53: VOL. o PESO | J53: DISTANCIA | K53: M3 o Ton/Km | L53: TARIFA | N53: Vr. UNITARIO
N54: 0
B56: SUBTOTAL $ | N56: 0
B57: IV. MANO DE OBRA
B60: TRABAJADOR | I60: JORNAL | J60: PRESTACIONES | K60: JORNAL TOTAL | L60: RENDIMIENTO | N60: Vr. UNITARIO
B61: OBREROS (2) | I61: 64000 | J61: 1.85 | K61: 118400 | L61: 4000 | N61: 29.6
B65: SUBTOTAL $ | N65: 29.6
B67: TOTAL COSTO DIRECTO $ | N67: 2243.192
B68: V. COSTOS INDIRECTOS
B71: Descripción | K71: Porcentaje | L71: Valor Total
B72: ADMINISTRACION | K72: 0.2 | L72: 448.6384
B73: IMPREVISTOS | K73: 0.05 | L73: 112.1596
B74: UTILIDAD | K74: 0.05 | L74: 112.1596
B75: SUBTOTAL $ | N75: 672.9576
B77: Precio Unitario Total Aproximado al peso $ | N77: 2916
G81: Firma
G82: Nombre:
G83: Representante Legal del Contratista o su Apoderado
G84: Matricula No. :
B86: OBSERVACIONES INTERVENTORÍA
B90: APROBACIÓN POR INTERVENTORÍA
B91: Nota 1: Cuando se trate de Análisis de precios unitarios correspondientes a ítems de la propuesta económica aprobada, el Interventor aprueba el desglose de los componentes manteniendo el mismo precio unitario de cada ítem, cumpliendo con las especificaciones de construcción vigentes para el proyecto.
B93: Nota 2: Cuando se trate de Análisis de precios unitarios de ítems no previstos, el Interventor aprueba el desglose y precio unitario de cada ítem no previsto, exigiendo la aplicación de los costos correspondientes a insumos y tarifas de la propuesta económica inicial cuando estén contemplados, cumpliendo con las especificaciones de construcción vigente para el proyecto.
G96: Firma
G97: Nombre:
G98: Representante Legal del Interventor o su Apoderado
G99: Matricula No. :
B100: Original: Archivo de Gestión del Contrato (Subdirección Administrativa).
B101: Copias: Unidad Ejecutora, Contratista, Interventor y Dirección Territorial.

Sheet 421.1
K2: CÓDIGO | L2: MINFRA-MN-IN-10-FR-1
C3: INSTITUTO NACIONAL DE VIAS
C4: DIRECCION TECNICA | K4: VERSIÓN | L4: 2
C5: PROCESO GESTIÓN DE LA INFRAESTRUCTURA VIAL
C6: MANUAL DE INTERVENTORÍA OBRA PUBLICA | K6: PÁGINA | L6: 1 | M6: DE | N6: 1
C8: ANALISIS DE PRECIOS UNITARIOS
K10: FECHA | L10: DD | M10: MM | N10: AA
L11: XXX | M11: XXX | N11: XXX
B12: ITEMS DE LA PROPUESTA ECONÓMICA | H12: ITEMS NO PREVISTOS
B13: UNIDAD EJECUTORA: | D13: XXXXXXXXXX | I13: DIRECCIÓN TERRITORIAL: | J13: XXXXXXXXXX
B19: CONTRATO No. | D19: XXXXXXXXXX | G19: DE | H19: XXXXXXXXXX
B20: OBJETO DEL CONTRATO | D20: MEJORAMIENTO, REHABILITACION Y MANTENIMIENTO, GESTION PREDIAL, SOCIAL Y AMBIENTAL SOSTENIBLE DE LA CARRETERA CUCUTA-SARDINATA-OCAÑA-AGUACLARA, INCLUYE EL NUEVO PUENTE SOBRE EL RIO ZULIA, EN EL DEPARTAMENTO DE NORTE DE SANTANDER, EN MARCO DEL PROGRAMA DE OBRA PUBLICA "CONCLUIR Y CONCLUIR PARA LA REACTIVACIÓN DE LAS REGIONES"
B23: CONTRATISTA : | D23: XXXXXXXXXX
B25: INTERVENTOR | D25: XXXXXXXXXX
B27: GESTOR TECNICO DE CONTRATO | E27: XXXXXXXXXX
B29: FECHA CIERRE DE LICITACIÓN Y/O SELECCIÓN ABREVIADA | G29: XXXXXXXXXX
B31: DATOS ESPECÍFICOS
B33: ITEM | C33: DESCRIPCIÓN | K33: GRUPO DE AJUSTE | L33: UNIDAD | N33: CANTIDAD
B34: 421.1 | C34: Riego de liga con emulsión asfáltica CRR-1 | L34: m2 | N34: 2270
B35: I. EQUIPO
B38: DESCRIPCIÓN | G38: MARCA | I38: TIPO
B39: CARROTANQUE IRRIGADOR DE ASFALTO | K39: 109000 | L39: 500 | N39: 218
B40: COMPRESOR (BARRIDO Y SOPLADO) | K40: 66000 | L40: 500 | N40: 132
B41: HERRAMIENTA MENOR (2%MO) | N41: 0.592
B42: SUBTOTAL $ | N42: 350.592
B43: II. MATERIALES
B46: DESCRIPCIÓN | J46: UNIDAD | K46: CANTIDAD | L46: PRECIO UNIT. | N46: Vr. UNITARIO
B47: EMULSION ASFALTICA CRR-1 | J47: LT | K47: 0.5 | L47: 2057 | N47: 1028.5
B48: AGUA | J48: LT | K48: 0.15 | L48: 80 | N48: 12
B49: SUBTOTAL $ | N49: 1040.5
B50: III. TRANSPORTES
B53: MATERIAL | I53: VOL. o PESO | J53: DISTANCIA | K53: M3 o Ton/Km | L53: TARIFA | N53: Vr. UNITARIO
N54: 0
B56: SUBTOTAL $ | N56: 0
B57: IV. MANO DE OBRA
B60: TRABAJADOR | I60: JORNAL | J60: PRESTACIONES | K60: JORNAL TOTAL | L60: RENDIMIENTO | N60: Vr. UNITARIO
B61: OBREROS (2) | I61: 64000 | J61: 1.85 | K61: 118400 | L61: 4000 | N61: 29.6
B65: SUBTOTAL $ | N65: 29.6
B67: TOTAL COSTO DIRECTO $ | N67: 1420.692
B68: V. COSTOS INDIRECTOS
B71: Descripción | K71: Porcentaje | L71: Valor Total
B72: ADMINISTRACION | K72: 0.2 | L72: 284.1384
B73: IMPREVISTOS | K73: 0.05 | L73: 71.0346
B74: UTILIDAD | K74: 0.05 | L74: 71.0346
B75: SUBTOTAL $ | N75: 426.2076
B77: Precio Unitario Total Aproximado al peso $ | N77: 1847
G81: Firma
G82: Nombre:
G83: Representante Legal del Contratista o su Apoderado
G84: Matricula No. :
B86: OBSERVACIONES INTERVENTORÍA
B90: APROBACIÓN POR INTERVENTORÍA
B91: Nota 1: Cuando se trate de Análisis de precios unitarios correspondientes a ítems de la propuesta económica aprobada, el Interventor aprueba el desglose de los componentes manteniendo el mismo precio unitario de cada ítem, cumpliendo con las especificaciones de construcción vigentes para el proyecto.
B93: Nota 2: Cuando se trate de Análisis de precios unitarios de ítems no previstos, el Interventor aprueba el desglose y precio unitario de cada ítem no previsto, exigiendo la aplicación de los costos correspondientes a insumos y tarifas de la propuesta económica inicial cuando estén contemplados, cumpliendo con las especificaciones de construcción vigente para el proyecto.
G96: Firma
G97: Nombre:
G98: Representante Legal del Interventor o su Apoderado
G99: Matricula No. :
B100: Original: Archivo de Gestión del Contrato (Subdirección Administrativa).
B101: Copias: Unidad Ejecutora, Contratista, Interventor y Dirección Territorial.

Sheet 450.1P
K2: CÓDIGO | L2: MINFRA-MN-IN-10-FR-1
C3: INSTITUTO NACIONAL DE VIAS
C4: DIRECCION TECNICA | K4: VERSIÓN | L4: 2
C5: PROCESO GESTIÓN DE LA INFRAESTRUCTURA VIAL
C6: MANUAL DE INTERVENTORÍA OBRA PUBLICA | K6: PÁGINA | L6: 1 | M6: DE | N6: 1
C8: ANALISIS DE PRECIOS UNITARIOS
K10: FECHA | L10: DD | M10: MM | N10: AA
L11: XXX | M11: XXX | N11: XXX
B12: ITEMS DE LA PROPUESTA ECONÓMICA | H12: ITEMS NO PREVISTOS
B13: UNIDAD EJECUTORA: | D13: XXXXXXXXXX | I13: DIRECCIÓN TERRITORIAL: | J13: XXXXXXXXXX
B19: CONTRATO No. | D19: XXXXXXXXXX | G19: DE | H19: XXXXXXXXXX
B20: OBJETO DEL CONTRATO | D20: MEJORAMIENTO, REHABILITACION Y MANTENIMIENTO, GESTION PREDIAL, SOCIAL Y AMBIENTAL SOSTENIBLE DE LA CARRETERA CUCUTA-SARDINATA-OCAÑA-AGUACLARA, INCLUYE EL NUEVO PUENTE SOBRE EL RIO ZULIA, EN EL DEPARTAMENTO DE NORTE DE SANTANDER, EN MARCO DEL PROGRAMA DE OBRA PUBLICA "CONCLUIR Y CONCLUIR PARA LA REACTIVACIÓN DE LAS REGIONES"
B23: CONTRATISTA : | D23: XXXXXXXXXX
B25: INTERVENTOR | D25: XXXXXXXXXX
B27: GESTOR TECNICO DE CONTRATO | E27: XXXXXXXXXX
B29: FECHA CIERRE DE LICITACIÓN Y/O SELECCIÓN ABREVIADA | G29: XXXXXXXXXX
B31: DATOS ESPECÍFICOS
B33: ITEM | C33: DESCRIPCIÓN | K33: GRUPO DE AJUSTE | L33: UNIDAD | N33: CANTIDAD
B34: 450.1P | C34: Mezcla densa en caliente tipo MDC‐25 (No incluye Transporte) | L34: m3 | N34: 904
B35: I. EQUIPO
B38: DESCRIPCIÓN | G38: MARCA | I38: TIPO
B39: TERMINADORA DE ASFALTO | K39: 280000 | L39: 15 | N39: 18666.667
B40: COMPACTADOR VIBRATORIO | K40: 110000 | L40: 15 | N40: 7333.3333
B41: COMPACTADOR NEUMATICO | K41: 113000 | L41: 15 | N41: 7533.3333
B42: HERRAMIENTA MENOR (5%MO) | N42: 423.44444
B43: SUBTOTAL $ | N43: 33956.778
B44: II. MATERIALES
B47: DESCRIPCIÓN | J47: UNIDAD | K47: CANTIDAD | L47: PRECIO UNIT. | N47: Vr. UNITARIO
B48: MATERIAL MEZCLA DENSA MDC-25 | J48: M3 | K48: 1.25 | L48: 435000 | N48: 543750
B50: SUBTOTAL $ | N50: 543750
B51: III. TRANSPORTES
B54: MATERIAL | I54: VOL. o PESO | J54: DISTANCIA | K54: M3 o Ton/Km | L54: TARIFA | N54: Vr. UNITARIO
B57: SUBTOTAL $ | N57: 0
B58: IV. MANO DE OBRA
B61: TRABAJADOR | I61: JORNAL | J61: PRESTACIONES | K61: JORNAL TOTAL | L61: RENDIMIENTO | N61: Vr. UNITARIO
B62: OBREROS (8) | I62: 256000 | J62: 1.85 | K62: 473600 | L62: 90 | N62: 5262.2222
B63: RASTRILLEROS (2) | I63: 98000 | J63: 1.85 | K63: 181300 | L63: 90 | N63: 2014.4444
B64: OFICIAL (1) | I64: 58000 | J64: 1.85 | K64: 107300 | L64: 90 | N64: 1192.2222
B65: SUBTOTAL $ | N65: 8468.8889
B67: TOTAL COSTO DIRECTO $ | N67: 586175.67
B68: V. COSTOS INDIRECTOS
B71: Descripción | K71: Porcentaje | L71: Valor Total
B72: ADMINISTRACION | K72: 0.2 | L72: 117235.13
B73: IMPREVISTOS | K73: 0.05 | L73: 29308.783
B74: UTILIDAD | K74: 0.05 | L74: 29308.783
B75: SUBTOTAL $ | N75: 175852.7
B77: Precio Unitario Total Aproximado al peso $ | N77: 762028
G81: Firma
G82: Nombre:
G83: Representante Legal del Contratista o su Apoderado
G84: Matricula No. :
B86: OBSERVACIONES INTERVENTORÍA
B90: APROBACIÓN POR INTERVENTORÍA
B91: Nota 1: Cuando se trate de Análisis de precios unitarios correspondientes a ítems de la propuesta económica aprobada, el Interventor aprueba el desglose de los componentes manteniendo el mismo precio unitario de cada ítem, cumpliendo con las especificaciones de construcción vigentes para el proyecto.
B93: Nota 2: Cuando se trate de Análisis de precios unitarios de ítems no previstos, el Interventor aprueba el desglose y precio unitario de cada ítem no previsto, exigiendo la aplicación de los costos correspondientes a insumos y tarifas de la propuesta económica inicial cuando estén contemplados, cumpliendo con las especificaciones de construcción vigente para el proyecto.
G96: Firma
G97: Nombre:
G98: Representante Legal del Interventor o su Apoderado
G99: Matricula No. :
B100: Original: Archivo de Gestión del Contrato (Subdirección Administrativa).
B101: Copias: Unidad Ejecutora, Contratista, Interventor y Dirección Territorial.

Sheet 450.2 P
K2: CÓDIGO | L2: MINFRA-MN-IN-10-FR-1
C3: INSTITUTO NACIONAL DE VIAS
C4: DIRECCION TECNICA | K4: VERSIÓN | L4: 2
C5: PROCESO GESTIÓN DE LA INFRAESTRUCTURA VIAL
C6: MANUAL DE INTERVENTORÍA OBRA PUBLICA | K6: PÁGINA | L6: 1 | M6: DE | N6: 1
C8: ANALISIS DE PRECIOS UNITARIOS
K10: FECHA | L10: DD | M10: MM | N10: AA
L11: XXX | M11: XXX | N11: XXX
B12: ITEMS DE LA PROPUESTA ECONÓMICA | H12: ITEMS NO PREVISTOS
B13: UNIDAD EJECUTORA: | D13: XXXXXXXXXX | I13: DIRECCIÓN TERRITORIAL: | J13: XXXXXXXXXX
B19: CONTRATO No. | D19: XXXXXXXXXX | G19: DE | H19: XXXXXXXXXX
B20: OBJETO DEL CONTRATO | D20: MEJORAMIENTO, REHABILITACION Y MANTENIMIENTO, GESTION PREDIAL, SOCIAL Y AMBIENTAL SOSTENIBLE DE LA CARRETERA CUCUTA-SARDINATA-OCAÑA-AGUACLARA, INCLUYE EL NUEVO PUENTE SOBRE EL RIO ZULIA, EN EL DEPARTAMENTO DE NORTE DE SANTANDER, EN MARCO DEL PROGRAMA DE OBRA PUBLICA "CONCLUIR Y CONCLUIR PARA LA REACTIVACIÓN DE LAS REGIONES"
B23: CONTRATISTA : | D23: XXXXXXXXXX
B25: INTERVENTOR | D25: XXXXXXXXXX
B27: GESTOR TECNICO DE CONTRATO | E27: XXXXXXXXXX
B29: FECHA CIERRE DE LICITACIÓN Y/O SELECCIÓN ABREVIADA | G29: XXXXXXXXXX
B31: DATOS ESPECÍFICOS
B33: ITEM | C33: DESCRIPCIÓN | K33: GRUPO DE AJUSTE | L33: UNIDAD | N33: CANTIDAD
B34: 450.2P | C34: Mezcla densa en caliente Tipo MDC-19 (No incluye Transporte) | L34: m3 | N34: 6201
B35: I. EQUIPO
B38: DESCRIPCIÓN | G38: MARCA | I38: TIPO
B39: TERMINADORA DE ASFALTO | K39: 280000 | L39: 15 | N39: 18666.667
B40: COMPACTADOR VIBRATORIO | K40: 110000 | L40: 15 | N40: 7333.3333
B41: COMPACTADOR NEUMATICO | K41: 113000 | L41: 15 | N41: 7533.3333
B42: HERRAMIENTA MENOR (5%MO) | N42: 423.44444
B43: SUBTOTAL $ | N43: 33956.778
B44: II. MATERIALES
B47: DESCRIPCIÓN | J47: UNIDAD | K47: CANTIDAD | L47: PRECIO UNIT. | N47: Vr. UNITARIO
B48: MATERIAL MEZCLA DENSA MDC-19 | J48: M3 | K48: 1.25 | L48: 442000 | N48: 552500
B50: SUBTOTAL $ | N50: 552500
B51: III. TRANSPORTES
B54: MATERIAL | I54: VOL. o PESO | J54: DISTANCIA | K54: M3 o Ton/Km | L54: TARIFA | N54: Vr. UNITARIO
B57: SUBTOTAL $ | N57: 0
B58: IV. MANO DE OBRA
B61: TRABAJADOR | I61: JORNAL | J61: PRESTACIONES | K61: JORNAL TOTAL | L61: RENDIMIENTO | N61: Vr. UNITARIO
B62: OBREROS (8) | I62: 256000 | J62: 1.85 | K62: 473600 | L62: 90 | N62: 5262.2222
B63: RASTRILLEROS (2) | I63: 98000 | J63: 1.85 | K63: 181300 | L63: 90 | N63: 2014.4444
B64: OFICIAL (1) | I64: 58000 | J64: 1.85 | K64: 107300 | L64: 90 | N64: 1192.2222
B65: SUBTOTAL $ | N65: 8468.8889
B67: TOTAL COSTO DIRECTO $ | N67: 594925.67
B68: V. COSTOS INDIRECTOS
B71: Descripción | K71: Porcentaje | L71: Valor Total
B72: ADMINISTRACION | K72: 0.2 | L72: 118985.13
B73: IMPREVISTOS | K73: 0.05 | L73: 29746.283
B74: UTILIDAD | K74: 0.05 | L74: 29746.283
B75: SUBTOTAL $ | N75: 178477.7
B77: Precio Unitario Total Aproximado al peso $ | N77: 773403
G81: Firma
G82: Nombre:
G83: Representante Legal del Contratista o su Apoderado
G84: Matricula No. :
B86: OBSERVACIONES INTERVENTORÍA
B90: APROBACIÓN POR INTERVENTORÍA
B91: Nota 1: Cuando se trate de Análisis de precios unitarios correspondientes a ítems de la propuesta económica aprobada, el Interventor aprueba el desglose de los componentes manteniendo el mismo precio unitario de cada ítem, cumpliendo con las especificaciones de construcción vigentes para el proyecto.
B93: Nota 2: Cuando se trate de Análisis de precios unitarios de ítems no previstos, el Interventor aprueba el desglose y precio unitario de cada ítem no previsto, exigiendo la aplicación de los costos correspondientes a insumos y tarifas de la propuesta económica inicial cuando estén contemplados, cumpliendo con las especificaciones de construcción vigente para el proyecto.
G96: Firma
G97: Nombre:
G98: Representante Legal del Interventor o su Apoderado
G99: Matricula No. :
B100: Original: Archivo de Gestión del Contrato (Subdirección Administrativa).
B101: Copias: Unidad Ejecutora, Contratista, Interventor y Dirección Territorial.

Sheet 450.3P
K2: CÓDIGO | L2: MINFRA-MN-IN-10-FR-1
C3: INSTITUTO NACIONAL DE VIAS
C4: DIRECCION TECNICA | K4: VERSIÓN | L4: 2
C5: PROCESO GESTIÓN DE LA INFRAESTRUCTURA VIAL
C6: MANUAL DE INTERVENTORÍA OBRA PUBLICA | K6: PÁGINA | L6: 1 | M6: DE | N6: 1
C8: ANALISIS DE PRECIOS UNITARIOS
K10: FECHA | L10: DD | M10: MM | N10: AA
L11: XXX | M11: XXX | N11: XXX
B12: ITEMS DE LA PROPUESTA ECONÓMICA | H12: ITEMS NO PREVISTOS
B13: UNIDAD EJECUTORA: | D13: XXXXXXXXXX | I13: DIRECCIÓN TERRITORIAL: | J13: XXXXXXXXXX
B19: CONTRATO No. | D19: XXXXXXXXXX | G19: DE | H19: XXXXXXXXXX
B20: OBJETO DEL CONTRATO | D20: MEJORAMIENTO, REHABILITACION Y MANTENIMIENTO, GESTION PREDIAL, SOCIAL Y AMBIENTAL SOSTENIBLE DE LA CARRETERA CUCUTA-SARDINATA-OCAÑA-AGUACLARA, INCLUYE EL NUEVO PUENTE SOBRE EL RIO ZULIA, EN EL DEPARTAMENTO DE NORTE DE SANTANDER, EN MARCO DEL PROGRAMA DE OBRA PUBLICA "CONCLUIR Y CONCLUIR PARA LA REACTIVACIÓN DE LAS REGIONES"
B23: CONTRATISTA : | D23: XXXXXXXXXX
B25: INTERVENTOR | D25: XXXXXXXXXX
B27: GESTOR TECNICO DE CONTRATO | E27: XXXXXXXXXX
B29: FECHA CIERRE DE LICITACIÓN Y/O SELECCIÓN ABREVIADA | G29: XXXXXXXXXX
B31: DATOS ESPECÍFICOS
B33: ITEM | C33: DESCRIPCIÓN | K33: GRUPO DE AJUSTE | L33: UNIDAD | N33: CANTIDAD
B34: 450.3P | C34: Mezcla densa en caliente tipo MDC -19 modificada con polímeros tipo III (No incluye Transporte) | L34: m3 | N34: 571
B35: I. EQUIPO
B38: DESCRIPCIÓN | G38: MARCA | I38: TIPO
B39: TERMINADORA DE ASFALTO | K39: 280000 | L39: 15 | N39: 18666.667
B40: COMPACTADOR VIBRATORIO | K40: 110000 | L40: 15 | N40: 7333.3333
B41: COMPACTADOR NEUMATICO | K41: 113000 | L41: 15 | N41: 7533.3333
B42: HERRAMIENTA MENOR (5%MO) | N42: 423.44444
B43: SUBTOTAL $ | N43: 33956.778
B44: II. MATERIALES
B47: DESCRIPCIÓN | J47: UNIDAD | K47: CANTIDAD | L47: PRECIO UNIT. | N47: Vr. UNITARIO
B48: MEZCLA DENSA MDC-19 CON POLIMEROS TIPO III | J48: M3 | K48: 1.25 | L48: 552000 | N48: 690000
B50: SUBTOTAL $ | N50: 690000
B51: III. TRANSPORTES
B54: MATERIAL | I54: VOL. o PESO | J54: DISTANCIA | K54: M3 o Ton/Km | L54: TARIFA | N54: Vr. UNITARIO
B57: SUBTOTAL $ | N57: 0
B58: IV. MANO DE OBRA
B61: TRABAJADOR | I61: JORNAL | J61: PRESTACIONES | K61: JORNAL TOTAL | L61: RENDIMIENTO | N61: Vr. UNITARIO
B62: OBREROS (8) | I62: 256000 | J62: 1.85 | K62: 473600 | L62: 90 | N62: 5262.2222
B63: RASTRILLEROS (2) | I63: 98000 | J63: 1.85 | K63: 181300 | L63: 90 | N63: 2014.4444
B64: OFICIAL (1) | I64: 58000 | J64: 1.85 | K64: 107300 | L64: 90 | N64: 1192.2222
B65: SUBTOTAL $ | N65: 8468.8889
B67: TOTAL COSTO DIRECTO $ | N67: 732425.67
B68: V. COSTOS INDIRECTOS
B71: Descripción | K71: Porcentaje | L71: Valor Total
B72: ADMINISTRACION | K72: 0.2 | L72: 146485.13
B73: IMPREVISTOS | K73: 0.05 | L73: 36621.283
B74: UTILIDAD | K74: 0.05 | L74: 36621.283
B75: SUBTOTAL $ | N75: 219727.7
B77: Precio Unitario Total Aproximado al peso $ | N77: 952153
G81: Firma
G82: Nombre:
G83: Representante Legal del Contratista o su Apoderado
G84: Matricula No. :
B86: OBSERVACIONES INTERVENTORÍA
B90: APROBACIÓN POR INTERVENTORÍA
B91: Nota 1: Cuando se trate de Análisis de precios unitarios correspondientes a ítems de la propuesta económica aprobada, el Interventor aprueba el desglose de los componentes manteniendo el mismo precio unitario de cada ítem, cumpliendo con las especificaciones de construcción vigentes para el proyecto.
B93: Nota 2: Cuando se trate de Análisis de precios unitarios de ítems no previstos, el Interventor aprueba el desglose y precio unitario de cada ítem no previsto, exigiendo la aplicación de los costos correspondientes a insumos y tarifas de la propuesta económica inicial cuando estén contemplados, cumpliendo con las especificaciones de construcción vigente para el proyecto.
G96: Firma
G97: Nombre:
G98: Representante Legal del Interventor o su Apoderado
G99: Matricula No. :
B100: Original: Archivo de Gestión del Contrato (Subdirección Administrativa).
B101: Copias: Unidad Ejecutora, Contratista, Interventor y Dirección Territorial.

Sheet 450.10P
K2: CÓDIGO | L2: MINFRA-MN-IN-10-FR-1
C3: INSTITUTO NACIONAL DE VIAS
C4: DIRECCION TECNICA | K4: VERSIÓN | L4: 2
C5: PROCESO GESTIÓN DE LA INFRAESTRUCTURA VIAL
C6: MANUAL DE INTERVENTORÍA OBRA PUBLICA | K6: PÁGINA | L6: 1 | M6: DE | N6: 1
C8: ANALISIS DE PRECIOS UNITARIOS
K10: FECHA | L10: DD | M10: MM | N10: AA
L11: XXX | M11: XXX | N11: XXX
B12: ITEMS DE LA PROPUESTA ECONÓMICA | H12: ITEMS NO PREVISTOS
B13: UNIDAD EJECUTORA: | D13: XXXXXXXXXX | I13: DIRECCIÓN TERRITORIAL: | J13: XXXXXXXXXX
B19: CONTRATO No. | D19: XXXXXXXXXX | G19: DE | H19: XXXXXXXXXX
B20: OBJETO DEL CONTRATO | D20: MEJORAMIENTO, REHABILITACION Y MANTENIMIENTO, GESTION PREDIAL, SOCIAL Y AMBIENTAL SOSTENIBLE DE LA CARRETERA CUCUTA-SARDINATA-OCAÑA-AGUACLARA, INCLUYE EL NUEVO PUENTE SOBRE EL RIO ZULIA, EN EL DEPARTAMENTO DE NORTE DE SANTANDER, EN MARCO DEL PROGRAMA DE OBRA PUBLICA "CONCLUIR Y CONCLUIR PARA LA REACTIVACIÓN DE LAS REGIONES"
B23: CONTRATISTA : | D23: XXXXXXXXXX
B25: INTERVENTOR | D25: XXXXXXXXXX
B27: GESTOR TECNICO DE CONTRATO | E27: XXXXXXXXXX
B29: FECHA CIERRE DE LICITACIÓN Y/O SELECCIÓN ABREVIADA | G29: XXXXXXXXXX
B31: DATOS ESPECÍFICOS
B33: ITEM | C33: DESCRIPCIÓN | K33: GRUPO DE AJUSTE | L33: UNIDAD | N33: CANTIDAD
B34: 450.10P | C34: Mezcla densa en caliente Tipo MSC-25 para bacheos (No incluye Transporte) | L34: m3 | N34: 90
B35: I. EQUIPO
B38: DESCRIPCIÓN | G38: MARCA | I38: TIPO
B39: COMPACTADOR VIBRATORIO | K39: 110000 | L39: 8 | N39: 13750
B40: COMPACTADOR NEUMATICO | K40: 113000 | L40: 8 | N40: 14125
B41: HERRAMIENTA MENOR (5%MO) | N41: 608.95833
B42: SUBTOTAL $ | N42: 28483.958
B43: II. MATERIALES
B46: DESCRIPCIÓN | J46: UNIDAD | K46: CANTIDAD | L46: PRECIO UNIT. | N46: Vr. UNITARIO
B47: MEZCLA SEMIDENSA MSC-25 | J47: M3 | K47: 1.25 | L47: 435000 | N47: 543750
B48: EMULSIÓN ASFALTICA CRL-1 | J48: LT | K48: 12.5 | L48: 1851 | N48: 23137.5
B49: AGUA | J49: LT | K49: 4.17 | L49: 80 | N49: 333.6
B50: SUBTOTAL $ | N50: 567221.1
B51: III. TRANSPORTES
B54: MATERIAL | I54: VOL. o PESO | J54: DISTANCIA | K54: M3 o Ton/Km | L54: TARIFA | N54: Vr. UNITARIO
B57: SUBTOTAL $ | N57: 0
B58: IV. MANO DE OBRA
B61: TRABAJADOR | I61: JORNAL | J61: PRESTACIONES | K61: JORNAL TOTAL | L61: RENDIMIENTO | N61: Vr. UNITARIO
B62: OBREROS (5) | I62: 160000 | J62: 1.85 | K62: 296000 | L62: 48 | N62: 6166.6667
B63: RASTRILLEROS (2) | I63: 98000 | J63: 1.85 | K63: 181300 | L63: 48 | N63: 3777.0833
B64: OFICIAL (1) | I64: 58000 | J64: 1.85 | K64: 107300 | L64: 48 | N64: 2235.4167
B66: SUBTOTAL $ | N66: 12179.167
B68: TOTAL COSTO DIRECTO $ | N68: 607884.22
B69: V. COSTOS INDIRECTOS
B72: Descripción | K72: Porcentaje | L72: Valor Total
B73: ADMINISTRACION | K73: 0.2 | L73: 121576.85
B74: IMPREVISTOS | K74: 0.05 | L74: 30394.211
B75: UTILIDAD | K75: 0.05 | L75: 30394.211
B76: SUBTOTAL $ | N76: 182365.27
B78: Precio Unitario Total Aproximado al peso $ | N78: 790249
G82: Firma
G83: Nombre:
G84: Representante Legal del Contratista o su Apoderado
G85: Matricula No. :
B87: OBSERVACIONES INTERVENTORÍA
B91: APROBACIÓN POR INTERVENTORÍA
B92: Nota 1: Cuando se trate de Análisis de precios unitarios correspondientes a ítems de la propuesta económica aprobada, el Interventor aprueba el desglose de los componentes manteniendo el mismo precio unitario de cada ítem, cumpliendo con las especificaciones de construcción vigentes para el proyecto.
B94: Nota 2: Cuando se trate de Análisis de precios unitarios de ítems no previstos, el Interventor aprueba el desglose y precio unitario de cada ítem no previsto, exigiendo la aplicación de los costos correspondientes a insumos y tarifas de la propuesta económica inicial cuando estén contemplados, cumpliendo con las especificaciones de construcción vigente para el proyecto.
G97: Firma
G98: Nombre:
G99: Representante Legal del Interventor o su Apoderado
G100: Matricula No. :
B101: Original: Archivo de Gestión del Contrato (Subdirección Administrativa).
B102: Copias: Unidad Ejecutora, Contratista, Interventor y Dirección Territorial.

Sheet 460.1P
K2: CÓDIGO | L2: MINFRA-MN-IN-10-FR-1
C3: INSTITUTO NACIONAL DE VIAS
C4: DIRECCION TECNICA | K4: VERSIÓN | L4: 2
C5: PROCESO GESTIÓN DE LA INFRAESTRUCTURA VIAL
C6: MANUAL DE INTERVENTORÍA OBRA PUBLICA | K6: PÁGINA | L6: 1 | M6: DE | N6: 1
C8: ANALISIS DE PRECIOS UNITARIOS
K10: FECHA | L10: DD | M10: MM | N10: AA
L11: XXX | M11: XXX | N11: XXX
B12: ITEMS DE LA PROPUESTA ECONÓMICA | H12: ITEMS NO PREVISTOS
B13: UNIDAD EJECUTORA: | D13: XXXXXXXXXX | I13: DIRECCIÓN TERRITORIAL: | J13: XXXXXXXXXX
B19: CONTRATO No. | D19: XXXXXXXXXX | G19: DE | H19: XXXXXXXXXX
B20: OBJETO DEL CONTRATO | D20: MEJORAMIENTO, REHABILITACION Y MANTENIMIENTO, GESTION PREDIAL, SOCIAL Y AMBIENTAL SOSTENIBLE DE LA CARRETERA CUCUTA-SARDINATA-OCAÑA-AGUACLARA, INCLUYE EL NUEVO PUENTE SOBRE EL RIO ZULIA, EN EL DEPARTAMENTO DE NORTE DE SANTANDER, EN MARCO DEL PROGRAMA DE OBRA PUBLICA "CONCLUIR Y CONCLUIR PARA LA REACTIVACIÓN DE LAS REGIONES"
B23: CONTRATISTA : | D23: XXXXXXXXXX
B25: INTERVENTOR | D25: XXXXXXXXXX
B27: GESTOR TECNICO DE CONTRATO | E27: XXXXXXXXXX
B29: FECHA CIERRE DE LICITACIÓN Y/O SELECCIÓN ABREVIADA | G29: XXXXXXXXXX
B31: DATOS ESPECÍFICOS
B33: ITEM | C33: DESCRIPCIÓN | K33: GRUPO DE AJUSTE | L33: UNIDAD | N33: CANTIDAD
B34: 460.1P | C34: Fresado de pavimento asfaltico | L34: m3 | N34: 6964
B35: I. EQUIPO
B38: DESCRIPCIÓN | G38: MARCA | I38: TIPO | K38: TARIFA/HORA | L38: RENDIMIENTO
B39: FRESADORA DE PAVIMENTO | K39: 536500 | L39: 15 | N39: 35766.667
B40: BARREDORA MECANICA DE CEPILLO | K40: 69000 | L40: 15 | N40: 4600
B41: CARGADOR | K41: 150000 | L41: 15 | N41: 10000
B43: SUBTOTAL $ | N43: 50366.667
B44: II. MATERIALES
B47: DESCRIPCIÓN | J47: UNIDAD | K47: CANTIDAD | L47: PRECIO UNIT. | N47: Vr. UNITARIO
B48: DERECHOS DISPOSICION DE MATERIALES (INCLUYE CONFORMACIÓN Y COMPACTACIÓN DE SITIOS DE DISPOSICIÓN DE SOBRANTES) | J48: M3 | K48: 1.25 | L48: 1500 | N48: 1875
B50: SUBTOTAL $ | N50: 1875
B51: III. TRANSPORTES
B54: MATERIAL | I54: VOL. o PESO | J54: DISTANCIA | K54: M3 o Ton/Km | L54: TARIFA | N54: Vr. UNITARIO
B55: MATERIAL FRESADO | I55: 1.25 | J55: 10 | K55: 12.5 | L55: 904 | N55: 11300
B57: SUBTOTAL $ | N57: 11300
B58: IV. MANO DE OBRA
B61: TRABAJADOR | I61: JORNAL | J61: PRESTACIONES | K61: JORNAL TOTAL | L61: RENDIMIENTO | N61: Vr. UNITARIO
B62: OBREROS (2) | I62: 64000 | J62: 1.85 | K62: 118400 | L62: 120 | N62: 986.66667
B66: SUBTOTAL $ | N66: 986.66667
B68: TOTAL COSTO DIRECTO $ | N68: 64528.333
B69: V. COSTOS INDIRECTOS
B72: Descripción | K72: Porcentaje | L72: Valor Total
B73: ADMINISTRACION | K73: 0.2 | L73: 12905.667
B74: IMPREVISTOS | K74: 0.05 | L74: 3226.4167
B75: UTILIDAD | K75: 0.05 | L75: 3226.4167
B76: SUBTOTAL $ | N76: 19358.5
B78: Precio Unitario Total Aproximado al peso $ | N78: 83887
G82: Firma
G83: Nombre:
G84: Representante Legal del Contratista o su Apoderado
G85: Matricula No. :
B87: OBSERVACIONES INTERVENTORÍA
B91: APROBACIÓN POR INTERVENTORÍA
B92: Nota 1: Cuando se trate de Análisis de precios unitarios correspondientes a ítems de la propuesta económica aprobada, el Interventor aprueba el desglose de los componentes manteniendo el mismo precio unitario de cada ítem, cumpliendo con las especificaciones de construcción vigentes para el proyecto.
B94: Nota 2: Cuando se trate de Análisis de precios unitarios de ítems no previstos, el Interventor aprueba el desglose y precio unitario de cada ítem no previsto, exigiendo la aplicación de los costos correspondientes a insumos y tarifas de la propuesta económica inicial cuando estén contemplados, cumpliendo con las especificaciones de construcción vigente para el proyecto.
G97: Firma
G98: Nombre:
G99: Representante Legal del Interventor o su Apoderado
G100: Matricula No. :
B101: Original: Archivo de Gestión del Contrato (Subdirección Administrativa).
B102: Copias: Unidad Ejecutora, Contratista, Interventor y Dirección Territorial.

Sheet 465.1
K2: CÓDIGO | L2: MINFRA-MN-IN-10-FR-1
C3: INSTITUTO NACIONAL DE VIAS
C4: DIRECCION TECNICA | K4: VERSIÓN | L4: 2
C5: PROCESO GESTIÓN DE LA INFRAESTRUCTURA VIAL
C6: MANUAL DE INTERVENTORÍA OBRA PUBLICA | K6: PÁGINA | L6: 1 | M6: DE | N6: 1
C8: ANALISIS DE PRECIOS UNITARIOS
K10: FECHA | L10: DD | M10: MM | N10: AA
L11: XXX | M11: XXX | N11: XXX
B12: ITEMS DE LA PROPUESTA ECONÓMICA | H12: ITEMS NO PREVISTOS
B13: UNIDAD EJECUTORA: | D13: XXXXXXXXXX | I13: DIRECCIÓN TERRITORIAL: | J13: XXXXXXXXXX
B19: CONTRATO No. | D19: XXXXXXXXXX | G19: DE | H19: XXXXXXXXXX
B20: OBJETO DEL CONTRATO | D20: MEJORAMIENTO, REHABILITACION Y MANTENIMIENTO, GESTION PREDIAL, SOCIAL Y AMBIENTAL SOSTENIBLE DE LA CARRETERA CUCUTA-SARDINATA-OCAÑA-AGUACLARA, INCLUYE EL NUEVO PUENTE SOBRE EL RIO ZULIA, EN EL DEPARTAMENTO DE NORTE DE SANTANDER, EN MARCO DEL PROGRAMA DE OBRA PUBLICA "CONCLUIR Y CONCLUIR PARA LA REACTIVACIÓN DE LAS REGIONES"
B23: CONTRATISTA : | D23: XXXXXXXXXX
B25: INTERVENTOR | D25: XXXXXXXXXX
B27: GESTOR TECNICO DE CONTRATO | E27: XXXXXXXXXX
B29: FECHA CIERRE DE LICITACIÓN Y/O SELECCIÓN ABREVIADA | G29: XXXXXXXXXX
B31: DATOS ESPECÍFICOS
B33: ITEM | C33: DESCRIPCIÓN | K33: GRUPO DE AJUSTE | L33: UNIDAD | N33: CANTIDAD
B34: 465.1 | C34: Excavación para reparación de pavimento asfáltico existente incluyendo el corte y la remoción de las capas asfálticas y de las subyacentes. | L34: m3 | N34: 321
B35: I. EQUIPO
B38: DESCRIPCIÓN | G38: MARCA | I38: TIPO | K38: TARIFA/HORA | L38: RENDIMIENTO
B39: COMPRESOR CON MARTILLO | K39: 102000 | L39: 10 | N39: 10200
B40: CORTADORA DE PAVIMENTO | K40: 45000 | L40: 10 | N40: 4500
B41: RETROEXCAVADORA | K41: 180000 | L41: 10 | N41: 18000
B42: COMPACTADOR VIBRATORIO | K42: 110000 | L42: 10 | N42: 11000
B43: HERRAMIENTA MENOR (5%MO) | N43: 148
B44: SUBTOTAL $ | N44: 43848
B45: II. MATERIALES
B48: DESCRIPCIÓN | J48: UNIDAD | K48: CANTIDAD | L48: PRECIO UNIT. | N48: Vr. UNITARIO
B49: DERECHOS DISPOSICION DE MATERIALES (INCLUYE CONFORMACIÓN Y COMPACTACIÓN DE SITIOS DE DISPOSICIÓN DE SOBRANTES) | J49: M3 | K49: 1.3 | L49: 1500 | N49: 1950
B51: SUBTOTAL $ | N51: 1950
B52: III. TRANSPORTES
B55: MATERIAL | I55: VOL. o PESO | J55: DISTANCIA | K55: M3 o Ton/Km | L55: TARIFA | N55: Vr. UNITARIO
B56: TRANSPORTE MATERIAL | I56: 1.3 | J56: 10 | K56: 13 | L56: 904 | N56: 11752
B58: SUBTOTAL $ | N58: 11752
B59: IV. MANO DE OBRA
B62: TRABAJADOR | I62: JORNAL | J62: PRESTACIONES | K62: JORNAL TOTAL | L62: RENDIMIENTO | N62: Vr. UNITARIO
B63: OBREROS (4) | I63: 128000 | J63: 1.85 | K63: 236800 | L63: 80 | N63: 2960
B67: SUBTOTAL $ | N67: 2960
B69: TOTAL COSTO DIRECTO $ | N69: 60510
B70: V. COSTOS INDIRECTOS
B73: Descripción | K73: Porcentaje | L73: Valor Total
B74: ADMINISTRACION | K74: 0.2 | L74: 12102
B75: IMPREVISTOS | K75: 0.05 | L75: 3025.5
B76: UTILIDAD | K76: 0.05 | L76: 3025.5
B77: SUBTOTAL $ | N77: 18153
B79: Precio Unitario Total Aproximado al peso $ | N79: 78663
G83: Firma
G84: Nombre:
G85: Representante Legal del Contratista o su Apoderado
G86: Matricula No. :
B88: OBSERVACIONES INTERVENTORÍA
B92: APROBACIÓN POR INTERVENTORÍA
B93: Nota 1: Cuando se trate de Análisis de precios unitarios correspondientes a ítems de la propuesta económica aprobada, el Interventor aprueba el desglose de los componentes manteniendo el mismo precio unitario de cada ítem, cumpliendo con las especificaciones de construcción vigentes para el proyecto.
B95: Nota 2: Cuando se trate de Análisis de precios unitarios de ítems no previstos, el Interventor aprueba el desglose y precio unitario de cada ítem no previsto, exigiendo la aplicación de los costos correspondientes a insumos y tarifas de la propuesta económica inicial cuando estén contemplados, cumpliendo con las especificaciones de construcción vigente para el proyecto.
G98: Firma
G99: Nombre:
G100: Representante Legal del Interventor o su Apoderado
G101: Matricula No. :
B102: Original: Archivo de Gestión del Contrato (Subdirección Administrativa).
B103: Copias: Unidad Ejecutora, Contratista, Interventor y Dirección Territorial.

Sheet 600.1.1
K2: CÓDIGO | L2: MINFRA-MN-IN-10-FR-1
C3: INSTITUTO NACIONAL DE VIAS
C4: DIRECCION TECNICA | K4: VERSIÓN | L4: 2
C5: PROCESO GESTIÓN DE LA INFRAESTRUCTURA VIAL
C6: MANUAL DE INTERVENTORÍA OBRA PUBLICA | K6: PÁGINA | L6: 1 | M6: DE | N6: 1
C8: ANALISIS DE PRECIOS UNITARIOS
K10: FECHA | L10: DD | M10: MM | N10: AA
L11: XXX | M11: XXX | N11: XXX
B12: ITEMS DE LA PROPUESTA ECONÓMICA | H12: ITEMS NO PREVISTOS
B13: UNIDAD EJECUTORA: | D13: XXXXXXXXXX | I13: DIRECCIÓN TERRITORIAL: | J13: XXXXXXXXXX
B19: CONTRATO No. | D19: XXXXXXXXXX | G19: DE | H19: XXXXXXXXXX
B20: OBJETO DEL CONTRATO | D20: MEJORAMIENTO, REHABILITACION Y MANTENIMIENTO, GESTION PREDIAL, SOCIAL Y AMBIENTAL SOSTENIBLE DE LA CARRETERA CUCUTA-SARDINATA-OCAÑA-AGUACLARA, INCLUYE EL NUEVO PUENTE SOBRE EL RIO ZULIA, EN EL DEPARTAMENTO DE NORTE DE SANTANDER, EN MARCO DEL PROGRAMA DE OBRA PUBLICA "CONCLUIR Y CONCLUIR PARA LA REACTIVACIÓN DE LAS REGIONES"
B23: CONTRATISTA : | D23: XXXXXXXXXX
B25: INTERVENTOR | D25: XXXXXXXXXX
B27: GESTOR TECNICO DE CONTRATO | E27: XXXXXXXXXX
B29: FECHA CIERRE DE LICITACIÓN Y/O SELECCIÓN ABREVIADA | G29: XXXXXXXXXX
B31: DATOS ESPECÍFICOS
B33: ITEM | C33: DESCRIPCIÓN | K33: GRUPO DE AJUSTE | L33: UNIDAD | N33: CANTIDAD
B34: 600.1.1 | C34: Excavaciones varias sin clasificar | L34: m3 | N34: 584
B35: I. EQUIPO
B38: DESCRIPCIÓN | G38: MARCA | I38: TIPO | K38: TARIFA/HORA | L38: RENDIMIENTO | N38: Vr. UNITARIO
B39: RETROEXCAVADORA | K39: 180000 | L39: 25 | N39: 7200
B40: COMPRESOR CON MARTILLO | K40: 102000 | L40: 35 | N40: 2914.2857
B41: HERRAMIENTA MENOR (10%MO) | N41: 112.85
B43: SUBTOTAL $ | N43: 10227.136
B44: II. MATERIALES
B47: DESCRIPCIÓN | J47: UNIDAD | K47: CANTIDAD | L47: PRECIO UNIT. | N47: Vr. UNITARIO
B48: DERECHOS DISPOSICION DE MATERIALES (INCLUYE CONFORMACIÓN Y COMPACTACIÓN DE SITIOS DE DISPOSICIÓN DE SOBRANTES) | J48: M3 | K48: 1.3 | L48: 1500 | N48: 1950
B51: SUBTOTAL $ | N51: 1950
B52: III. TRANSPORTES
B55: MATERIAL | I55: VOL. o PESO | J55: DISTANCIA | K55: M3 o Ton/Km | L55: TARIFA | N55: Vr. UNITARIO
B56: TRANSPORTE DE MATERIAL | I56: 1.3 | J56: 10 | K56: 13 | L56: 904 | N56: 11752
B59: SUBTOTAL $ | N59: 11752
B60: IV. MANO DE OBRA
B63: TRABAJADOR | I63: JORNAL | J63: PRESTACIONES | K63: JORNAL TOTAL | L63: RENDIMIENTO | N63: Vr. UNITARIO
B64: OBREROS (2) | I64: 64000 | J64: 1.85 | K64: 118400 | L64: 200 | N64: 592
B65: OFICIAL | I65: 58000 | J65: 1.85 | K65: 107300 | L65: 200 | N65: 536.5
B68: SUBTOTAL $ | N68: 1128.5
B70: TOTAL COSTO DIRECTO $ | N70: 25057.636
B71: V. COSTOS INDIRECTOS
B74: Descripción | K74: Porcentaje | L74: Valor Total
B75: ADMINISTRACION | K75: 0.2 | L75: 5011.5271
B76: IMPREVISTOS | K76: 0.05 | L76: 1252.8818
B77: UTILIDAD | K77: 0.05 | L77: 1252.8818
B78: SUBTOTAL $ | N78: 7517.2907
B80: Precio Unitario Total Aproximado al peso $ | N80: 32575
G84: Firma
G85: Nombre:
G86: Representante Legal del Contratista o su Apoderado
G87: Matricula No. :
B89: OBSERVACIONES INTERVENTORÍA
B93: APROBACIÓN POR INTERVENTORÍA
B94: Nota 1: Cuando se trate de Análisis de precios unitarios correspondientes a ítems de la propuesta económica aprobada, el Interventor aprueba el desglose de los componentes manteniendo el mismo precio unitario de cada ítem, cumpliendo con las especificaciones de construcción vigentes para el proyecto.
B96: Nota 2: Cuando se trate de Análisis de precios unitarios de ítems no previstos, el Interventor aprueba el desglose y precio unitario de cada ítem no previsto, exigiendo la aplicación de los costos correspondientes a insumos y tarifas de la propuesta económica inicial cuando estén contemplados, cumpliendo con las especificaciones de construcción vigente para el proyecto.
G99: Firma
G100: Nombre:
G101: Representante Legal del Interventor o su Apoderado
G102: Matricula No. :
B103: Original: Archivo de Gestión del Contrato (Subdirección Administrativa).
B104: Copias: Unidad Ejecutora, Contratista, Interventor y Dirección Territorial.

Sheet 600.2.1
K2: CÓDIGO | L2: MINFRA-MN-IN-10-FR-1
C3: INSTITUTO NACIONAL DE VIAS
C4: DIRECCION TECNICA | K4: VERSIÓN | L4: 2
C5: PROCESO GESTIÓN DE LA INFRAESTRUCTURA VIAL
C6: MANUAL DE INTERVENTORÍA OBRA PUBLICA | K6: PÁGINA | L6: 1 | M6: DE | N6: 1
C8: ANALISIS DE PRECIOS UNITARIOS
K10: FECHA | L10: DD | M10: MM | N10: AA
L11: XXX | M11: XXX | N11: XXX
B12: ITEMS DE LA PROPUESTA ECONÓMICA | H12: ITEMS NO PREVISTOS
B13: UNIDAD EJECUTORA: | D13: XXXXXXXXXX | I13: DIRECCIÓN TERRITORIAL: | J13: XXXXXXXXXX
B19: CONTRATO No. | D19: XXXXXXXXXX | G19: DE | H19: XXXXXXXXXX
B20: OBJETO DEL CONTRATO | D20: MEJORAMIENTO, REHABILITACION Y MANTENIMIENTO, GESTION PREDIAL, SOCIAL Y AMBIENTAL SOSTENIBLE DE LA CARRETERA CUCUTA-SARDINATA-OCAÑA-AGUACLARA, INCLUYE EL NUEVO PUENTE SOBRE EL RIO ZULIA, EN EL DEPARTAMENTO DE NORTE DE SANTANDER, EN MARCO DEL PROGRAMA DE OBRA PUBLICA "CONCLUIR Y CONCLUIR PARA LA REACTIVACIÓN DE LAS REGIONES"
B23: CONTRATISTA : | D23: XXXXXXXXXX
B25: INTERVENTOR | D25: XXXXXXXXXX
B27: GESTOR TECNICO DE CONTRATO | E27: XXXXXXXXXX
B29: FECHA CIERRE DE LICITACIÓN Y/O SELECCIÓN ABREVIADA | G29: XXXXXXXXXX
B31: DATOS ESPECÍFICOS
B33: ITEM | C33: DESCRIPCIÓN | K33: GRUPO DE AJUSTE | L33: UNIDAD | N33: CANTIDAD
B34: 600.2.1 | C34: Excavaciones varias en roca en seco | L34: m3 | N34: 1239
B35: I. EQUIPO
B38: DESCRIPCIÓN | G38: MARCA | I38: TIPO | K38: TARIFA/HORA | L38: RENDIMIENTO | N38: Vr. UNITARIO
B39: COMPRESOR CON MARTILLO | K39: 102000 | L39: 10 | N39: 10200
B40: RETROEXCAVADORA | K40: 180000 | L40: 50 | N40: 3600
B41: HERRAMIENTA MENOR (5%MO) | N41: 215.0625
B43: SUBTOTAL $ | N43: 14015.062
B44: II. MATERIALES
B47: DESCRIPCIÓN | J47: UNIDAD | K47: CANTIDAD | L47: PRECIO UNIT. | N47: Vr. UNITARIO
B48: EXPLOSIVOS 75% (INDUGEL) | J48: LB | K48: 0.4 | L48: 12000 | N48: 4800
B49: FULMINANTES O STOPIN | J49: U | K49: 1 | L49: 662 | N49: 662
B50: MECHA LENTA | J50: ML | K50: 0.5 | L50: 4000 | N50: 2000
B51: CORDON DETONANTE | J51: ML | K51: 2 | L51: 2200 | N51: 4400
B52: ESCOLTA Y TRANSPORTE | N52: 17793
B53: DERECHOS DISPOSICION DE MATERIALES (INCLUYE CONFORMACIÓN Y COMPACTACIÓN DE SITIOS DE DISPOSICIÓN DE SOBRANTES) | J53: M3 | K53: 1.4 | L53: 1500 | N53: 2100
B54: SUBTOTAL $ | N54: 31755
B55: III. TRANSPORTES
B58: MATERIAL | I58: VOL. o PESO | J58: DISTANCIA | K58: M3 o Ton/Km | L58: TARIFA | N58: Vr. UNITARIO
B59: TRANSPORTE | I59: 1.4 | J59: 10 | K59: 14 | L59: 904 | N59: 12656
B62: SUBTOTAL $ | N62: 12656
B63: IV. MANO DE OBRA
B66: TRABAJADOR | I66: JORNAL | J66: PRESTACIONES | K66: JORNAL TOTAL | L66: RENDIMIENTO | N66: Vr. UNITARIO
B67: OBREROS (4) | I67: 128000 | J67: 1.85 | K67: 236800 | L67: 80 | N67: 2960
B68: OFICIAL | I68: 58000 | J68: 1.85 | K68: 107300 | L68: 80 | N68: 1341.25
B71: SUBTOTAL $ | N71: 4301.25
B73: TOTAL COSTO DIRECTO $ | N73: 62727.312
B74: V. COSTOS INDIRECTOS
B77: Descripción | K77: Porcentaje | L77: Valor Total
B78: ADMINISTRACION | K78: 0.2 | L78: 12545.463
B79: IMPREVISTOS | K79: 0.05 | L79: 3136.3656
B80: UTILIDAD | K80: 0.05 | L80: 3136.3656
B81: SUBTOTAL $ | N81: 18818.194
B83: Precio Unitario Total Aproximado al peso $ | N83: 81546
G87: Firma
G88: Nombre:
G89: Representante Legal del Contratista o su Apoderado
G90: Matricula No. :
B92: OBSERVACIONES INTERVENTORÍA
B96: APROBACIÓN POR INTERVENTORÍA
B97: Nota 1: Cuando se trate de Análisis de precios unitarios correspondientes a ítems de la propuesta económica aprobada, el Interventor aprueba el desglose de los componentes manteniendo el mismo precio unitario de cada ítem, cumpliendo con las especificaciones de construcción vigentes para el proyecto.
B99: Nota 2: Cuando se trate de Análisis de precios unitarios de ítems no previstos, el Interventor aprueba el desglose y precio unitario de cada ítem no previsto, exigiendo la aplicación de los costos correspondientes a insumos y tarifas de la propuesta económica inicial cuando estén contemplados, cumpliendo con las especificaciones de construcción vigente para el proyecto.
G102: Firma
G103: Nombre:
G104: Representante Legal del Interventor o su Apoderado
G105: Matricula No. :
B106: Original: Archivo de Gestión del Contrato (Subdirección Administrativa).
B107: Copias: Unidad Ejecutora, Contratista, Interventor y Dirección Territorial.

Sheet 600.2.3
K2: CÓDIGO | L2: MINFRA-MN-IN-10-FR-1
C3: INSTITUTO NACIONAL DE VIAS
C4: DIRECCION TECNICA | K4: VERSIÓN | L4: 2
C5: PROCESO GESTIÓN DE LA INFRAESTRUCTURA VIAL
C6: MANUAL DE INTERVENTORÍA OBRA PUBLICA | K6: PÁGINA | L6: 1 | M6: DE | N6: 1
C8: ANALISIS DE PRECIOS UNITARIOS
K10: FECHA | L10: DD | M10: MM | N10: AA
L11: XXX | M11: XXX | N11: XXX
B12: ITEMS DE LA PROPUESTA ECONÓMICA | H12: ITEMS NO PREVISTOS
B13: UNIDAD EJECUTORA: | D13: XXXXXXXXXX | I13: DIRECCIÓN TERRITORIAL: | J13: XXXXXXXXXX
B19: CONTRATO No. | D19: XXXXXXXXXX | G19: DE | H19: XXXXXXXXXX
B20: OBJETO DEL CONTRATO | D20: MEJORAMIENTO, REHABILITACION Y MANTENIMIENTO, GESTION PREDIAL, SOCIAL Y AMBIENTAL SOSTENIBLE DE LA CARRETERA CUCUTA-SARDINATA-OCAÑA-AGUACLARA, INCLUYE EL NUEVO PUENTE SOBRE EL RIO ZULIA, EN EL DEPARTAMENTO DE NORTE DE SANTANDER, EN MARCO DEL PROGRAMA DE OBRA PUBLICA "CONCLUIR Y CONCLUIR PARA LA REACTIVACIÓN DE LAS REGIONES"
B23: CONTRATISTA : | D23: XXXXXXXXXX
B25: INTERVENTOR | D25: XXXXXXXXXX
B27: GESTOR TECNICO DE CONTRATO | E27: XXXXXXXXXX
B29: FECHA CIERRE DE LICITACIÓN Y/O SELECCIÓN ABREVIADA | G29: XXXXXXXXXX
B31: DATOS ESPECÍFICOS
B33: ITEM | C33: DESCRIPCIÓN | K33: GRUPO DE AJUSTE | L33: UNIDAD | N33: CANTIDAD
B34: 600.2.3 | C34: Excavaciones varias en material comun en seco | L34: m3 | N34: 637
B35: I. EQUIPO
B38: DESCRIPCIÓN | G38: MARCA | I38: TIPO | K38: TARIFA/HORA | L38: RENDIMIENTO | N38: Vr. UNITARIO
B39: RETROEXCAVADORA | K39: 180000 | L39: 30 | N39: 6000
B40: HERRAMIENTA MENOR (2%MO) | N40: 4.9333333
B43: SUBTOTAL $ | N43: 6004.9333
B44: II. MATERIALES
B47: DESCRIPCIÓN | J47: UNIDAD | K47: CANTIDAD | L47: PRECIO UNIT. | N47: Vr. UNITARIO
B48: DERECHOS DISPOSICION DE MATERIALES (INCLUYE CONFORMACIÓN Y COMPACTACIÓN DE SITIOS DE DISPOSICIÓN DE SOBRANTES) | J48: M3 | K48: 1.3 | L48: 1500 | N48: 1950
B53: SUBTOTAL $ | N53: 1950
B54: III. TRANSPORTES
B57: MATERIAL | I57: VOL. o PESO | J57: DISTANCIA | K57: M3 o Ton/Km | L57: TARIFA | N57: Vr. UNITARIO
B58: TRANSPORTE | I58: 1.3 | J58: 10 | K58: 13 | L58: 904 | N58: 11752
B61: SUBTOTAL $ | N61: 11752
B62: IV. MANO DE OBRA
B65: TRABAJADOR | I65: JORNAL | J65: PRESTACIONES | K65: JORNAL TOTAL | L65: RENDIMIENTO | N65: Vr. UNITARIO
B66: OBREROS (1) | I66: 32000 | J66: 1.85 | K66: 59200 | L66: 240 | N66: 246.66667
B70: SUBTOTAL $ | N70: 246.66667
B72: TOTAL COSTO DIRECTO $ | N72: 19953.6
B73: V. COSTOS INDIRECTOS
B76: Descripción | K76: Porcentaje | L76: Valor Total
B77: ADMINISTRACION | K77: 0.2 | L77: 3990.72
B78: IMPREVISTOS | K78: 0.05 | L78: 997.68
B79: UTILIDAD | K79: 0.05 | L79: 997.68
B80: SUBTOTAL $ | N80: 5986.08
B82: Precio Unitario Total Aproximado al peso $ | N82: 25940
G86: Firma
G87: Nombre:
G88: Representante Legal del Contratista o su Apoderado
G89: Matricula No. :
B91: OBSERVACIONES INTERVENTORÍA
B95: APROBACIÓN POR INTERVENTORÍA
B96: Nota 1: Cuando se trate de Análisis de precios unitarios correspondientes a ítems de la propuesta económica aprobada, el Interventor aprueba el desglose de los componentes manteniendo el mismo precio unitario de cada ítem, cumpliendo con las especificaciones de construcción vigentes para el proyecto.
B98: Nota 2: Cuando se trate de Análisis de precios unitarios de ítems no previstos, el Interventor aprueba el desglose y precio unitario de cada ítem no previsto, exigiendo la aplicación de los costos correspondientes a insumos y tarifas de la propuesta económica inicial cuando estén contemplados, cumpliendo con las especificaciones de construcción vigente para el proyecto.
G101: Firma
G102: Nombre:
G103: Representante Legal del Interventor o su Apoderado
G104: Matricula No. :
B105: Original: Archivo de Gestión del Contrato (Subdirección Administrativa).
B106: Copias: Unidad Ejecutora, Contratista, Interventor y Dirección Territorial.

Sheet 610.1
K2: CÓDIGO | L2: MINFRA-MN-IN-10-FR-1
C3: INSTITUTO NACIONAL DE VIAS
C4: DIRECCION TECNICA | K4: VERSIÓN | L4: 2
C5: PROCESO GESTIÓN DE LA INFRAESTRUCTURA VIAL
C6: MANUAL DE INTERVENTORÍA OBRA PUBLICA | K6: PÁGINA | L6: 1 | M6: DE | N6: 1
C8: ANALISIS DE PRECIOS UNITARIOS
K10: FECHA | L10: DD | M10: MM | N10: AA
L11: XXX | M11: XXX | N11: XXX
B12: ITEMS DE LA PROPUESTA ECONÓMICA | H12: ITEMS NO PREVISTOS
B13: UNIDAD EJECUTORA: | D13: XXXXXXXXXX | I13: DIRECCIÓN TERRITORIAL: | J13: XXXXXXXXXX
B19: CONTRATO No. | D19: XXXXXXXXXX | G19: DE | H19: XXXXXXXXXX
B20: OBJETO DEL CONTRATO | D20: MEJORAMIENTO, REHABILITACION Y MANTENIMIENTO, GESTION PREDIAL, SOCIAL Y AMBIENTAL SOSTENIBLE DE LA CARRETERA CUCUTA-SARDINATA-OCAÑA-AGUACLARA, INCLUYE EL NUEVO PUENTE SOBRE EL RIO ZULIA, EN EL DEPARTAMENTO DE NORTE DE SANTANDER, EN MARCO DEL PROGRAMA DE OBRA PUBLICA "CONCLUIR Y CONCLUIR PARA LA REACTIVACIÓN DE LAS REGIONES"
B23: CONTRATISTA : | D23: XXXXXXXXXX
B25: INTERVENTOR | D25: XXXXXXXXXX
B27: GESTOR TECNICO DE CONTRATO | E27: XXXXXXXXXX
B29: FECHA CIERRE DE LICITACIÓN Y/O SELECCIÓN ABREVIADA | G29: XXXXXXXXXX
B31: DATOS ESPECÍFICOS
B33: ITEM | C33: DESCRIPCIÓN | K33: GRUPO DE AJUSTE | L33: UNIDAD | N33: CANTIDAD
B34: 610.1 | C34: Rellenos para Estructuras con suelo | L34: m3 | N34: 804
B35: I. EQUIPO
B38: DESCRIPCIÓN | G38: MARCA | I38: TIPO | K38: TARIFA/HORA | L38: RENDIMIENTO | N38: Vr. UNITARIO
B39: COMPACTADOR MANUAL VIBRATORIO (RANA) | K39: 11300 | L39: 2.5 | N39: 4520
B40: HERRAMIENTA MENOR (5%MO) | N40: 712.25
B43: SUBTOTAL $ | N43: 5232.25
B44: II. MATERIALES
B47: DESCRIPCIÓN | J47: UNIDAD | K47: CANTIDAD | L47: PRECIO UNIT. | N47: Vr. UNITARIO
B48: MATERIAL SELECCIONADO PARA RELLENO (PROVENIENTE DE LA EXCAVACION) | J48: M3 | K48: 1.3 | N48: 0
B49: AGUA | J49: LT | K49: 30 | L49: 80 | N49: 2400
B53: SUBTOTAL $ | N53: 2400
B54: III. TRANSPORTES
B57: MATERIAL | I57: VOL. o PESO | J57: DISTANCIA | K57: M3 o Ton/Km | L57: TARIFA | N57: Vr. UNITARIO
B58: MATERIALES SELECCIONADOS | I58: 1.3 | J58: 10 | K58: 13 | L58: 904 | N58: 11752
B61: SUBTOTAL $ | N61: 11752
B62: IV. MANO DE OBRA
B65: TRABAJADOR | I65: JORNAL | J65: PRESTACIONES | K65: JORNAL TOTAL | L65: RENDIMIENTO | N65: Vr. UNITARIO
B66: OBREROS (3) | I66: 96000 | J66: 1.85 | K66: 177600 | L66: 20 | N66: 8880
B67: OFICIAL | I67: 58000 | J67: 1.85 | K67: 107300 | L67: 20 | N67: 5365
B70: SUBTOTAL $ | N70: 14245
B72: TOTAL COSTO DIRECTO $ | N72: 33629.25
B73: V. COSTOS INDIRECTOS
B76: Descripción | K76: Porcentaje | L76: Valor Total
B77: ADMINISTRACION | K77: 0.2 | L77: 6725.85
B78: IMPREVISTOS | K78: 0.05 | L78: 1681.4625
B79: UTILIDAD | K79: 0.05 | L79: 1681.4625
B80: SUBTOTAL $ | N80: 10088.775
B82: Precio Unitario Total Aproximado al peso $ | N82: 43718
G86: Firma
G87: Nombre:
G88: Representante Legal del Contratista o su Apoderado
G89: Matricula No. :
B91: OBSERVACIONES INTERVENTORÍA
B95: APROBACIÓN POR INTERVENTORÍA
B96: Nota 1: Cuando se trate de Análisis de precios unitarios correspondientes a ítems de la propuesta económica aprobada, el Interventor aprueba el desglose de los componentes manteniendo el mismo precio unitario de cada ítem, cumpliendo con las especificaciones de construcción vigentes para el proyecto.
B98: Nota 2: Cuando se trate de Análisis de precios unitarios de ítems no previstos, el Interventor aprueba el desglose y precio unitario de cada ítem no previsto, exigiendo la aplicación de los costos correspondientes a insumos y tarifas de la propuesta económica inicial cuando estén contemplados, cumpliendo con las especificaciones de construcción vigente para el proyecto.
G101: Firma
G102: Nombre:
G103: Representante Legal del Interventor o su Apoderado
G104: Matricula No. :
B105: Original: Archivo de Gestión del Contrato (Subdirección Administrativa).
B106: Copias: Unidad Ejecutora, Contratista, Interventor y Dirección Territorial.

Sheet 610.2
K2: CÓDIGO | L2: MINFRA-MN-IN-10-FR-1
C3: INSTITUTO NACIONAL DE VIAS
C4: DIRECCION TECNICA | K4: VERSIÓN | L4: 2
C5: PROCESO GESTIÓN DE LA INFRAESTRUCTURA VIAL
C6: MANUAL DE INTERVENTORÍA OBRA PUBLICA | K6: PÁGINA | L6: 1 | M6: DE | N6: 1
C8: ANALISIS DE PRECIOS UNITARIOS
K10: FECHA | L10: DD | M10: MM | N10: AA
L11: XXX | M11: XXX | N11: XXX
B12: ITEMS DE LA PROPUESTA ECONÓMICA | H12: ITEMS NO PREVISTOS
B13: UNIDAD EJECUTORA: | D13: XXXXXXXXXX | I13: DIRECCIÓN TERRITORIAL: | J13: XXXXXXXXXX
B19: CONTRATO No. | D19: XXXXXXXXXX | G19: DE | H19: XXXXXXXXXX
B20: OBJETO DEL CONTRATO | D20: MEJORAMIENTO, REHABILITACION Y MANTENIMIENTO, GESTION PREDIAL, SOCIAL Y AMBIENTAL SOSTENIBLE DE LA CARRETERA CUCUTA-SARDINATA-OCAÑA-AGUACLARA, INCLUYE EL NUEVO PUENTE SOBRE EL RIO ZULIA, EN EL DEPARTAMENTO DE NORTE DE SANTANDER, EN MARCO DEL PROGRAMA DE OBRA PUBLICA "CONCLUIR Y CONCLUIR PARA LA REACTIVACIÓN DE LAS REGIONES"
B23: CONTRATISTA : | D23: XXXXXXXXXX
B25: INTERVENTOR | D25: XXXXXXXXXX
B27: GESTOR TECNICO DE CONTRATO | E27: XXXXXXXXXX
B29: FECHA CIERRE DE LICITACIÓN Y/O SELECCIÓN ABREVIADA | G29: XXXXXXXXXX
B31: DATOS ESPECÍFICOS
B33: ITEM | C33: DESCRIPCIÓN | K33: GRUPO DE AJUSTE | L33: UNIDAD | N33: CANTIDAD
B34: 610.2 | C34: Relleno para estructuras con recebo | L34: m3 | N34: 50
B35: I. EQUIPO
B38: DESCRIPCIÓN | G38: MARCA | I38: TIPO | K38: TARIFA/HORA | L38: RENDIMIENTO | N38: Vr. UNITARIO
B39: COMPACTADOR MANUAL VIBRATORIO (RANA) | K39: 11300 | L39: 2.5 | N39: 4520
B40: HERRAMIENTA MENOR (5%MO) | N40: 712.25
B43: SUBTOTAL $ | N43: 5232.25
B44: II. MATERIALES
B47: DESCRIPCIÓN | J47: UNIDAD | K47: CANTIDAD | L47: PRECIO UNIT. | N47: Vr. UNITARIO
B48: MATERIAL RECEBO | J48: M3 | K48: 1.3 | L48: 20000 | N48: 26000
B49: AGUA | J49: LT | K49: 30 | L49: 80 | N49: 2400
B53: SUBTOTAL $ | N53: 28400
B54: III. TRANSPORTES
B57: MATERIAL | I57: VOL. o PESO | J57: DISTANCIA | K57: M3 o Ton/Km | L57: TARIFA | N57: Vr. UNITARIO
B58: MATERIAL DE RECEBO | I58: 1.3 | J58: 10 | K58: 13 | L58: 904 | N58: 11752
B61: SUBTOTAL $ | N61: 11752
B62: IV. MANO DE OBRA
B65: TRABAJADOR | I65: JORNAL | J65: PRESTACIONES | K65: JORNAL TOTAL | L65: RENDIMIENTO | N65: Vr. UNITARIO
B66: OBREROS (3) | I66: 96000 | J66: 1.85 | K66: 177600 | L66: 20 | N66: 8880
B67: OFICIAL | I67: 58000 | J67: 1.85 | K67: 107300 | L67: 20 | N67: 5365
B70: SUBTOTAL $ | N70: 14245
B72: TOTAL COSTO DIRECTO $ | N72: 59629.25
B73: V. COSTOS INDIRECTOS
B76: Descripción | K76: Porcentaje | L76: Valor Total
B77: ADMINISTRACION | K77: 0.2 | L77: 11925.85
B78: IMPREVISTOS | K78: 0.05 | L78: 2981.4625
B79: UTILIDAD | K79: 0.05 | L79: 2981.4625
B80: SUBTOTAL $ | N80: 17888.775
B82: Precio Unitario Total Aproximado al peso $ | N82: 77518
G86: Firma
G87: Nombre:
G88: Representante Legal del Contratista o su Apoderado
G89: Matricula No. :
B91: OBSERVACIONES INTERVENTORÍA
B95: APROBACIÓN POR INTERVENTORÍA
B96: Nota 1: Cuando se trate de Análisis de precios unitarios correspondientes a ítems de la propuesta económica aprobada, el Interventor aprueba el desglose de los componentes manteniendo el mismo precio unitario de cada ítem, cumpliendo con las especificaciones de construcción vigentes para el proyecto.
B98: Nota 2: Cuando se trate de Análisis de precios unitarios de ítems no previstos, el Interventor aprueba el desglose y precio unitario de cada ítem no previsto, exigiendo la aplicación de los costos correspondientes a insumos y tarifas de la propuesta económica inicial cuando estén contemplados, cumpliendo con las especificaciones de construcción vigente para el proyecto.
G101: Firma
G102: Nombre:
G103: Representante Legal del Interventor o su Apoderado
G104: Matricula No. :
B105: Original: Archivo de Gestión del Contrato (Subdirección Administrativa).
B106: Copias: Unidad Ejecutora, Contratista, Interventor y Dirección Territorial.

Sheet 610.3
K2: CÓDIGO | L2: MINFRA-MN-IN-10-FR-1
C3: INSTITUTO NACIONAL DE VIAS
C4: DIRECCION TECNICA | K4: VERSIÓN | L4: 2
C5: PROCESO GESTIÓN DE LA INFRAESTRUCTURA VIAL
C6: MANUAL DE INTERVENTORÍA OBRA PUBLICA | K6: PÁGINA | L6: 1 | M6: DE | N6: 1
C8: ANALISIS DE PRECIOS UNITARIOS
K10: FECHA | L10: DD | M10: MM | N10: AA
L11: XXX | M11: XXX | N11: XXX
B12: ITEMS DE LA PROPUESTA ECONÓMICA | H12: ITEMS NO PREVISTOS
B13: UNIDAD EJECUTORA: | D13: XXXXXXXXXX | I13: DIRECCIÓN TERRITORIAL: | J13: XXXXXXXXXX
B19: CONTRATO No. | D19: XXXXXXXXXX | G19: DE | H19: XXXXXXXXXX
B20: OBJETO DEL CONTRATO | D20: MEJORAMIENTO, REHABILITACION Y MANTENIMIENTO, GESTION PREDIAL, SOCIAL Y AMBIENTAL SOSTENIBLE DE LA CARRETERA CUCUTA-SARDINATA-OCAÑA-AGUACLARA, INCLUYE EL NUEVO PUENTE SOBRE EL RIO ZULIA, EN EL DEPARTAMENTO DE NORTE DE SANTANDER, EN MARCO DEL PROGRAMA DE OBRA PUBLICA "CONCLUIR Y CONCLUIR PARA LA REACTIVACIÓN DE LAS REGIONES"
B23: CONTRATISTA : | D23: XXXXXXXXXX
B25: INTERVENTOR | D25: XXXXXXXXXX
B27: GESTOR TECNICO DE CONTRATO | E27: XXXXXXXXXX
B29: FECHA CIERRE DE LICITACIÓN Y/O SELECCIÓN ABREVIADA | G29: XXXXXXXXXX
B31: DATOS ESPECÍFICOS
B33: ITEM | C33: DESCRIPCIÓN | K33: GRUPO DE AJUSTE | L33: UNIDAD | N33: CANTIDAD
B34: 610.3 | C34: Rellenos para estructuras con material granular tipo SBG. | L34: m3 | N34: 50
B35: I. EQUIPO
B38: DESCRIPCIÓN | G38: MARCA | I38: TIPO | K38: TARIFA/HORA | L38: RENDIMIENTO | N38: Vr. UNITARIO
B39: COMPACTADOR MANUAL VIBRATORIO (RANA) | K39: 11300 | L39: 2.5 | N39: 4520
B40: HERRAMIENTA MENOR (5%MO) | N40: 712.25
B43: SUBTOTAL $ | N43: 5232.25
B44: II. MATERIALES
B47: DESCRIPCIÓN | J47: UNIDAD | K47: CANTIDAD | L47: PRECIO UNIT. | N47: Vr. UNITARIO
B48: MATERIAL TIPO SUBBASE GRANULAR | J48: M3 | K48: 1.3 | L48: 40000 | N48: 52000
B49: AGUA | J49: LT | K49: 30 | L49: 80 | N49: 2400
B53: SUBTOTAL $ | N53: 54400
B54: III. TRANSPORTES
B57: MATERIAL | I57: VOL. o PESO | J57: DISTANCIA | K57: M3 o Ton/Km | L57: TARIFA | N57: Vr. UNITARIO
B58: MATERIAL SUBBASE | I58: 1.3 | J58: 18 | K58: 23.4 | L58: 904 | N58: 21153.6
B61: SUBTOTAL $ | N61: 21153.6
B62: IV. MANO DE OBRA
B65: TRABAJADOR | I65: JORNAL | J65: PRESTACIONES | K65: JORNAL TOTAL | L65: RENDIMIENTO | N65: Vr. UNITARIO
B66: OBREROS (3) | I66: 96000 | J66: 1.85 | K66: 177600 | L66: 20 | N66: 8880
B67: OFICIAL | I67: 58000 | J67: 1.85 | K67: 107300 | L67: 20 | N67: 5365
B70: SUBTOTAL $ | N70: 14245
B72: TOTAL COSTO DIRECTO $ | N72: 95030.85
B73: V. COSTOS INDIRECTOS
B76: Descripción | K76: Porcentaje | L76: Valor Total
B77: ADMINISTRACION | K77: 0.2 | L77: 19006.17
B78: IMPREVISTOS | K78: 0.05 | L78: 4751.5425
B79: UTILIDAD | K79: 0.05 | L79: 4751.5425
B80: SUBTOTAL $ | N80: 28509.255
B82: Precio Unitario Total Aproximado al peso $ | N82: 123540
G86: Firma
G87: Nombre:
G88: Representante Legal del Contratista o su Apoderado
G89: Matricula No. :
B91: OBSERVACIONES INTERVENTORÍA
B95: APROBACIÓN POR INTERVENTORÍA
B96: Nota 1: Cuando se trate de Análisis de precios unitarios correspondientes a ítems de la propuesta económica aprobada, el Interventor aprueba el desglose de los componentes manteniendo el mismo precio unitario de cada ítem, cumpliendo con las especificaciones de construcción vigentes para el proyecto.
B98: Nota 2: Cuando se trate de Análisis de precios unitarios de ítems no previstos, el Interventor aprueba el desglose y precio unitario de cada ítem no previsto, exigiendo la aplicación de los costos correspondientes a insumos y tarifas de la propuesta económica inicial cuando estén contemplados, cumpliendo con las especificaciones de construcción vigente para el proyecto.
G101: Firma
G102: Nombre:
G103: Representante Legal del Interventor o su Apoderado
G104: Matricula No. :
B105: Original: Archivo de Gestión del Contrato (Subdirección Administrativa).
B106: Copias: Unidad Ejecutora, Contratista, Interventor y Dirección Territorial.

Sheet 621.1.1P
K2: CÓDIGO | L2: MINFRA-MN-IN-10-FR-1
C3: INSTITUTO NACIONAL DE VIAS
C4: DIRECCION TECNICA | K4: VERSIÓN | L4: 2
C5: PROCESO GESTIÓN DE LA INFRAESTRUCTURA VIAL
C6: MANUAL DE INTERVENTORÍA OBRA PUBLICA | K6: PÁGINA | L6: 1 | M6: DE | N6: 1
C8: ANALISIS DE PRECIOS UNITARIOS
K10: FECHA | L10: DD | M10: MM | N10: AA
L11: XXX | M11: XXX | N11: XXX
B12: ITEMS DE LA PROPUESTA ECONÓMICA | H12: ITEMS NO PREVISTOS
B13: UNIDAD EJECUTORA: | D13: XXXXXXXXXX | I13: DIRECCIÓN TERRITORIAL: | J13: XXXXXXXXXX
B19: CONTRATO No. | D19: XXXXXXXXXX | G19: DE | H19: XXXXXXXXXX
B20: OBJETO DEL CONTRATO | D20: MEJORAMIENTO, REHABILITACION Y MANTENIMIENTO, GESTION PREDIAL, SOCIAL Y AMBIENTAL SOSTENIBLE DE LA CARRETERA CUCUTA-SARDINATA-OCAÑA-AGUACLARA, INCLUYE EL NUEVO PUENTE SOBRE EL RIO ZULIA, EN EL DEPARTAMENTO DE NORTE DE SANTANDER, EN MARCO DEL PROGRAMA DE OBRA PUBLICA "CONCLUIR Y CONCLUIR PARA LA REACTIVACIÓN DE LAS REGIONES"
B23: CONTRATISTA : | D23: XXXXXXXXXX
B25: INTERVENTOR | D25: XXXXXXXXXX
B27: GESTOR TECNICO DE CONTRATO | E27: XXXXXXXXXX
B29: FECHA CIERRE DE LICITACIÓN Y/O SELECCIÓN ABREVIADA | G29: XXXXXXXXXX
B31: DATOS ESPECÍFICOS
B33: ITEM | C33: DESCRIPCIÓN | K33: GRUPO DE AJUSTE | L33: UNIDAD | N33: CANTIDAD
B34: 621,1.1P | C34: Pilote de concreto vaciado in situ de diametro 1,20 m. (incluye excavación y No incluye refuerzo) | L34: m | N34: 40
B35: I. EQUIPO
B38: DESCRIPCIÓN | G38: MARCA | I38: TIPO | K38: TARIFA/HORA | L38: RENDIMIENTO | N38: Vr. UNITARIO
B39: MAQUINA PILOTEADORA | K39: 583000 | L39: 0.9 | N39: 647777.78
B40: PALA AUXILIAR | K40: 397000 | L40: 2.05 | M40: 3 | N40: 193658.54
B41: GRUA CON TORRE | K41: 219000 | L41: 2.05 | M41: 3 | N41: 106829.27
B42: RETROEXCAVADORA | K42: 180000 | L42: 2.05 | M42: 3 | N42: 87804.878
B43: CAMISA PARA PILOTES | K43: 47000 | L43: 0.9 | N43: 52222.222
B44: BOMBA DE CONCRETO | K44: 75000 | L44: 2.05 | M44: 3 | N44: 36585.366
B45: CAMION HORMIGONERO | K45: 123000 | L45: 2.05 | M45: 3 | N45: 60000
B46: EQUIPO DE SOLDADURA | K46: 17850 | L46: 0.9 | M46: 3 | N46: 19833.333
B47: HERRAMIENTA MENOR (10%MO) | N47: 2820.122
B48: SUBTOTAL $ | N48: 1207531.5
B49: II. MATERIALES
B52: DESCRIPCIÓN | J52: UNIDAD | K52: CANTIDAD | L52: PRECIO UNIT. | N52: Vr. UNITARIO
B53: CONCRETO CLASE 28 MPA PREMEZCLADO (incluye trasnporte) (TREMIE) | J53: M3 | K53: 1.187522 | L53: 418309.97 | N53: 496752.31
B54: BENTONITA | J54: KG | K54: 2.82 | L54: 9000 | N54: 25380
B55: DERECHOS DISPOSICION DE MATERIALES (INCLUYE CONFORMACIÓN Y COMPACTACIÓN DE SITIOS DE DISPOSICIÓN DE SOBRANTES) | J55: M3 | K55: 1.4702654 | L55: 1500 | N55: 2205.398
B60: SUBTOTAL $ | N60: 524337.71
B61: III. TRANSPORTES
B64: MATERIAL | I64: VOL. o PESO | J64: DISTANCIA | K64: M3 o Ton/Km | L64: TARIFA | N64: Vr. UNITARIO
B65: TRANSPORTE DE EQUIPOS | N65: 30000
B66: TRANSPORTE DE MATERIAL | I66: 1.4702654 | J66: 10 | K66: 14.702654 | L66: 904 | N66: 13291.199
B68: SUBTOTAL $ | N68: 43291.199
B69: IV. MANO DE OBRA
B72: TRABAJADOR | I72: JORNAL | J72: PRESTACIONES | K72: JORNAL TOTAL | L72: RENDIMIENTO | N72: Vr. UNITARIO
B73: OBREROS (6) | I73: 192000 | J73: 1.85 | K73: 355200 | L73: 16.4 | N73: 21658.537
B74: OFICIAL (1) | I74: 58000 | J74: 1.85 | K74: 107300 | L74: 16.4 | N74: 6542.6829
B77: SUBTOTAL $ | N77: 28201.22
B79: TOTAL COSTO DIRECTO $ | N79: 1803361.6
B80: V. COSTOS INDIRECTOS
B83: Descripción | K83: Porcentaje | L83: Valor Total
B84: ADMINISTRACION | K84: 0.2 | L84: 360672.33
B85: IMPREVISTOS | K85: 0.05 | L85: 90168.081
B86: UTILIDAD | K86: 0.05 | L86: 90168.081
B87: SUBTOTAL $ | N87: 541008.49
B89: Precio Unitario Total Aproximado al peso $ | N89: 2344370
G93: Firma
G94: Nombre:
G95: Representante Legal del Contratista o su Apoderado
G96: Matricula No. :
B98: OBSERVACIONES INTERVENTORÍA
B102: APROBACIÓN POR INTERVENTORÍA
B103: Nota 1: Cuando se trate de Análisis de precios unitarios correspondientes a ítems de la propuesta económica aprobada, el Interventor aprueba el desglose de los componentes manteniendo el mismo precio unitario de cada ítem, cumpliendo con las especificaciones de construcción vigentes para el proyecto.
B105: Nota 2: Cuando se trate de Análisis de precios unitarios de ítems no previstos, el Interventor aprueba el desglose y precio unitario de cada ítem no previsto, exigiendo la aplicación de los costos correspondientes a insumos y tarifas de la propuesta económica inicial cuando estén contemplados, cumpliendo con las especificaciones de construcción vigente para el proyecto.
G108: Firma
G109: Nombre:
G110: Representante Legal del Interventor o su Apoderado
G111: Matricula No. :
B112: Original: Archivo de Gestión del Contrato (Subdirección Administrativa).
B113: Copias: Unidad Ejecutora, Contratista, Interventor y Dirección Territorial.

Sheet 621,1.2P
K2: CÓDIGO | L2: MINFRA-MN-IN-10-FR-1
C3: INSTITUTO NACIONAL DE VIAS
C4: DIRECCION TECNICA | K4: VERSIÓN | L4: 2
C5: PROCESO GESTIÓN DE LA INFRAESTRUCTURA VIAL
C6: MANUAL DE INTERVENTORÍA OBRA PUBLICA | K6: PÁGINA | L6: 1 | M6: DE | N6: 1
C8: ANALISIS DE PRECIOS UNITARIOS
K10: FECHA | L10: DD | M10: MM | N10: AA
L11: XXX | M11: XXX | N11: XXX
B12: ITEMS DE LA PROPUESTA ECONÓMICA | H12: ITEMS NO PREVISTOS
B13: UNIDAD EJECUTORA: | D13: XXXXXXXXXX | I13: DIRECCIÓN TERRITORIAL: | J13: XXXXXXXXXX
B19: CONTRATO No. | D19: XXXXXXXXXX | G19: DE | H19: XXXXXXXXXX
B20: OBJETO DEL CONTRATO | D20: MEJORAMIENTO, REHABILITACION Y MANTENIMIENTO, GESTION PREDIAL, SOCIAL Y AMBIENTAL SOSTENIBLE DE LA CARRETERA CUCUTA-SARDINATA-OCAÑA-AGUACLARA, INCLUYE EL NUEVO PUENTE SOBRE EL RIO ZULIA, EN EL DEPARTAMENTO DE NORTE DE SANTANDER, EN MARCO DEL PROGRAMA DE OBRA PUBLICA "CONCLUIR Y CONCLUIR PARA LA REACTIVACIÓN DE LAS REGIONES"
B23: CONTRATISTA : | D23: XXXXXXXXXX
B25: INTERVENTOR | D25: XXXXXXXXXX
B27: GESTOR TECNICO DE CONTRATO | E27: XXXXXXXXXX
B29: FECHA CIERRE DE LICITACIÓN Y/O SELECCIÓN ABREVIADA | G29: XXXXXXXXXX
B31: DATOS ESPECÍFICOS
B33: ITEM | C33: DESCRIPCIÓN | K33: GRUPO DE AJUSTE | L33: UNIDAD | N33: CANTIDAD
B34: 621,1.2P | C34: Pilote de concreto vaciado in situ de diametro 1,50 m (incluye excavación y No incluye refuerzo) | L34: m | N34: 192
B35: I. EQUIPO
B38: DESCRIPCIÓN | G38: MARCA | I38: TIPO | K38: TARIFA/HORA | L38: RENDIMIENTO | N38: Vr. UNITARIO
B39: MAQUINA PILOTEADORA | K39: 583000 | L39: 0.8 | N39: 728750
B40: PALA AUXILIAR | K40: 397000 | L40: 1.675 | N40: 237014.93
B41: GRUA CON TORRE | K41: 219000 | L41: 1.675 | N41: 130746.27
B42: RETROEXCAVADORA | K42: 180000 | L42: 1.675 | N42: 107462.69
B43: CAMISA PARA PILOTES | K43: 47000 | L43: 0.8 | N43: 58750
B44: BOMBA DE CONCRETO | K44: 75000 | L44: 1.675 | N44: 44776.119
B45: CAMION HORMIGONERO | K45: 123000 | L45: 1.675 | N45: 73432.836
B46: EQUIPO DE SOLDADURA | K46: 17850 | L46: 0.8 | M46: 3 | N46: 22312.5
B47: HERRAMIENTA MENOR (10%MO) | N47: 3451.4925
B48: SUBTOTAL $ | N48: 1406696.8
B49: II. MATERIALES
B52: DESCRIPCIÓN | J52: UNIDAD | K52: CANTIDAD | L52: PRECIO UNIT. | N52: Vr. UNITARIO
B53: CONCRETO CLASE 28 MPA PREMEZCLADO (incluye trasnporte) (TREMIE) | J53: M3 | K53: 1.8555032 | L53: 418309.97 | N53: 776175.48
B54: BENTONITA | J54: KG | K54: 3.53 | L54: 9000 | N54: 31770
B55: DERECHOS DISPOSICION DE MATERIALES (INCLUYE CONFORMACIÓN Y COMPACTACIÓN DE SITIOS DE DISPOSICIÓN DE SOBRANTES) | J55: M3 | K55: 2.2972896 | L55: 1500 | N55: 3445.9344
B60: SUBTOTAL $ | N60: 811391.42
B61: III. TRANSPORTES
B64: MATERIAL | I64: VOL. o PESO | J64: DISTANCIA | K64: M3 o Ton/Km | L64: TARIFA | N64: Vr. UNITARIO
B65: TRANSPORTE DE EQUIPOS | N65: 30000
B66: TRANSPORTE DE MATERIAL | I66: 2.2972896 | J66: 10 | K66: 22.972896 | L66: 904 | N66: 20767.498
B67: SUBTOTAL $ | N67: 50767.498
B68: IV. MANO DE OBRA
B71: TRABAJADOR | I71: JORNAL | J71: PRESTACIONES | K71: JORNAL TOTAL | L71: RENDIMIENTO | N71: Vr. UNITARIO
B72: OBREROS (6) | I72: 192000 | J72: 1.85 | K72: 355200 | L72: 13.4 | N72: 26507.463
B73: OFICIAL (1) | I73: 58000 | J73: 1.85 | K73: 107300 | L73: 13.4 | N73: 8007.4627
B76: SUBTOTAL $ | N76: 34514.925
B78: TOTAL COSTO DIRECTO $ | N78: 2303370.7
B79: V. COSTOS INDIRECTOS
B82: Descripción | K82: Porcentaje | L82: Valor Total
B83: ADMINISTRACION | K83: 0.2 | L83: 460674.13
B84: IMPREVISTOS | K84: 0.05 | L84: 115168.53
B85: UTILIDAD | K85: 0.05 | L85: 115168.53
B86: SUBTOTAL $ | N86: 691011.2
B88: Precio Unitario Total Aproximado al peso $ | N88: 2994382
G92: Firma
G93: Nombre:
G94: Representante Legal del Contratista o su Apoderado
G95: Matricula No. :
B97: OBSERVACIONES INTERVENTORÍA
B101: APROBACIÓN POR INTERVENTORÍA
B102: Nota 1: Cuando se trate de Análisis de precios unitarios correspondientes a ítems de la propuesta económica aprobada, el Interventor aprueba el desglose de los componentes manteniendo el mismo precio unitario de cada ítem, cumpliendo con las especificaciones de construcción vigentes para el proyecto.
B104: Nota 2: Cuando se trate de Análisis de precios unitarios de ítems no previstos, el Interventor aprueba el desglose y precio unitario de cada ítem no previsto, exigiendo la aplicación de los costos correspondientes a insumos y tarifas de la propuesta económica inicial cuando estén contemplados, cumpliendo con las especificaciones de construcción vigente para el proyecto.
G107: Firma
G108: Nombre:
G109: Representante Legal del Interventor o su Apoderado
G110: Matricula No. :
B111: Original: Archivo de Gestión del Contrato (Subdirección Administrativa).
B112: Copias: Unidad Ejecutora, Contratista, Interventor y Dirección Territorial.

Sheet 621,1 CLASE C
C2: MINISTERIO DE TRANSPORTE | K2: CÓDIGO | L2: MSE--FR-14
C3: INSTITUTO NACIONAL DE VIAS
C4: DIRECCION OPERATIVA | K4: VERSIÓN | L4: 2
C5: PROCESO SUPERVISION, EJECUCION Y SEGUIMIENTO A PROYECTOS
C6: =+#REF! -> #REF! | K6: PÁGINA | L6: 1 | M6: DE | N6: 1
C8: ANALISIS DE PRECIOS UNITARIOS
K10: FECHA | L10: DD | M10: MM | N10: AA
L11: =+#REF! -> #REF! | M11: =+#REF! -> #REF! | N11: =+#REF! -> #REF!
B12: UNIDAD EJECUTORA: | D12: =+#REF! -> #REF! | I12: DIRECCIÓN TERRITORIAL: | J12: =+#REF! -> #REF!
B18: CONTRATO No. | D18: =+#REF! -> #REF! | G18: DE | H18: =+#REF! -> #REF!
B19: OBJETO DEL CONTRATO | D19: =+#REF! -> #REF!
B22: CONTRATISTA : | D22: =+#REF! -> #REF!
B24: INTERVENTOR | D24: =+#REF! -> #REF!
B26: GESTOR TECNICO DE CONTRATO | E26: =+#REF! -> #REF!
B28: FECHA CIERRE DE LICITACIÓN Y/O SELECCIÓN ABREVIADA | G28: =+#REF! -> #REF!
B30: DATOS ESPECÍFICOS
B32: ITEM | C32: DESCRIPCIÓN | K32: GRUPO DE AJUSTE | L32: UNIDAD | N32: CANTIDAD
B33: ='PRESUPUESTO OFICIAL '!D56 -> 621,1.2P | C33: ='PRESUPUESTO OFICIAL '!G56 -> Pilote de concreto vaciado in situ de diametro 1,50 m (incluye excavación y No incluye refuerzo) | L33: ='PRESUPUESTO OFICIAL '!H56 -> m | N33: ='PRESUPUESTO OFICIAL '!I56 -> 192
B34: I. EQUIPO
B37: DESCRIPCIÓN | G37: MARCA | I37: TIPO | K37: TARIFA/HORA | L37: RENDIMIENTO | N37: Vr. UNITARIO
B38: MAQUINA PILOTEADORA | K38: =#REF! -> #REF! | L38: 1 | N38: =+K38/L38 -> #REF!
B39: PALA AUXILIAR | K39: =#REF! -> #REF! | L39: 2 | M39: 3 | N39: =+K39/L39 -> #REF!
B40: GRUA CON TORRE | K40: =#REF! -> #REF! | L40: 2 | M40: 3 | N40: =+K40/L40 -> #REF!
B41: RETROEXCAVADORA | K41: =+#REF! -> #REF! | L41: 2 | N41: =+K41/L41 -> #REF!
B42: CAMISA PARA PILOTES | K42: =#REF! -> #REF! | L42: 2 | N42: =+K42/L42 -> #REF!
B43: BOMBA DE CONCRETO | K43: =#REF! -> #REF! | L43: 3 | M43: 3 | N43: =+K43/L43 -> #REF!
B44: EQUIPO DE SOLDADURA | K44: =#REF! -> #REF! | L44: 2 | M44: 3 | N44: =+K44/L44 -> #REF!
B45: HERRAMIENTA MENOR (10%MO) | N45: =+N75*0.1 -> #REF!
B46: SUBTOTAL $ | N46: =SUM(N38:N45) -> #REF!
B47: II. MATERIALES
B50: DESCRIPCIÓN | J50: UNIDAD | K50: CANTIDAD | L50: PRECIO UNIT. | N50: Vr. UNITARIO
B51: CONCRETO CLASE C | J51: M3 | K51: 0.735 | L51: ='Aux Concre C'!N74 -> #REF! | N51: =+L51*K51 -> #REF!
B52: BENTONITA | J52: KG | K52: 2.355 | L52: =#REF! -> #REF! | N52: =+L52*K52 -> #REF!
B53: ACERO PDR-60 Y/O A-37 | J53: KG | K53: 127 | L53: =#REF! -> #REF! | N53: =+L53*K53 -> #REF!
B58: SUBTOTAL $ | N58: =SUM(N51:N57) -> #REF!
B59: III. TRANSPORTES
B62: MATERIAL | I62: VOL. o PESO | J62: DISTANCIA | K62: M3 o Ton/Km | L62: TARIFA | N62: Vr. UNITARIO
B63: MEZCLA DE CONCRETO | I63: 1.05 | J63: =+#REF! -> #REF! | K63: =+J63*I63 -> #REF! | L63: =+#REF! -> #REF! | N63: =+L63*K63 -> #REF!
B66: SUBTOTAL $ | N66: =SUM(N63:N65) -> #REF!
B67: IV. MANO DE OBRA
B70: TRABAJADOR | I70: JORNAL | J70: PRESTACIONES | K70: JORNAL TOTAL | L70: RENDIMIENTO | N70: Vr. UNITARIO
B71: OBREROS (4) | I71: =+#REF!*4 -> #REF! | J71: =+#REF! -> #REF! | K71: =+J71*I71 -> #REF! | L71: 24 | N71: =+K71/L71 -> #REF!
B72: OFICIAL (1) | I72: =+#REF!*1 -> #REF! | J72: =+#REF! -> #REF! | K72: =+J72*I72 -> #REF! | L72: 24 | N72: =+K72/L72 -> #REF!
B75: SUBTOTAL $ | N75: =SUM(N71:N74) -> #REF!
B77: TOTAL COSTO DIRECTO $ | N77: =+N75+N66+N58+N46 -> #REF!
B78: V. COSTOS INDIRECTOS
B81: Descripción | K81: Porcentaje | L81: Valor Total
B82: ADMINISTRACION | K82: =+#REF! -> #REF! | L82: =+N77*K82 -> #REF!
B83: IMPREVISTOS | K83: =+#REF! -> #REF! | L83: =+N77*K83 -> #REF!
B84: UTILIDAD | K84: =+#REF! -> #REF! | L84: =+N77*K84 -> #REF!
B85: SUBTOTAL $ | N85: =SUM(L82:M84) -> #REF!
B87: Precio Unitario Total Aproximado al peso $ | N87: =ROUND(N77+N85,0) -> #REF!
G91: =+#REF! -> #REF!
G92: =+#REF! -> #REF!
G93: =+#REF! -> #REF!
G94: =+#REF! -> #REF!
B96: =+#REF! -> #REF!
G100: =+#REF! -> #REF!
G101: =+#REF! -> #REF!
G102: =+#REF! -> #REF!
G103: =+#REF! -> #REF!
B104: =+#REF! -> #REF!
B105: =+#REF! -> #REF!

Sheet 621,1 D=1,25 CLASE C (2)
C2: MINISTERIO DE TRANSPORTE | K2: CÓDIGO | L2: MSE--FR-14
C3: INSTITUTO NACIONAL DE VIAS
C4: DIRECCION OPERATIVA | K4: VERSIÓN | L4: 2
C5: PROCESO SUPERVISION, EJECUCION Y SEGUIMIENTO A PROYECTOS
C6: =+#REF! -> #REF! | K6: PÁGINA | L6: 1 | M6: DE | N6: 1
C8: ANALISIS DE PRECIOS UNITARIOS
K10: FECHA | L10: DD | M10: MM | N10: AA
L11: =+#REF! -> #REF! | M11: =+#REF! -> #REF! | N11: =+#REF! -> #REF!
B12: UNIDAD EJECUTORA: | D12: =+#REF! -> #REF! | I12: DIRECCIÓN TERRITORIAL: | J12: =+#REF! -> #REF!
B18: CONTRATO No. | D18: =+#REF! -> #REF! | G18: DE | H18: =+#REF! -> #REF!
B19: OBJETO DEL CONTRATO | D19: =+#REF! -> #REF!
B22: CONTRATISTA : | D22: =+#REF! -> #REF!
B24: INTERVENTOR | D24: =+#REF! -> #REF!
B26: GESTOR TECNICO DE CONTRATO | E26: =+#REF! -> #REF!
B28: FECHA CIERRE DE LICITACIÓN Y/O SELECCIÓN ABREVIADA | G28: =+#REF! -> #REF!
B30: DATOS ESPECÍFICOS
B32: ITEM | C32: DESCRIPCIÓN | K32: GRUPO DE AJUSTE | L32: UNIDAD | N32: CANTIDAD
B33: ='PRESUPUESTO OFICIAL '!D56 -> 621,1.2P | C33: ='PRESUPUESTO OFICIAL '!G56 -> Pilote de concreto vaciado in situ de diametro 1,50 m (incluye excavación y No incluye refuerzo) | L33: ='PRESUPUESTO OFICIAL '!H56 -> m | N33: ='PRESUPUESTO OFICIAL '!I56 -> 192
B34: I. EQUIPO
B37: DESCRIPCIÓN | G37: MARCA | I37: TIPO | K37: TARIFA/HORA | L37: RENDIMIENTO | N37: Vr. UNITARIO
B38: MAQUINA PILOTEADORA | K38: =#REF! -> #REF! | L38: 0.3 | N38: =+K38/L38 -> #REF!
B39: PALA AUXILIAR | K39: =#REF! -> #REF! | L39: 0.3 | M39: 3 | N39: =+K39/L39 -> #REF!
B40: GRUA CON TORRE | K40: =#REF! -> #REF! | L40: 0.3 | M40: 3 | N40: =+K40/L40 -> #REF!
B41: RETROEXCAVADORA | K41: =+#REF! -> #REF! | L41: 0.3 | N41: =+K41/L41 -> #REF!
B42: CAMISA PARA PILOTES | K42: =#REF! -> #REF! | L42: 0.3 | N42: =+K42/L42 -> #REF!
B43: BOMBA DE CONCRETO | K43: =#REF! -> #REF! | L43: 0.3 | M43: 3 | N43: =+K43/L43 -> #REF!
B44: EQUIPO DE SOLDADURA | K44: =#REF! -> #REF! | L44: 0.3 | M44: 3 | N44: =+K44/L44 -> #REF!
B45: HERRAMIENTA MENOR (10%MO) | N45: =+N75*0.1 -> #REF!
B46: SUBTOTAL $ | N46: =SUM(N38:N45) -> #REF!
B47: II. MATERIALES
B50: DESCRIPCIÓN | J50: UNIDAD | K50: CANTIDAD | L50: PRECIO UNIT. | N50: Vr. UNITARIO
B51: CONCRETO CLASE C | J51: M3 | K51: 0.735 | L51: ='Aux Concre C'!N74 -> #REF! | N51: =+L51*K51 -> #REF!
B52: BENTONITA | J52: KG | K52: 2.355 | L52: =#REF! -> #REF! | N52: =+L52*K52 -> #REF!
B53: ACERO PDR-60 Y/O A-37 | J53: KG | K53: 127 | L53: =#REF! -> #REF! | N53: =+L53*K53 -> #REF!
B58: SUBTOTAL $ | N58: =SUM(N51:N57) -> #REF!
B59: III. TRANSPORTES
B62: MATERIAL | I62: VOL. o PESO | J62: DISTANCIA | K62: M3 o Ton/Km | L62: TARIFA | N62: Vr. UNITARIO
B63: MEZCLA DE CONCRETO | I63: 1.05 | J63: =+#REF! -> #REF! | K63: =+J63*I63 -> #REF! | L63: =+#REF! -> #REF! | N63: =+L63*K63 -> #REF!
B66: SUBTOTAL $ | N66: =SUM(N63:N65) -> #REF!
B67: IV. MANO DE OBRA
B70: TRABAJADOR | I70: JORNAL | J70: PRESTACIONES | K70: JORNAL TOTAL | L70: RENDIMIENTO | N70: Vr. UNITARIO
B71: OBREROS (4) | I71: =+#REF!*4 -> #REF! | J71: =+#REF! -> #REF! | K71: =+J71*I71 -> #REF! | L71: 2 | N71: =+K71/L71 -> #REF!
B72: OFICIAL (1) | I72: =+#REF!*1 -> #REF! | J72: =+#REF! -> #REF! | K72: =+J72*I72 -> #REF! | L72: 2 | N72: =+K72/L72 -> #REF!
B75: SUBTOTAL $ | N75: =SUM(N71:N74) -> #REF!
B77: TOTAL COSTO DIRECTO $ | N77: =+N75+N66+N58+N46 -> #REF!
B78: V. COSTOS INDIRECTOS
B81: Descripción | K81: Porcentaje | L81: Valor Total
B82: ADMINISTRACION | K82: =+#REF! -> #REF! | L82: =+N77*K82 -> #REF!
B83: IMPREVISTOS | K83: =+#REF! -> #REF! | L83: =+N77*K83 -> #REF!
B84: UTILIDAD | K84: =+#REF! -> #REF! | L84: =+N77*K84 -> #REF!
B85: SUBTOTAL $ | N85: =SUM(L82:M84) -> #REF!
B87: Precio Unitario Total Aproximado al peso $ | N87: =ROUND(N77+N85,0) -> #REF!
G91: =+#REF! -> #REF!
G92: =+#REF! -> #REF!
G93: =+#REF! -> #REF!
G94: =+#REF! -> #REF!
B96: =+#REF! -> #REF!
G100: =+#REF! -> #REF!
G101: =+#REF! -> #REF!
G102: =+#REF! -> #REF!
G103: =+#REF! -> #REF!
B104: =+#REF! -> #REF!
B105: =+#REF! -> #REF!

Sheet 623.1.1
K2: CÓDIGO | L2: MINFRA-MN-IN-10-FR-1
C3: INSTITUTO NACIONAL DE VIAS
C4: DIRECCION TECNICA | K4: VERSIÓN | L4: 2
C5: PROCESO GESTIÓN DE LA INFRAESTRUCTURA VIAL
C6: MANUAL DE INTERVENTORÍA OBRA PUBLICA | K6: PÁGINA | L6: 1 | M6: DE | N6: 1
C8: ANALISIS DE PRECIOS UNITARIOS
K10: FECHA | L10: DD | M10: MM | N10: AA
L11: XXX | M11: XXX | N11: XXX
B12: ITEMS DE LA PROPUESTA ECONÓMICA | H12: ITEMS NO PREVISTOS
B13: UNIDAD EJECUTORA: | D13: XXXXXXXXXX | I13: DIRECCIÓN TERRITORIAL: | J13: XXXXXXXXXX
B19: CONTRATO No. | D19: XXXXXXXXXX | G19: DE | H19: XXXXXXXXXX
B20: OBJETO DEL CONTRATO | D20: MEJORAMIENTO, REHABILITACION Y MANTENIMIENTO, GESTION PREDIAL, SOCIAL Y AMBIENTAL SOSTENIBLE DE LA CARRETERA CUCUTA-SARDINATA-OCAÑA-AGUACLARA, INCLUYE EL NUEVO PUENTE SOBRE EL RIO ZULIA, EN EL DEPARTAMENTO DE NORTE DE SANTANDER, EN MARCO DEL PROGRAMA DE OBRA PUBLICA "CONCLUIR Y CONCLUIR PARA LA REACTIVACIÓN DE LAS REGIONES"
B23: CONTRATISTA : | D23: XXXXXXXXXX
B25: INTERVENTOR | D25: XXXXXXXXXX
B27: GESTOR TECNICO DE CONTRATO | E27: XXXXXXXXXX
B29: FECHA CIERRE DE LICITACIÓN Y/O SELECCIÓN ABREVIADA | G29: XXXXXXXXXX
B31: DATOS ESPECÍFICOS
B33: ITEM | C33: DESCRIPCIÓN | K33: GRUPO DE AJUSTE | L33: UNIDAD | N33: CANTIDAD
B34: 623.1,1 | C34: Anclajes tipo de 1" con perno para estabilización | L34: m | N34: 2880
B35: I. EQUIPO
B38: DESCRIPCIÓN | G38: MARCA | I38: TIPO | K38: TARIFA/HORA | L38: RENDIMIENTO | N38: Vr. UNITARIO
B39: EQUIPO DE PERFORACION TR 46 | K39: 176400 | L39: 5 | N39: 35280
B40: COMPRESOR CON MARTILLO O SUPERIOR | K40: 96400 | L40: 5 | M40: 0 | N40: 19280
B41: BOMBA DE INYECCION | K41: 18476 | L41: 5 | M41: 5 | N41: 3695.2
B42: PLANTA ELECTRICA | K42: 8700 | L42: 5 | M42: 5 | N42: 1740
B43: HERRAMIENTA MENOR (10% M.O.) | N43: 712.25
B44: SUBTOTAL $ | N44: 60707.45
B45: II. MATERIALES
B48: DESCRIPCIÓN | J48: UNIDAD | K48: CANTIDAD | L48: PRECIO UNIT. | N48: Vr. UNITARIO
B49: VARILLA DE 1" | J49: Kg | K49: 3.973 | L49: 2879.8 | N49: 11441.445
B50: CEMENTO | J50: Kg | K50: 40 | L50: 555 | N50: 22200
B51: AGUA | J51: lt | K51: 30 | L51: 80 | N51: 2400
B52: SUBTOTAL $ | N52: 36041.445
B53: III. TRANSPORTES
B56: MATERIAL | I56: VOL. o PESO | J56: DISTANCIA | K56: M3 o Ton/Km | L56: TARIFA | N56: Vr. UNITARIO
B60: SUBTOTAL $ | N60: 0
B61: IV. MANO DE OBRA
B64: TRABAJADOR | I64: JORNAL | J64: PRESTACIONES | K64: JORNAL TOTAL | L64: RENDIMIENTO | N64: Vr. UNITARIO
B65: OBREROS (3) | I65: 96000 | J65: 1.85 | K65: 177600 | L65: 40 | N65: 4440
B66: OFICIAL | I66: 58000 | J66: 1.85 | K66: 107300 | L66: 40 | N66: 2682.5
B69: SUBTOTAL $ | N69: 7122.5
B71: TOTAL COSTO DIRECTO $ | N71: 103871.4
B72: V. COSTOS INDIRECTOS
B75: Descripción | K75: Porcentaje | L75: Valor Total
B76: ADMINISTRACION | K76: 0.2 | L76: 20774.279
B77: IMPREVISTOS | K77: 0.05 | L77: 5193.5698
B78: UTILIDAD | K78: 0.05 | L78: 5193.5698
B79: SUBTOTAL $ | N79: 31161.419
B81: Precio Unitario Total Aproximado al peso $ | N81: 135033
G85: Firma
G86: Nombre:
G87: Representante Legal del Contratista o su Apoderado
G88: Matricula No. :
B90: OBSERVACIONES INTERVENTORÍA
B94: APROBACIÓN POR INTERVENTORÍA
B95: Nota 1: Cuando se trate de Análisis de precios unitarios correspondientes a ítems de la propuesta económica aprobada, el Interventor aprueba el desglose de los componentes manteniendo el mismo precio unitario de cada ítem, cumpliendo con las especificaciones de construcción vigentes para el proyecto.
B97: Nota 2: Cuando se trate de Análisis de precios unitarios de ítems no previstos, el Interventor aprueba el desglose y precio unitario de cada ítem no previsto, exigiendo la aplicación de los costos correspondientes a insumos y tarifas de la propuesta económica inicial cuando estén contemplados, cumpliendo con las especificaciones de construcción vigente para el proyecto.
G100: Firma
G101: Nombre:
G102: Representante Legal del Interventor o su Apoderado
G103: Matricula No. :
B104: Original: Archivo de Gestión del Contrato (Subdirección Administrativa).
B105: Copias: Unidad Ejecutora, Contratista, Interventor y Dirección Territorial.

Sheet Aux Concre A
K2: CÓDIGO | L2: MINFRA-MN-IN-10-FR-1
C3: INSTITUTO NACIONAL DE VIAS
C4: DIRECCION OPERATIVA | K4: VERSIÓN | L4: 2
C5: PROCESO GESTIÓN DE LA INFRAESTRUCTURA VIAL
C6: =+#REF! -> #REF! | K6: PÁGINA | L6: 1 | M6: DE | N6: 1
C8: ANALISIS DE PRECIOS UNITARIOS
K10: FECHA | L10: DD | M10: MM | N10: AA
L11: =+#REF! -> #REF! | M11: =+#REF! -> #REF! | N11: =+#REF! -> #REF!
B12: ITEMS DE LA PROPUESTA ECONÓMICA | H12: ITEMS NO PREVISTOS
B13: UNIDAD EJECUTORA: | D13: =+#REF! -> #REF! | I13: DIRECCIÓN TERRITORIAL: | J13: =+#REF! -> #REF!
B19: CONTRATO No. | D19: =+#REF! -> #REF! | G19: DE | H19: =+#REF! -> #REF!
B20: OBJETO DEL CONTRATO | D20: =+#REF! -> #REF!
B23: CONTRATISTA : | D23: =+#REF! -> #REF!
B25: INTERVENTOR | D25: =+#REF! -> #REF!
B27: GESTOR TECNICO DE CONTRATO | E27: =+#REF! -> #REF!
B29: FECHA CIERRE DE LICITACIÓN Y/O SELECCIÓN ABREVIADA | G29: =+#REF! -> #REF!
B31: DATOS ESPECÍFICOS
B33: ITEM | C33: DESCRIPCIÓN | K33: GRUPO DE AJUSTE | L33: UNIDAD | N33: CANTIDAD
B34: ='PRESUPUESTO OFICIAL '!#REF! -> #REF! | C34: =VLOOKUP(B34,'PRESUPUESTO OFICIAL '!D21:D112: 'PRESUPUESTO OFICIAL '!G21:G112,4,FALSE) -> #REF! | L34: =VLOOKUP(B34,'PRESUPUESTO OFICIAL '!D21:D112: 'PRESUPUESTO OFICIAL '!H21:H112,5,FALSE) -> #REF! | N34: =VLOOKUP(B34,'PRESUPUESTO OFICIAL '!D21:D112: 'PRESUPUESTO OFICIAL '!I21:I112,6,FALSE) -> #REF!
B35: I. EQUIPO
B38: DESCRIPCIÓN | G38: MARCA | I38: TIPO | K38: TARIFA/HORA | L38: RENDIMIENTO | N38: Vr. UNITARIO
B39: CENTRAL DE FABRICACION DE MEZCLA | K39: =+#REF! -> #REF! | L39: 10 | N39: =+K39/L39 -> #REF!
B40: CARGADOR | K40: =+#REF! -> #REF! | L40: 10 | N40: =+K40/L40 -> #REF!
B41: HERRAMIENTA MENOR (10%MO) | N41: =+N68*0.1 -> #REF!
B42: SUBTOTAL $ | N42: =SUM(N39:N41) -> #REF!
B43: II. MATERIALES
B46: DESCRIPCIÓN | J46: UNIDAD | K46: CANTIDAD | L46: PRECIO UNIT. | N46: Vr. UNITARIO
B47: CEMENTO | J47: KG | K47: 550 | L47: =+#REF! -> #REF! | N47: =+L47*K47 -> #REF!
B48: AGREGADO GRUESO | J48: M3 | K48: 0.77 | L48: =+#REF! -> #REF! | N48: =+L48*K48 -> #REF!
B49: ARENA | J49: M3 | K49: 0.42 | L49: =+#REF! -> #REF! | N49: =+L49*K49 -> #REF!
B50: AGUA | J50: LT | K50: 160 | L50: =+#REF! -> #REF! | N50: =+L50*K50 -> #REF!
B51: SEPERPLASTIFICANTE | J51: KG | K51: 5 | L51: =+#REF! -> #REF! | N51: =+L51*K51 -> #REF!
B52: SUBTOTAL $ | N52: =SUM(N47:N51) -> #REF!
B53: III. TRANSPORTES
B56: MATERIAL | I56: VOL. o PESO | J56: DISTANCIA | K56: M3 o Ton/Km | L56: TARIFA | N56: Vr. UNITARIO
B57: TRITURADO | I57: 0.77 | J57: =+#REF! -> #REF! | K57: =+J57*I57 -> #REF! | L57: =+#REF! -> #REF! | N57: =+L57*K57 -> #REF!
B58: ARENA | I58: 0.42 | J58: =+#REF! -> #REF! | K58: =+J58*I58 -> #REF! | L58: =+#REF! -> #REF! | N58: =+L58*K58 -> #REF!
B59: SUBTOTAL $ | N59: =SUM(N57:N58) -> #REF!
B60: IV. MANO DE OBRA
B63: TRABAJADOR | I63: JORNAL | J63: PRESTACIONES | K63: JORNAL TOTAL | L63: RENDIMIENTO | N63: Vr. UNITARIO
B64: OBREROS (6) | I64: =+#REF!*6 -> #REF! | J64: =+#REF! -> #REF! | K64: =+J64*I64 -> #REF! | L64: =L39*8 -> 80 | N64: =+K64/L64 -> #REF!
B65: OFICIAL (2) | I65: =+#REF!*2 -> #REF! | J65: =+#REF! -> #REF! | K65: =+J65*I65 -> #REF! | L65: =L64 -> 80 | N65: =+K65/L65 -> #REF!
B66: INSPECTOR DE OBRA | I66: =#REF! -> #REF! | J66: =+#REF! -> #REF! | K66: =+J66*I66 -> #REF! | L66: =L64 -> 80 | N66: =+K66/L66 -> #REF!
B67: OPERADOR DE PLANTA (1) | I67: =#REF! -> #REF! | J67: =+#REF! -> #REF! | K67: =+J67*I67 -> #REF! | L67: =L65 -> 80 | N67: =+K67/L67 -> #REF!
B68: SUBTOTAL $ | N68: =SUM(N64:N67) -> #REF!
B70: TOTAL COSTO DIRECTO $ | N70: =+N68+N59+N52+N42 -> #REF! | O70: =N70-'Aux Concre C'!N74 -> #REF! | Q70: =360000*1.19 -> 428400
B71: V. COSTOS INDIRECTOS
B74: Descripción | K74: Porcentaje | L74: Valor Total
B75: ADMINISTRACION | K75: =+#REF! -> #REF! | L75: =+N70*K75 -> #REF!
B76: IMPREVISTOS | K76: =+#REF! -> #REF! | L76: =+N70*K76 -> #REF!
B77: UTILIDAD | K77: =+#REF! -> #REF! | L77: =+N70*K77 -> #REF!
B78: SUBTOTAL $ | N78: =SUM(L75:M77) -> #REF!
B80: Precio Unitario Total Aproximado al peso $ | N80: =ROUND(N70+N78,0) -> #REF! | O80: 605729
G84: Firma
G85: Nombre:
G86: Representante Legal del Contratista o su Apoderado
G87: Matricula No. :
B89: OBSERVACIONES INTERVENTORÍA
B93: APROBACIÓN POR INTERVENTORÍA
B94: Nota 1: Cuando se trate de Análisis de precios unitarios correspondientes a ítems de la propuesta económica aprobada, el Interventor aprueba el desglose de los componentes manteniendo el mismo precio unitario de cada ítem, cumpliendo con las especificaciones de construcción vigentes para el proyecto.
B96: Nota 2: Cuando se trate de Análisis de precios unitarios de ítems no previstos, el Interventor aprueba el desglose y precio unitario de cada ítem no previsto, exigiendo la aplicación de los costos correspondientes a insumos y tarifas de la propuesta económica inicial cuando estén contemplados, cumpliendo con las especificaciones de construcción vigente para el proyecto.
G99: Firma
G100: Nombre:
G101: Representante Legal del Interventor o su Apoderado
G102: Matricula No. :
B103: Original: Archivo de Gestión del Contrato (Subdirección Administrativa).
B104: Copias: Unidad Ejecutora, Contratista, Interventor y Dirección Territorial.

Sheet Aux Concre C
K2: CÓDIGO | L2: MINFRA-MN-IN-10-FR-1
C3: INSTITUTO NACIONAL DE VIAS
C4: DIRECCION OPERATIVA | K4: VERSIÓN | L4: 2
C5: PROCESO GESTIÓN DE LA INFRAESTRUCTURA VIAL
C6: =+#REF! -> #REF! | K6: PÁGINA | L6: 1 | M6: DE | N6: 1
C8: ANALISIS DE PRECIOS UNITARIOS
K10: FECHA | L10: DD | M10: MM | N10: AA
L11: =+#REF! -> #REF! | M11: =+#REF! -> #REF! | N11: =+#REF! -> #REF!
B12: ITEMS DE LA PROPUESTA ECONÓMICA | H12: ITEMS NO PREVISTOS
B13: UNIDAD EJECUTORA: | D13: =+#REF! -> #REF! | I13: DIRECCIÓN TERRITORIAL: | J13: =+#REF! -> #REF!
B19: CONTRATO No. | D19: =+#REF! -> #REF! | G19: DE | H19: =+#REF! -> #REF!
B20: OBJETO DEL CONTRATO | D20: =+#REF! -> #REF!
B23: CONTRATISTA : | D23: =+#REF! -> #REF!
B25: INTERVENTOR | D25: =+#REF! -> #REF!
B27: GESTOR TECNICO DE CONTRATO | E27: =+#REF! -> #REF!
B29: FECHA CIERRE DE LICITACIÓN Y/O SELECCIÓN ABREVIADA | G29: =+#REF! -> #REF!
B31: DATOS ESPECÍFICOS
B33: ITEM | C33: DESCRIPCIÓN | K33: GRUPO DE AJUSTE | L33: UNIDAD | N33: CANTIDAD
B34: =+'PRESUPUESTO OFICIAL '!D59 -> 630.3 | C34: =VLOOKUP(B34,'PRESUPUESTO OFICIAL '!D21:D112: 'PRESUPUESTO OFICIAL '!G21:G112,4,FALSE) -> Concreto clase 28 MPA | L34: =VLOOKUP(B34,'PRESUPUESTO OFICIAL '!D21:D112: 'PRESUPUESTO OFICIAL '!H21:H112,5,FALSE) -> m3 | N34: =VLOOKUP(B34,'PRESUPUESTO OFICIAL '!D21:D112: 'PRESUPUESTO OFICIAL '!I21:I112,6,FALSE) -> 135
B35: I. EQUIPO
B38: DESCRIPCIÓN | G38: MARCA | I38: TIPO | K38: TARIFA/HORA | L38: RENDIMIENTO | N38: Vr. UNITARIO
B39: CENTRAL DE FABRICACION DE MEZCLA | K39: =+#REF! -> #REF! | L39: 10 | N39: =+K39/L39 -> #REF!
B40: CARGADOR | K40: =+#REF! -> #REF! | L40: 10 | N40: =+K40/L40 -> #REF!
B41: HERRAMIENTA MENOR (5%MO) | N41: =+N72*0.1 -> #REF!
B43: SUBTOTAL $ | N43: =SUM(N39:N42) -> #REF!
B44: II. MATERIALES
B47: DESCRIPCIÓN | J47: UNIDAD | K47: CANTIDAD | L47: PRECIO UNIT. | N47: Vr. UNITARIO
B48: CEMENTO | J48: KG | K48: 450 | L48: =+#REF! -> #REF! | N48: =+L48*K48 -> #REF!
B49: AGREGADO GRUESO | J49: M3 | K49: 0.94 | L49: =+#REF! -> #REF! | N49: =+L49*K49 -> #REF!
B50: ARENA | J50: M3 | K50: 0.46 | L50: =+#REF! -> #REF! | N50: =+L50*K50 -> #REF!
B51: AGUA | J51: LT | K51: 160 | L51: =+#REF! -> #REF! | N51: =+L51*K51 -> #REF!
B52: SUPERPLASTIFICANTE | J52: KG | K52: 1.74 | L52: =+#REF! -> #REF! | N52: =+L52*K52 -> #REF!
B54: SUBTOTAL $ | N54: =SUM(N48:N53) -> #REF!
B55: III. TRANSPORTES
B58: MATERIAL | I58: VOL. o PESO | J58: DISTANCIA | K58: M3 o Ton/Km | L58: TARIFA | N58: Vr. UNITARIO
B59: TRITURADO | I59: 0.94 | J59: =+#REF! -> #REF! | K59: =+J59*I59 -> #REF! | L59: =+#REF! -> #REF! | N59: =+L59*K59 -> #REF!
B60: ARENA | I60: 0.46 | J60: =+#REF! -> #REF! | K60: =+J60*I60 -> #REF! | L60: =+#REF! -> #REF! | N60: =+L60*K60 -> #REF!
B62: SUBTOTAL $ | N62: =SUM(N59:N61) -> #REF!
B63: IV. MANO DE OBRA
B66: TRABAJADOR | I66: JORNAL | J66: PRESTACIONES | K66: JORNAL TOTAL | L66: RENDIMIENTO | N66: Vr. UNITARIO
B67: OBREROS (6) | I67: =+#REF!*6 -> #REF! | J67: =+#REF! -> #REF! | K67: =+J67*I67 -> #REF! | L67: =L39*8 -> 80 | N67: =+K67/L67 -> #REF!
B68: OFICIAL (2) | I68: =+#REF!*2 -> #REF! | J68: =+#REF! -> #REF! | K68: =+J68*I68 -> #REF! | L68: =L67 -> 80 | N68: =+K68/L68 -> #REF!
B69: INSPECTOR DE OBRA | I69: =#REF! -> #REF! | J69: =+#REF! -> #REF! | K69: =+J69*I69 -> #REF! | L69: =L67 -> 80 | N69: =+K69/L69 -> #REF!
B70: OPERADOR DE PLANTA (1) | I70: =#REF! -> #REF! | J70: =+#REF! -> #REF! | K70: =+J70*I70 -> #REF! | L70: =L68 -> 80 | N70: =+K70/L70 -> #REF!
B72: SUBTOTAL $ | N72: =SUM(N67:N71) -> #REF!
B74: TOTAL COSTO DIRECTO $ | N74: =+N72+N62+N54+N43 -> #REF! | O74: =N74-'Aux Concre D'!N75 -> #REF!
B75: V. COSTOS INDIRECTOS
B78: Descripción | K78: Porcentaje | L78: Valor Total
B79: ADMINISTRACION | K79: =+#REF! -> #REF! | L79: =+N74*K79 -> #REF!
B80: IMPREVISTOS | K80: =+#REF! -> #REF! | L80: =+N74*K80 -> #REF!
B81: UTILIDAD | K81: =+#REF! -> #REF! | L81: =+N74*K81 -> #REF!
B82: SUBTOTAL $ | N82: =SUM(L79:M81) -> #REF!
B84: Precio Unitario Total Aproximado al peso $ | N84: =ROUND(N74+N82,0) -> #REF!
G88: Firma
G89: Nombre:
G90: Representante Legal del Contratista o su Apoderado
G91: Matricula No. :
B93: OBSERVACIONES INTERVENTORÍA
B97: APROBACIÓN POR INTERVENTORÍA
B98: Nota 1: Cuando se trate de Análisis de precios unitarios correspondientes a ítems de la propuesta económica aprobada, el Interventor aprueba el desglose de los componentes manteniendo el mismo precio unitario de cada ítem, cumpliendo con las especificaciones de construcción vigentes para el proyecto.
B100: Nota 2: Cuando se trate de Análisis de precios unitarios de ítems no previstos, el Interventor aprueba el desglose y precio unitario de cada ítem no previsto, exigiendo la aplicación de los costos correspondientes a insumos y tarifas de la propuesta económica inicial cuando estén contemplados, cumpliendo con las especificaciones de construcción vigente para el proyecto.
G103: Firma
G104: Nombre:
G105: Representante Legal del Interventor o su Apoderado
G106: Matricula No. :
B107: Original: Archivo de Gestión del Contrato (Subdirección Administrativa).
B108: Copias: Unidad Ejecutora, Contratista, Interventor y Dirección Territorial.

Sheet Aux Concre D
K2: CÓDIGO | L2: MINFRA-MN-IN-10-FR-1
C3: INSTITUTO NACIONAL DE VIAS
C4: DIRECCION TECNICA | K4: VERSIÓN | L4: 2
C5: PROCESO GESTIÓN DE LA INFRAESTRUCTURA VIAL
C6: =+#REF! -> #REF! | K6: PÁGINA | L6: 1 | M6: DE | N6: 1
C8: ANALISIS DE PRECIOS UNITARIOS
K10: FECHA | L10: DD | M10: MM | N10: AA
L11: =+#REF! -> #REF! | M11: =+#REF! -> #REF! | N11: =+#REF! -> #REF!
B12: ITEMS DE LA PROPUESTA ECONÓMICA | H12: ITEMS NO PREVISTOS
B13: UNIDAD EJECUTORA: | D13: =+#REF! -> #REF! | I13: DIRECCIÓN TERRITORIAL: | J13: =+#REF! -> #REF!
B19: CONTRATO No. | D19: =+#REF! -> #REF! | G19: DE | H19: =+#REF! -> #REF!
B20: OBJETO DEL CONTRATO | D20: =+#REF! -> #REF!
B23: CONTRATISTA : | D23: =+#REF! -> #REF!
B25: INTERVENTOR | D25: =+#REF! -> #REF!
B27: GESTOR TECNICO DE CONTRATO | E27: =+#REF! -> #REF!
B29: FECHA CIERRE DE LICITACIÓN Y/O SELECCIÓN ABREVIADA | G29: =+#REF! -> #REF!
B31: DATOS ESPECÍFICOS
B33: ITEM | C33: DESCRIPCIÓN | K33: GRUPO DE AJUSTE | L33: UNIDAD | N33: CANTIDAD
B34: =+'PRESUPUESTO OFICIAL '!D62 -> 630.4 | C34: =VLOOKUP(B34,'PRESUPUESTO OFICIAL '!D21:D112: 'PRESUPUESTO OFICIAL '!G21:G112,4,FALSE) -> Concreto clase 21 MPA | L34: =VLOOKUP(B34,'PRESUPUESTO OFICIAL '!D21:D112: 'PRESUPUESTO OFICIAL '!H21:H112,5,FALSE) -> m3 | N34: =VLOOKUP(B34,'PRESUPUESTO OFICIAL '!D21:D112: 'PRESUPUESTO OFICIAL '!I21:I112,6,FALSE) -> 347
B35: I. EQUIPO
B38: DESCRIPCIÓN | G38: MARCA | I38: TIPO | K38: TARIFA/HORA | L38: RENDIMIENTO | N38: Vr. UNITARIO
B39: CENTRAL DE FABRICACION DE MEZCLA | K39: =+#REF! -> #REF! | L39: 7 | N39: =+K39/L39 -> #REF!
B40: CARGADOR | K40: =+#REF! -> #REF! | L40: 7 | N40: =+K40/L40 -> #REF!
B41: HERRAMIENTA MENOR (5%MO) | N41: =+N73*0.05 -> #REF!
B46: SUBTOTAL $ | N46: =SUM(N39:N45) -> #REF!
B47: II. MATERIALES
B50: DESCRIPCIÓN | J50: UNIDAD | K50: CANTIDAD | L50: PRECIO UNIT. | N50: Vr. UNITARIO
B51: CEMENTO | J51: KG | K51: 350 | L51: =+#REF! -> #REF! | N51: =+L51*K51 -> #REF!
B52: AGREGADO PARA CONCRETO HIDRAULICO | J52: M3 | K52: 0.86 | L52: =+#REF! -> #REF! | N52: =+L52*K52 -> #REF!
B53: ARENA LAVADA | J53: M3 | K53: 0.56 | L53: =+#REF! -> #REF! | N53: =+L53*K53 -> #REF!
B54: AGUA | J54: LT | K54: 160 | L54: =+#REF! -> #REF! | N54: =+L54*K54 -> #REF!
B55: SUBTOTAL $ | N55: =SUM(N51:N54) -> #REF!
B56: III. TRANSPORTES
B59: MATERIAL | I59: VOL. o PESO | J59: DISTANCIA | K59: M3 o Ton/Km | L59: TARIFA | N59: Vr. UNITARIO
B60: ARENA | I60: 0.56 | J60: =+#REF! -> #REF! | K60: =+J60*I60 -> #REF! | L60: =+#REF! -> #REF! | N60: =+L60*K60 -> #REF!
B61: TRITURADO | I61: 0.86 | J61: =+#REF! -> #REF! | K61: =+J61*I61 -> #REF! | L61: =+#REF! -> #REF! | N61: =+L61*K61 -> #REF!
B63: SUBTOTAL $ | N63: =SUM(N60:N62) -> #REF!
B64: IV. MANO DE OBRA
B67: TRABAJADOR | I67: JORNAL | J67: PRESTACIONES | K67: JORNAL TOTAL | L67: RENDIMIENTO | N67: Vr. UNITARIO
B68: OBREROS (8) | I68: =+#REF!*8 -> #REF! | J68: =+#REF! -> #REF! | K68: =+J68*I68 -> #REF! | L68: =L39*8 -> 56 | N68: =+K68/L68 -> #REF!
B69: OFICIAL | I69: =+#REF! -> #REF! | J69: =+#REF! -> #REF! | K69: =+J69*I69 -> #REF! | L69: =L68 -> 56 | N69: =+K69/L69 -> #REF!
B70: INSPECTOR DE OBRA | I70: =#REF! -> #REF! | J70: =+#REF! -> #REF! | K70: =+J70*I70 -> #REF! | L70: =L69 -> 56 | N70: =+K70/L70 -> #REF!
B71: OPERADOR DE PLANTA (1) | I71: =#REF! -> #REF! | J71: =+#REF! -> #REF! | K71: =+J71*I71 -> #REF! | L71: =L70 -> 56 | N71: =+K71/L71 -> #REF!
B73: SUBTOTAL $ | N73: =SUM(N68:N72) -> #REF!
B75: TOTAL COSTO DIRECTO $ | N75: =+N73+N63+N55+N46 -> #REF! | O75: =N75-'Aux conc F'!N73 -> #REF!
B76: V. COSTOS INDIRECTOS
B79: Descripción | K79: Porcentaje | L79: Valor Total
B80: ADMINISTRACION | K80: =+#REF! -> #REF! | L80: =+N75*K80 -> #REF!
B81: IMPREVISTOS | K81: =+#REF! -> #REF! | L81: =+N75*K81 -> #REF! | V81: argos | W81: coagregados | X81: holcim
B82: UTILIDAD | K82: =+#REF! -> #REF! | L82: =+N75*K82 -> #REF! | U82: concreto 14 | V82: 332000 | W82: 375000
B83: SUBTOTAL $ | N83: =SUM(L80:M82) -> #REF!
U84: concreto 21 | V84: 374000 | W84: 414000 | X84: =297375*1.19 -> 353876.25
B85: Precio Unitario Total Aproximado al peso $ | N85: =ROUND(N75+N83,0) -> #REF!
U86: concreto 28 | V86: 412739 | W86: 462000 | X86: =323000*1.19 -> 384370
U88: concreto 35 | V88: 457000 | W88: 525000
G89: Firma
G90: Nombre: | S90: =W86-W84 -> 48000 | U90: mr 45 | V90: 483000 | W90: 481000
G91: Representante Legal del Contratista o su Apoderado
G92: Matricula No. :
B94: OBSERVACIONES INTERVENTORÍA
B98: APROBACIÓN POR INTERVENTORÍA
B99: Nota 1: Cuando se trate de Análisis de precios unitarios correspondientes a ítems de la propuesta económica aprobada, el Interventor aprueba el desglose de los componentes manteniendo el mismo precio unitario de cada ítem, cumpliendo con las especificaciones de construcción vigentes para el proyecto.
B101: Nota 2: Cuando se trate de Análisis de precios unitarios de ítems no previstos, el Interventor aprueba el desglose y precio unitario de cada ítem no previsto, exigiendo la aplicación de los costos correspondientes a insumos y tarifas de la propuesta económica inicial cuando estén contemplados, cumpliendo con las especificaciones de construcción vigente para el proyecto.
G104: Firma
G105: Nombre:
G106: Representante Legal del Interventor o su Apoderado
G107: Matricula No. :
B108: Original: Archivo de Gestión del Contrato (Subdirección Administrativa).
B109: Copias: Unidad Ejecutora, Contratista, Interventor y Dirección Territorial.

Sheet Aux concre E
K2: CÓDIGO | L2: MINFRA-MN-IN-10-FR-1
C3: INSTITUTO NACIONAL DE VIAS
C4: DIRECCION TECNICA | K4: VERSIÓN | L4: 2
C5: PROCESO GESTIÓN DE LA INFRAESTRUCTURA VIAL
C6: =+#REF! -> #REF! | K6: PÁGINA | L6: 1 | M6: DE | N6: 1
C8: ANALISIS DE PRECIOS UNITARIOS
K10: FECHA | L10: DD | M10: MM | N10: AA
L11: =+#REF! -> #REF! | M11: =+#REF! -> #REF! | N11: =+#REF! -> #REF!
B12: ITEMS DE LA PROPUESTA ECONÓMICA | H12: ITEMS NO PREVISTOS
B13: UNIDAD EJECUTORA: | D13: =+#REF! -> #REF! | I13: DIRECCIÓN TERRITORIAL: | J13: =+#REF! -> #REF!
B19: CONTRATO No. | D19: =+#REF! -> #REF! | G19: DE | H19: =+#REF! -> #REF!
B20: OBJETO DEL CONTRATO | D20: =+#REF! -> #REF!
B23: CONTRATISTA : | D23: =+#REF! -> #REF!
B25: INTERVENTOR | D25: =+#REF! -> #REF!
B27: GESTOR TECNICO DE CONTRATO | E27: =+#REF! -> #REF!
B29: FECHA CIERRE DE LICITACIÓN Y/O SELECCIÓN ABREVIADA | G29: =+#REF! -> #REF!
B31: DATOS ESPECÍFICOS
B33: ITEM | C33: DESCRIPCIÓN | K33: GRUPO DE AJUSTE | L33: UNIDAD | N33: CANTIDAD
B34: =+'PRESUPUESTO OFICIAL '!D62 -> 630.4 | C34: =VLOOKUP(B34,'PRESUPUESTO OFICIAL '!D21:D112: 'PRESUPUESTO OFICIAL '!G21:G112,4,FALSE) -> Concreto clase 21 MPA | L34: =VLOOKUP(B34,'PRESUPUESTO OFICIAL '!D21:D112: 'PRESUPUESTO OFICIAL '!H21:H112,5,FALSE) -> m3 | N34: =VLOOKUP(B34,'PRESUPUESTO OFICIAL '!D21:D112: 'PRESUPUESTO OFICIAL '!I21:I112,6,FALSE) -> 347
B35: I. EQUIPO
B38: DESCRIPCIÓN | G38: MARCA | I38: TIPO | K38: TARIFA/HORA | L38: RENDIMIENTO | N38: Vr. UNITARIO
B39: CENTRAL DE FABRICACION DE MEZCLA | K39: =+#REF! -> #REF! | L39: 5 | N39: =+K39/L39 -> #REF!
B40: CARGADOR | K40: =+#REF! -> #REF! | L40: 5 | N40: =+K40/L40 -> #REF!
B41: HERRAMIENTA MENOR (5%MO) | N41: =+N73*0.05 -> #REF!
B46: SUBTOTAL $ | N46: =SUM(N39:N45) -> #REF!
B47: II. MATERIALES
B50: DESCRIPCIÓN | J50: UNIDAD | K50: CANTIDAD | L50: PRECIO UNIT. | N50: Vr. UNITARIO
B51: CEMENTO | J51: KG | K51: 280 | L51: =+#REF! -> #REF! | N51: =+L51*K51 -> #REF!
B52: AGREGADO PARA CONCRETO HIDRAULICO | J52: M3 | K52: 0.85 | L52: =+#REF! -> #REF! | N52: =+L52*K52 -> #REF!
B53: ARENA LAVADA | J53: M3 | K53: 0.66 | L53: =+#REF! -> #REF! | N53: =+L53*K53 -> #REF!
B54: AGUA | J54: LT | K54: 131 | L54: =+#REF! -> #REF! | N54: =+L54*K54 -> #REF!
B55: SUBTOTAL $ | N55: =SUM(N51:N54) -> #REF!
B56: III. TRANSPORTES
B59: MATERIAL | I59: VOL. o PESO | J59: DISTANCIA | K59: M3 o Ton/Km | L59: TARIFA | N59: Vr. UNITARIO
B60: ARENA | I60: =K53 -> 0.66 | J60: =+#REF! -> #REF! | K60: =+J60*I60 -> #REF! | L60: =+#REF! -> #REF! | N60: =+L60*K60 -> #REF!
B61: TRITURADO | I61: =K52 -> 0.85 | J61: =+#REF! -> #REF! | K61: =+J61*I61 -> #REF! | L61: =+#REF! -> #REF! | N61: =+L61*K61 -> #REF!
B63: SUBTOTAL $ | N63: =SUM(N60:N62) -> #REF!
B64: IV. MANO DE OBRA
B67: TRABAJADOR | I67: JORNAL | J67: PRESTACIONES | K67: JORNAL TOTAL | L67: RENDIMIENTO | N67: Vr. UNITARIO
B68: OBREROS (3) | I68: =+#REF!*3 -> #REF! | J68: =+#REF! -> #REF! | K68: =+J68*I68 -> #REF! | L68: 20 | N68: =+K68/L68 -> #REF!
B69: OFICIAL | I69: =+#REF! -> #REF! | J69: =+#REF! -> #REF! | K69: =+J69*I69 -> #REF! | L69: 20 | N69: =+K69/L69 -> #REF!
B70: INSPECTOR DE OBRA | I70: =#REF! -> #REF! | J70: =+#REF! -> #REF! | K70: =+J70*I70 -> #REF! | L70: 20 | N70: =+K70/L70 -> #REF!
B71: OPERADOR DE PLANTA (1) | I71: =#REF! -> #REF! | J71: =+#REF! -> #REF! | K71: =+J71*I71 -> #REF! | L71: 20 | N71: =+K71/L71 -> #REF!
B73: SUBTOTAL $ | N73: =SUM(N68:N72) -> #REF!
B75: TOTAL COSTO DIRECTO $ | N75: =+N73+N63+N55+N46 -> #REF!
B76: V. COSTOS INDIRECTOS
B79: Descripción | K79: Porcentaje | L79: Valor Total
B80: ADMINISTRACION | K80: =+#REF! -> #REF! | L80: =+N75*K80 -> #REF!
B81: IMPREVISTOS | K81: =+#REF! -> #REF! | L81: =+N75*K81 -> #REF!
B82: UTILIDAD | K82: =+#REF! -> #REF! | L82: =+N75*K82 -> #REF!
B83: SUBTOTAL $ | N83: =SUM(L80:M82) -> #REF!
B85: Precio Unitario Total Aproximado al peso $ | N85: =ROUND(N75+N83,0) -> #REF!
G89: Firma
G90: Nombre:
G91: Representante Legal del Contratista o su Apoderado
G92: Matricula No. :
B94: OBSERVACIONES INTERVENTORÍA
B98: APROBACIÓN POR INTERVENTORÍA
B99: Nota 1: Cuando se trate de Análisis de precios unitarios correspondientes a ítems de la propuesta económica aprobada, el Interventor aprueba el desglose de los componentes manteniendo el mismo precio unitario de cada ítem, cumpliendo con las especificaciones de construcción vigentes para el proyecto.
B101: Nota 2: Cuando se trate de Análisis de precios unitarios de ítems no previstos, el Interventor aprueba el desglose y precio unitario de cada ítem no previsto, exigiendo la aplicación de los costos correspondientes a insumos y tarifas de la propuesta económica inicial cuando estén contemplados, cumpliendo con las especificaciones de construcción vigente para el proyecto.
G104: Firma
G105: Nombre:
G106: Representante Legal del Interventor o su Apoderado
G107: Matricula No. :
B108: Original: Archivo de Gestión del Contrato (Subdirección Administrativa).
B109: Copias: Unidad Ejecutora, Contratista, Interventor y Dirección Territorial.

Sheet Aux concre F
K2: CÓDIGO | L2: MINFRA-MN-IN-10-FR-1
C3: INSTITUTO NACIONAL DE VIAS
C4: DIRECCION TECNICA | K4: VERSIÓN | L4: 2
C5: PROCESO GESTIÓN DE LA INFRAESTRUCTURA VIAL
C6: =+#REF! -> #REF! | K6: PÁGINA | L6: 1 | M6: DE | N6: 1
C8: ANALISIS DE PRECIOS UNITARIOS
K10: FECHA | L10: DD | M10: MM | N10: AA
L11: =+#REF! -> #REF! | M11: =+#REF! -> #REF! | N11: =+#REF! -> #REF!
B12: ITEMS DE LA PROPUESTA ECONÓMICA | H12: ITEMS NO PREVISTOS
B13: UNIDAD EJECUTORA: | D13: =+#REF! -> #REF! | I13: DIRECCIÓN TERRITORIAL: | J13: =+#REF! -> #REF!
B19: CONTRATO No. | D19: =+#REF! -> #REF! | G19: DE | H19: =+#REF! -> #REF!
B20: OBJETO DEL CONTRATO | D20: =+#REF! -> #REF!
B23: CONTRATISTA : | D23: =+#REF! -> #REF!
B25: INTERVENTOR | D25: =+#REF! -> #REF!
B27: GESTOR TECNICO DE CONTRATO | E27: =+#REF! -> #REF!
B29: FECHA CIERRE DE LICITACIÓN Y/O SELECCIÓN ABREVIADA | G29: =+#REF! -> #REF!
B31: DATOS ESPECÍFICOS
B33: ITEM | C33: DESCRIPCIÓN | K33: GRUPO DE AJUSTE | L33: UNIDAD | N33: CANTIDAD
B34: =+'PRESUPUESTO OFICIAL '!D62 -> 630.4 | C34: =VLOOKUP(B34,'PRESUPUESTO OFICIAL '!D21:D112: 'PRESUPUESTO OFICIAL '!G21:G112,4,FALSE) -> Concreto clase 21 MPA | L34: =VLOOKUP(B34,'PRESUPUESTO OFICIAL '!D21:D112: 'PRESUPUESTO OFICIAL '!H21:H112,5,FALSE) -> m3 | N34: =VLOOKUP(B34,'PRESUPUESTO OFICIAL '!D21:D112: 'PRESUPUESTO OFICIAL '!I21:I112,6,FALSE) -> 347
B35: I. EQUIPO
B38: DESCRIPCIÓN | G38: MARCA | I38: TIPO | K38: TARIFA/HORA | L38: RENDIMIENTO | N38: Vr. UNITARIO
B39: CENTRAL DE FABRICACION DE MEZCLA | K39: =+#REF! -> #REF! | L39: 10 | N39: =+K39/L39 -> #REF!
B40: CARGADOR | K40: =+#REF! -> #REF! | L40: 10 | N40: =+K40/L40 -> #REF!
B41: HERRAMIENTA MENOR (5%MO) | N41: =+N73*0.05 -> #REF!
B46: SUBTOTAL $ | N46: =SUM(N39:N45) -> #REF!
B47: II. MATERIALES
B50: DESCRIPCIÓN | J50: UNIDAD | K50: CANTIDAD | L50: PRECIO UNIT. | N50: Vr. UNITARIO
B51: CEMENTO | J51: KG | K51: 260 | L51: =+#REF! -> #REF! | N51: =+L51*K51 -> #REF!
B52: AGREGADO PARA CONCRETO HIDRAULICO | J52: M3 | K52: 0.84 | L52: =+#REF! -> #REF! | N52: =+L52*K52 -> #REF!
B53: ARENA LAVADA | J53: M3 | K53: 0.63 | L53: =+#REF! -> #REF! | N53: =+L53*K53 -> #REF!
B54: AGUA | J54: LT | K54: 185 | L54: =+#REF! -> #REF! | N54: =+L54*K54 -> #REF!
B55: SUBTOTAL $ | N55: =SUM(N51:N54) -> #REF!
B56: III. TRANSPORTES
B59: MATERIAL | I59: VOL. o PESO | J59: DISTANCIA | K59: M3 o Ton/Km | L59: TARIFA | N59: Vr. UNITARIO
B60: ARENA | I60: =K53 -> 0.63 | J60: =+#REF! -> #REF! | K60: =+J60*I60 -> #REF! | L60: =+#REF! -> #REF! | N60: =+L60*K60 -> #REF!
B61: TRITURADO | I61: =K52 -> 0.84 | J61: =+#REF! -> #REF! | K61: =+J61*I61 -> #REF! | L61: =+#REF! -> #REF! | N61: =+L61*K61 -> #REF!
B63: SUBTOTAL $ | N63: =SUM(N60:N62) -> #REF!
B64: IV. MANO DE OBRA
B67: TRABAJADOR | I67: JORNAL | J67: PRESTACIONES | K67: JORNAL TOTAL | L67: RENDIMIENTO | N67: Vr. UNITARIO
B68: OBREROS (5) | I68: =+#REF!*5 -> #REF! | J68: =+#REF! -> #REF! | K68: =+J68*I68 -> #REF! | L68: 40 | N68: =+K68/L68 -> #REF!
B69: OFICIAL | I69: =+#REF! -> #REF! | J69: =+#REF! -> #REF! | K69: =+J69*I69 -> #REF! | L69: 40 | N69: =+K69/L69 -> #REF!
B70: INSPECTOR DE OBRA | I70: =#REF! -> #REF! | J70: =+#REF! -> #REF! | K70: =+J70*I70 -> #REF! | L70: 40 | N70: =+K70/L70*0.3 -> #REF!
B71: OPERADOR DE PLANTA (1) | I71: =#REF! -> #REF! | J71: =+#REF! -> #REF! | K71: =+J71*I71 -> #REF! | L71: 40 | N71: =+K71/L71*0.3 -> #REF!
B73: SUBTOTAL $ | N73: =SUM(N68:N72) -> #REF!
B75: TOTAL COSTO DIRECTO $ | N75: =+N73+N63+N55+N46 -> #REF! | O75: =N75-'Aux Concre D'!N75 -> #REF!
B76: V. COSTOS INDIRECTOS
B79: Descripción | K79: Porcentaje | L79: Valor Total
B80: ADMINISTRACION | K80: =+#REF! -> #REF! | L80: =+N75*K80 -> #REF!
B81: IMPREVISTOS | K81: =+#REF! -> #REF! | L81: =+N75*K81 -> #REF!
B82: UTILIDAD | K82: =+#REF! -> #REF! | L82: =+N75*K82 -> #REF!
B83: SUBTOTAL $ | N83: =SUM(L80:M82) -> #REF!
B85: Precio Unitario Total Aproximado al peso $ | N85: =ROUND(N75+N83,0) -> #REF!
G89: Firma
G90: Nombre:
G91: Representante Legal del Contratista o su Apoderado
G92: Matricula No. :
B94: OBSERVACIONES INTERVENTORÍA
B98: APROBACIÓN POR INTERVENTORÍA
B99: Nota 1: Cuando se trate de Análisis de precios unitarios correspondientes a ítems de la propuesta económica aprobada, el Interventor aprueba el desglose de los componentes manteniendo el mismo precio unitario de cada ítem, cumpliendo con las especificaciones de construcción vigentes para el proyecto.
B101: Nota 2: Cuando se trate de Análisis de precios unitarios de ítems no previstos, el Interventor aprueba el desglose y precio unitario de cada ítem no previsto, exigiendo la aplicación de los costos correspondientes a insumos y tarifas de la propuesta económica inicial cuando estén contemplados, cumpliendo con las especificaciones de construcción vigente para el proyecto.
G104: Firma
G105: Nombre:
G106: Representante Legal del Interventor o su Apoderado
G107: Matricula No. :
B108: Original: Archivo de Gestión del Contrato (Subdirección Administrativa).
B109: Copias: Unidad Ejecutora, Contratista, Interventor y Dirección Territorial.

Sheet Aux concre G
K2: CÓDIGO | L2: MINFRA-MN-IN-10-FR-1
C3: INSTITUTO NACIONAL DE VIAS
C4: DIRECCION TECNICA | K4: VERSIÓN | L4: 2
C5: PROCESO GESTIÓN DE LA INFRAESTRUCTURA VIAL
C6: =+#REF! -> #REF! | K6: PÁGINA | L6: 1 | M6: DE | N6: 1
C8: ANALISIS DE PRECIOS UNITARIOS
K10: FECHA | L10: DD | M10: MM | N10: AA
L11: =+#REF! -> #REF! | M11: =+#REF! -> #REF! | N11: =+#REF! -> #REF!
B12: ITEMS DE LA PROPUESTA ECONÓMICA | H12: ITEMS NO PREVISTOS
B13: UNIDAD EJECUTORA: | D13: =+#REF! -> #REF! | I13: DIRECCIÓN TERRITORIAL: | J13: =+#REF! -> #REF!
B19: CONTRATO No. | D19: =+#REF! -> #REF! | G19: DE | H19: =+#REF! -> #REF!
B20: OBJETO DEL CONTRATO | D20: =+#REF! -> #REF!
B23: CONTRATISTA : | D23: =+#REF! -> #REF!
B25: INTERVENTOR | D25: =+#REF! -> #REF!
B27: GESTOR TECNICO DE CONTRATO | E27: =+#REF! -> #REF!
B29: FECHA CIERRE DE LICITACIÓN Y/O SELECCIÓN ABREVIADA | G29: =+#REF! -> #REF!
B31: DATOS ESPECÍFICOS
B33: ITEM | C33: DESCRIPCIÓN | K33: GRUPO DE AJUSTE | L33: UNIDAD | N33: CANTIDAD
B34: =+'PRESUPUESTO OFICIAL '!D62 -> 630.4 | C34: =VLOOKUP(B34,'PRESUPUESTO OFICIAL '!D21:D112: 'PRESUPUESTO OFICIAL '!G21:G112,4,FALSE) -> Concreto clase 21 MPA | L34: =VLOOKUP(B34,'PRESUPUESTO OFICIAL '!D21:D112: 'PRESUPUESTO OFICIAL '!H21:H112,5,FALSE) -> m3 | N34: =VLOOKUP(B34,'PRESUPUESTO OFICIAL '!D21:D112: 'PRESUPUESTO OFICIAL '!I21:I112,6,FALSE) -> 347
B35: I. EQUIPO
B38: DESCRIPCIÓN | G38: MARCA | I38: TIPO | K38: TARIFA/HORA | L38: RENDIMIENTO | N38: Vr. UNITARIO
B39: CENTRAL DE FABRICACION DE MEZCLA | K39: =+#REF! -> #REF! | L39: 10 | N39: =+K39/L39 -> #REF!
B40: CARGADOR | K40: =+#REF! -> #REF! | L40: 10 | N40: =+K40/L40 -> #REF!
B41: HERRAMIENTA MENOR (5%MO) | N41: =+N74*0.05 -> #REF!
B46: SUBTOTAL $ | N46: =SUM(N39:N45) -> #REF!
B47: II. MATERIALES
B50: DESCRIPCIÓN | J50: UNIDAD | K50: CANTIDAD | L50: PRECIO UNIT. | N50: Vr. UNITARIO
B51: CEMENTO | J51: KG | K51: =260*0.6 -> 156 | L51: =+#REF! -> #REF! | N51: =+L51*K51 -> #REF!
B52: AGREGADO PARA CONCRETO HIDRAULICO | J52: M3 | K52: =0.84*0.6 -> 0.504 | L52: =+#REF! -> #REF! | N52: =+L52*K52 -> #REF!
B53: ARENA LAVADA | J53: M3 | K53: =0.63*0.6 -> 0.378 | L53: =+#REF! -> #REF! | N53: =+L53*K53 -> #REF!
B54: AGUA | J54: LT | K54: =185*0.6 -> 111 | L54: =+#REF! -> #REF! | N54: =+L54*K54 -> #REF!
B55: PIEDRA PARA CONCRETO CICLOPEO (Piedra rajon o canto rodado) | J55: M3 | K55: 0.4 | L55: =+#REF! -> #REF! | N55: =+L55*K55 -> #REF!
B56: SUBTOTAL $ | N56: =SUM(N51:N55) -> #REF!
B57: III. TRANSPORTES
B60: MATERIAL | I60: VOL. o PESO | J60: DISTANCIA | K60: M3 o Ton/Km | L60: TARIFA | N60: Vr. UNITARIO
B61: ARENA | I61: =K53 -> 0.378 | J61: =+#REF! -> #REF! | K61: =+J61*I61 -> #REF! | L61: =+#REF! -> #REF! | N61: =+L61*K61 -> #REF!
B62: TRITURADO | I62: =K52 -> 0.504 | J62: =+#REF! -> #REF! | K62: =+J62*I62 -> #REF! | L62: =+#REF! -> #REF! | N62: =+L62*K62 -> #REF!
B63: PIEDRA | I63: 0.4 | J63: =#REF! -> #REF! | K63: =+J63*I63 -> #REF! | L63: =+#REF! -> #REF! | N63: =+L63*K63 -> #REF!
B64: SUBTOTAL $ | N64: =SUM(N61:N63) -> #REF!
B65: IV. MANO DE OBRA
B68: TRABAJADOR | I68: JORNAL | J68: PRESTACIONES | K68: JORNAL TOTAL | L68: RENDIMIENTO | N68: Vr. UNITARIO
B69: OBREROS (3) | I69: =+#REF!*3 -> #REF! | J69: =+#REF! -> #REF! | K69: =+J69*I69 -> #REF! | L69: 40 | N69: =+K69/L69 -> #REF!
B70: OFICIAL | I70: =+#REF! -> #REF! | J70: =+#REF! -> #REF! | K70: =+J70*I70 -> #REF! | L70: 40 | N70: =+K70/L70 -> #REF!
B71: INSPECTOR DE OBRA | I71: =#REF! -> #REF! | J71: =+#REF! -> #REF! | K71: =+J71*I71 -> #REF! | L71: 40 | N71: =+K71/L71*0.3 -> #REF!
B72: OPERADOR DE PLANTA (1) | I72: =#REF! -> #REF! | J72: =+#REF! -> #REF! | K72: =+J72*I72 -> #REF! | L72: 40 | N72: =+K72/L72*0.3 -> #REF!
B74: SUBTOTAL $ | N74: =SUM(N69:N73) -> #REF!
B76: TOTAL COSTO DIRECTO $ | N76: =+N74+N64+N56+N46 -> #REF!
B77: V. COSTOS INDIRECTOS
B80: Descripción | K80: Porcentaje | L80: Valor Total
B81: ADMINISTRACION | K81: =+#REF! -> #REF! | L81: =+N76*K81 -> #REF!
B82: IMPREVISTOS | K82: =+#REF! -> #REF! | L82: =+N76*K82 -> #REF!
B83: UTILIDAD | K83: =+#REF! -> #REF! | L83: =+N76*K83 -> #REF!
B84: SUBTOTAL $ | N84: =SUM(L81:M83) -> #REF!
B86: Precio Unitario Total Aproximado al peso $ | N86: =ROUND(N76+N84,0) -> #REF!
G90: Firma
G91: Nombre:
G92: Representante Legal del Contratista o su Apoderado
G93: Matricula No. :
B95: OBSERVACIONES INTERVENTORÍA
B99: APROBACIÓN POR INTERVENTORÍA
B100: Nota 1: Cuando se trate de Análisis de precios unitarios correspondientes a ítems de la propuesta económica aprobada, el Interventor aprueba el desglose de los componentes manteniendo el mismo precio unitario de cada ítem, cumpliendo con las especificaciones de construcción vigentes para el proyecto.
B102: Nota 2: Cuando se trate de Análisis de precios unitarios de ítems no previstos, el Interventor aprueba el desglose y precio unitario de cada ítem no previsto, exigiendo la aplicación de los costos correspondientes a insumos y tarifas de la propuesta económica inicial cuando estén contemplados, cumpliendo con las especificaciones de construcción vigente para el proyecto.
G105: Firma
G106: Nombre:
G107: Representante Legal del Interventor o su Apoderado
G108: Matricula No. :
B109: Original: Archivo de Gestión del Contrato (Subdirección Administrativa).
B110: Copias: Unidad Ejecutora, Contratista, Interventor y Dirección Territorial.

Sheet Aux conc F
K2: CÓDIGO | L2: MINFRA-MN-IN-10-FR-1
C3: INSTITUTO NACIONAL DE VIAS
C4: DIRECCION TECNICA | K4: VERSIÓN | L4: 2
C5: PROCESO GESTIÓN DE LA INFRAESTRUCTURA VIAL
C6: =+#REF! -> #REF! | K6: PÁGINA | L6: 1 | M6: DE | N6: 1
C8: ANALISIS DE PRECIOS UNITARIOS
K10: FECHA | L10: DD | M10: MM | N10: AA
L11: =+#REF! -> #REF! | M11: =+#REF! -> #REF! | N11: =+#REF! -> #REF!
B12: ITEMS DE LA PROPUESTA ECONÓMICA | H12: ITEMS NO PREVISTOS
B13: UNIDAD EJECUTORA: | D13: =+#REF! -> #REF! | I13: DIRECCIÓN TERRITORIAL: | J13: =+#REF! -> #REF!
B19: CONTRATO No. | D19: =+#REF! -> #REF! | G19: DE | H19: =+#REF! -> #REF!
B20: OBJETO DEL CONTRATO | D20: =+#REF! -> #REF!
B23: CONTRATISTA : | D23: =+#REF! -> #REF!
B25: INTERVENTOR | D25: =+#REF! -> #REF!
B27: GESTOR TECNICO DE CONTRATO | E27: =+#REF! -> #REF!
B29: FECHA CIERRE DE LICITACIÓN Y/O SELECCIÓN ABREVIADA | G29: =+#REF! -> #REF!
B31: DATOS ESPECÍFICOS
B33: ITEM | C33: DESCRIPCIÓN | K33: GRUPO DE AJUSTE | L33: UNIDAD | N33: CANTIDAD
B34: =+'PRESUPUESTO OFICIAL '!D63 -> 630.6 | C34: =VLOOKUP(B34,'PRESUPUESTO OFICIAL '!D21:D112: 'PRESUPUESTO OFICIAL '!G21:G112,4,FALSE) -> Concreto clase 14 MPA | L34: =VLOOKUP(B34,'PRESUPUESTO OFICIAL '!D21:D112: 'PRESUPUESTO OFICIAL '!H21:H112,5,FALSE) -> m3 | N34: =VLOOKUP(B34,'PRESUPUESTO OFICIAL '!D21:D112: 'PRESUPUESTO OFICIAL '!I21:I112,6,FALSE) -> 274
B35: I. EQUIPO
B38: DESCRIPCIÓN | G38: MARCA | I38: TIPO | K38: TARIFA/HORA | L38: RENDIMIENTO | N38: Vr. UNITARIO
B39: MEZCLADORA DE CONCRETO TROMPO | K39: =#REF! -> #REF! | L39: 1 | N39: =+K39/L39 -> #REF!
B40: HERRAMIENTA MENOR (5%MO) | N40: =+N71*0.05 -> #REF!
B43: SUBTOTAL $ | N43: =SUM(N39:N42) -> #REF!
B44: II. MATERIALES
B47: DESCRIPCIÓN | J47: UNIDAD | K47: CANTIDAD | L47: PRECIO UNIT. | N47: Vr. UNITARIO
B48: CEMENTO | J48: KG | K48: 260 | L48: =+#REF! -> #REF! | N48: =+L48*K48 -> #REF!
B49: AGREGADO PARA CONCRETO HIDRAULICO | J49: M3 | K49: 0.84 | L49: =+#REF! -> #REF! | N49: =+L49*K49 -> #REF!
B50: ARENA LAVADA | J50: M3 | K50: 0.63 | L50: =+#REF! -> #REF! | N50: =+L50*K50 -> #REF!
B51: AGUA | J51: LT | K51: 185 | L51: =+#REF! -> #REF! | N51: =+L51*K51 -> #REF!
B52: DESPERDICIO (2%) | N52: =SUM(N48:N50)*0.02 -> #REF!
B54: SUBTOTAL $ | N54: =SUM(N48:N53) -> #REF!
B55: III. TRANSPORTES
B58: MATERIAL | I58: VOL. o PESO | J58: DISTANCIA | K58: M3 o Ton/Km | L58: TARIFA | N58: Vr. UNITARIO
B59: ARENA | I59: 0.63 | J59: =+#REF! -> #REF! | K59: =+J59*I59 -> #REF! | L59: =+#REF! -> #REF! | N59: =+L59*K59 -> #REF!
B60: TRITURADO | I60: 0.84 | J60: =+#REF! -> #REF! | K60: =+J60*I60 -> #REF! | L60: =+#REF! -> #REF! | N60: =+L60*K60 -> #REF!
B62: SUBTOTAL $ | N62: =SUM(N59:N61) -> #REF!
B63: IV. MANO DE OBRA
B66: TRABAJADOR | I66: JORNAL | J66: PRESTACIONES | K66: JORNAL TOTAL | L66: RENDIMIENTO | N66: Vr. UNITARIO
B67: OBREROS (2) | I67: =+#REF!*5 -> #REF! | J67: =+#REF! -> #REF! | K67: =+J67*I67 -> #REF! | L67: =L39*8 -> 8 | N67: =+K67/L67 -> #REF!
B68: OFICIAL | I68: =+#REF! -> #REF! | J68: =+#REF! -> #REF! | K68: =+J68*I68 -> #REF! | L68: =L67 -> 8 | N68: =+K68/L68 -> #REF!
B71: SUBTOTAL $ | N71: =SUM(N67:N70) -> #REF!
B73: TOTAL COSTO DIRECTO $ | N73: =+N71+N62+N54+N43 -> #REF!
B74: V. COSTOS INDIRECTOS
B77: Descripción | K77: Porcentaje | L77: Valor Total
B78: ADMINISTRACION | K78: =+#REF! -> #REF! | L78: =+N73*K78 -> #REF!
B79: IMPREVISTOS | K79: =+#REF! -> #REF! | L79: =+N73*K79 -> #REF!
B80: UTILIDAD | K80: =+#REF! -> #REF! | L80: =+N73*K80 -> #REF!
B81: SUBTOTAL $ | N81: =SUM(L78:M80) -> #REF!
B83: Precio Unitario Total Aproximado al peso $ | N83: =ROUND(N73+N81,0) -> #REF!
G87: Firma
G88: Nombre:
G89: Representante Legal del Contratista o su Apoderado
G90: Matricula No. :
B92: OBSERVACIONES INTERVENTORÍA
B96: APROBACIÓN POR INTERVENTORÍA
B97: Nota 1: Cuando se trate de Análisis de precios unitarios correspondientes a ítems de la propuesta económica aprobada, el Interventor aprueba el desglose de los componentes manteniendo el mismo precio unitario de cada ítem, cumpliendo con las especificaciones de construcción vigentes para el proyecto.
B99: Nota 2: Cuando se trate de Análisis de precios unitarios de ítems no previstos, el Interventor aprueba el desglose y precio unitario de cada ítem no previsto, exigiendo la aplicación de los costos correspondientes a insumos y tarifas de la propuesta económica inicial cuando estén contemplados, cumpliendo con las especificaciones de construcción vigente para el proyecto.
G102: Firma
G103: Nombre:
G104: Representante Legal del Interventor o su Apoderado
G105: Matricula No. :
B106: Original: Archivo de Gestión del Contrato (Subdirección Administrativa).
B107: Copias: Unidad Ejecutora, Contratista, Interventor y Dirección Territorial.

Sheet 630.1.1P
K2: CÓDIGO | L2: MINFRA-MN-IN-10-FR-1
C3: INSTITUTO NACIONAL DE VIAS
C4: DIRECCION TECNICA | K4: VERSIÓN | L4: 2
C5: PROCESO GESTIÓN DE LA INFRAESTRUCTURA VIAL
C6: MANUAL DE INTERVENTORÍA OBRA PUBLICA | K6: PÁGINA | L6: 1 | M6: DE | N6: 1
C8: ANALISIS DE PRECIOS UNITARIOS
K10: FECHA | L10: DD | M10: MM | N10: AA
L11: XXX | M11: XXX | N11: XXX
B12: ITEMS DE LA PROPUESTA ECONÓMICA | H12: ITEMS NO PREVISTOS
B13: UNIDAD EJECUTORA: | D13: XXXXXXXXXX | I13: DIRECCIÓN TERRITORIAL: | J13: XXXXXXXXXX
B19: CONTRATO No. | D19: XXXXXXXXXX | G19: DE | H19: XXXXXXXXXX
B20: OBJETO DEL CONTRATO | D20: MEJORAMIENTO, REHABILITACION Y MANTENIMIENTO, GESTION PREDIAL, SOCIAL Y AMBIENTAL SOSTENIBLE DE LA CARRETERA CUCUTA-SARDINATA-OCAÑA-AGUACLARA, INCLUYE EL NUEVO PUENTE SOBRE EL RIO ZULIA, EN EL DEPARTAMENTO DE NORTE DE SANTANDER, EN MARCO DEL PROGRAMA DE OBRA PUBLICA "CONCLUIR Y CONCLUIR PARA LA REACTIVACIÓN DE LAS REGIONES"
B23: CONTRATISTA : | D23: XXXXXXXXXX
B25: INTERVENTOR | D25: XXXXXXXXXX
B27: GESTOR TECNICO DE CONTRATO | E27: XXXXXXXXXX
B29: FECHA CIERRE DE LICITACIÓN Y/O SELECCIÓN ABREVIADA | G29: XXXXXXXXXX
B31: DATOS ESPECÍFICOS
B33: ITEM | C33: DESCRIPCIÓN | K33: GRUPO DE AJUSTE | L33: UNIDAD | N33: CANTIDAD
B34: 630.1.1P | C34: Concreto clase 35 MPA, para vigas puentes. | L34: m3 | N34: 133
B35: I. EQUIPO
B38: DESCRIPCIÓN | G38: MARCA | I38: TIPO | K38: TARIFA/HORA | L38: RENDIMIENTO | N38: Vr. UNITARIO
B39: VIBRADOR DE CONCRETO | K39: 9450 | L39: 1 | N39: 9450
B40: BOMBA DE COLOCACION DE CONCRETO | K40: 75000 | L40: 1 | N40: 75000
B41: CAMION HORMIGONERO | K41: 123000 | L41: 2 | N41: 61500
B42: HERRAMIENTA MENOR (10%MO) | N42: 10313.75
B43: SUBTOTAL $ | N43: 156263.75
B44: II. MATERIALES
B47: DESCRIPCIÓN | J47: UNIDAD | K47: CANTIDAD | L47: PRECIO UNIT. | N47: Vr. UNITARIO
B48: CONCRETO CLASE 35 MPA (PUESTO EN OBRA) (Incluye aditivo super plastificante) | J48: M3 | K48: 1.05 | L48: 481250.05 | N48: 505312.56
B49: FORMALETA CONCRETO CLASE A,B y C | J49: M2 | K49: 4 | L49: 18000 | N49: 72000
B50: OBRA FALSA | J50: M2 | K50: 1.2 | L50: 45000 | N50: 54000
B51: ANTISOL | J51: KG | K51: 1 | L51: 5900 | N51: 5900
B53: SUBTOTAL $ | N53: 637212.56
B54: III. TRANSPORTES
B57: MATERIAL | I57: VOL. o PESO | J57: DISTANCIA | K57: M3 o Ton/Km | L57: TARIFA | N57: Vr. UNITARIO
B61: SUBTOTAL $ | N61: 0
B62: IV. MANO DE OBRA
B65: TRABAJADOR | I65: JORNAL | J65: PRESTACIONES | K65: JORNAL TOTAL | L65: RENDIMIENTO | N65: Vr. UNITARIO
B66: OBREROS (10) | I66: 320000 | J66: 1.85 | K66: 592000 | L66: 8 | N66: 74000
B67: OFICIAL (1) | I67: 58000 | J67: 1.85 | K67: 107300 | L67: 8 | N67: 13412.5
B68: MAESTRO (1) | I68: 68000 | J68: 1.85 | K68: 125800 | L68: 8 | N68: 15725
B70: SUBTOTAL $ | N70: 103137.5
B72: TOTAL COSTO DIRECTO $ | N72: 896613.81
B73: V. COSTOS INDIRECTOS
B76: Descripción | K76: Porcentaje | L76: Valor Total
B77: ADMINISTRACION | K77: 0.2 | L77: 179322.76
B78: IMPREVISTOS | K78: 0.05 | L78: 44830.69
B79: UTILIDAD | K79: 0.05 | L79: 44830.69
B80: SUBTOTAL $ | N80: 268984.14
B82: Precio Unitario Total Aproximado al peso $ | N82: 1165598
G86: Firma
G87: Nombre:
G88: Representante Legal del Contratista o su Apoderado
G89: Matricula No. :
B91: OBSERVACIONES INTERVENTORÍA
B95: APROBACIÓN POR INTERVENTORÍA
B96: Nota 1: Cuando se trate de Análisis de precios unitarios correspondientes a ítems de la propuesta económica aprobada, el Interventor aprueba el desglose de los componentes manteniendo el mismo precio unitario de cada ítem, cumpliendo con las especificaciones de construcción vigentes para el proyecto.
B98: Nota 2: Cuando se trate de Análisis de precios unitarios de ítems no previstos, el Interventor aprueba el desglose y precio unitario de cada ítem no previsto, exigiendo la aplicación de los costos correspondientes a insumos y tarifas de la propuesta económica inicial cuando estén contemplados, cumpliendo con las especificaciones de construcción vigente para el proyecto.
G101: Firma
G102: Nombre:
G103: Representante Legal del Interventor o su Apoderado
G104: Matricula No. :
B105: Original: Archivo de Gestión del Contrato (Subdirección Administrativa).
B106: Copias: Unidad Ejecutora, Contratista, Interventor y Dirección Territorial.

Sheet 630.3.1P
K2: CÓDIGO | L2: MINFRA-MN-IN-10-FR-1
C3: INSTITUTO NACIONAL DE VIAS
C4: DIRECCION TECNICA | K4: VERSIÓN | L4: 2
C5: PROCESO GESTIÓN DE LA INFRAESTRUCTURA VIAL
C6: MANUAL DE INTERVENTORÍA OBRA PUBLICA | K6: PÁGINA | L6: 1 | M6: DE | N6: 1
C8: ANALISIS DE PRECIOS UNITARIOS
K10: FECHA | L10: DD | M10: MM | N10: AA
L11: XXX | M11: XXX | N11: XXX
B12: ITEMS DE LA PROPUESTA ECONÓMICA | H12: ITEMS NO PREVISTOS
B13: UNIDAD EJECUTORA: | D13: XXXXXXXXXX | I13: DIRECCIÓN TERRITORIAL: | J13: XXXXXXXXXX
B19: CONTRATO No. | D19: XXXXXXXXXX | G19: DE | H19: XXXXXXXXXX
B20: OBJETO DEL CONTRATO | D20: MEJORAMIENTO, REHABILITACION Y MANTENIMIENTO, GESTION PREDIAL, SOCIAL Y AMBIENTAL SOSTENIBLE DE LA CARRETERA CUCUTA-SARDINATA-OCAÑA-AGUACLARA, INCLUYE EL NUEVO PUENTE SOBRE EL RIO ZULIA, EN EL DEPARTAMENTO DE NORTE DE SANTANDER, EN MARCO DEL PROGRAMA DE OBRA PUBLICA "CONCLUIR Y CONCLUIR PARA LA REACTIVACIÓN DE LAS REGIONES"
B23: CONTRATISTA : | D23: XXXXXXXXXX
B25: INTERVENTOR | D25: XXXXXXXXXX
B27: GESTOR TECNICO DE CONTRATO | E27: XXXXXXXXXX
B29: FECHA CIERRE DE LICITACIÓN Y/O SELECCIÓN ABREVIADA | G29: XXXXXXXXXX
B31: DATOS ESPECÍFICOS
B33: ITEM | C33: DESCRIPCIÓN | K33: GRUPO DE AJUSTE | L33: UNIDAD | N33: CANTIDAD
B34: 630.3.1P | C34: Concreto clase 28 MPA para estribo, aletas, vigas, topes y ménsula,placas, dados. | L34: m3 | N34: 874
B35: I. EQUIPO
B38: DESCRIPCIÓN | G38: MARCA | I38: TIPO | K38: TARIFA/HORA | L38: RENDIMIENTO | N38: Vr. UNITARIO
B39: VIBRADOR DE CONCRETO | K39: 9450 | L39: 2 | N39: 4725
B40: BOMBA DE COLOCACION DE CONCRETO | K40: 75000 | L40: 2 | N40: 37500
B41: CAMION HORMIGONERO | K41: 123000 | L41: 4 | N41: 30750
B42: HERRAMIENTA MENOR (10%MO) | N42: 5827.5
B44: SUBTOTAL $ | N44: 78802.5
B45: II. MATERIALES
B48: DESCRIPCIÓN | J48: UNIDAD | K48: CANTIDAD | L48: PRECIO UNIT. | N48: Vr. UNITARIO
B49: CONCRETO CLASE 28 MPA (PREMEZCLADO) PUESTO EN OBRA) (Incluye aditivo super plastificante) | J49: M3 | K49: 1.05 | L49: 418309.97 | N49: 439225.47
B50: FORMALETA CONCRETO CLASE A,B y C | J50: M2 | K50: 4.1 | L50: 18000 | N50: 73800
B51: ANTISOL | J51: KG | K51: 1 | L51: 5900 | N51: 5900
B52: SUBTOTAL $ | N52: 518925.47
B53: III. TRANSPORTES
B56: MATERIAL | I56: VOL. o PESO | J56: DISTANCIA | K56: M3 o Ton/Km | L56: TARIFA | N56: Vr. UNITARIO
B60: SUBTOTAL $ | N60: 0
B61: IV. MANO DE OBRA
B64: TRABAJADOR | I64: JORNAL | J64: PRESTACIONES | K64: JORNAL TOTAL | L64: RENDIMIENTO | N64: Vr. UNITARIO
B65: OBREROS (10) | I65: 320000 | J65: 1.85 | K65: 592000 | L65: 16 | N65: 37000
B66: OFICIALES(2) | I66: 116000 | J66: 1.85 | K66: 214600 | L66: 16 | N66: 13412.5
B67: MAESTRO (1) | I67: 68000 | J67: 1.85 | K67: 125800 | L67: 16 | N67: 7862.5
B69: SUBTOTAL $ | N69: 58275
B71: TOTAL COSTO DIRECTO $ | N71: 656002.97
B72: V. COSTOS INDIRECTOS
B75: Descripción | K75: Porcentaje | L75: Valor Total
B76: ADMINISTRACION | K76: 0.2 | L76: 131200.59
B77: IMPREVISTOS | K77: 0.05 | L77: 32800.149
B78: UTILIDAD | K78: 0.05 | L78: 32800.149
B79: SUBTOTAL $ | N79: 196800.89
B81: Precio Unitario Total Aproximado al peso $ | N81: 852804
G85: Firma
G86: Nombre:
G87: Representante Legal del Contratista o su Apoderado
G88: Matricula No. :
B90: OBSERVACIONES INTERVENTORÍA
B94: APROBACIÓN POR INTERVENTORÍA
B95: Nota 1: Cuando se trate de Análisis de precios unitarios correspondientes a ítems de la propuesta económica aprobada, el Interventor aprueba el desglose de los componentes manteniendo el mismo precio unitario de cada ítem, cumpliendo con las especificaciones de construcción vigentes para el proyecto.
B97: Nota 2: Cuando se trate de Análisis de precios unitarios de ítems no previstos, el Interventor aprueba el desglose y precio unitario de cada ítem no previsto, exigiendo la aplicación de los costos correspondientes a insumos y tarifas de la propuesta económica inicial cuando estén contemplados, cumpliendo con las especificaciones de construcción vigente para el proyecto.
G100: Firma
G101: Nombre:
G102: Representante Legal del Interventor o su Apoderado
G103: Matricula No. :
B104: Original: Archivo de Gestión del Contrato (Subdirección Administrativa).
B105: Copias: Unidad Ejecutora, Contratista, Interventor y Dirección Territorial.

Sheet 630.3.4P
K2: CÓDIGO | L2: MINFRA-MN-IN-10-FR-1
C3: INSTITUTO NACIONAL DE VIAS
C4: DIRECCION TECNICA | K4: VERSIÓN | L4: 2
C5: PROCESO GESTIÓN DE LA INFRAESTRUCTURA VIAL
C6: MANUAL DE INTERVENTORÍA OBRA PUBLICA | K6: PÁGINA | L6: 1 | M6: DE | N6: 1
C8: ANALISIS DE PRECIOS UNITARIOS
K10: FECHA | L10: DD | M10: MM | N10: AA
L11: XXX | M11: XXX | N11: XXX
B12: ITEMS DE LA PROPUESTA ECONÓMICA | H12: ITEMS NO PREVISTOS
B13: UNIDAD EJECUTORA: | D13: XXXXXXXXXX | I13: DIRECCIÓN TERRITORIAL: | J13: XXXXXXXXXX
B19: CONTRATO No. | D19: XXXXXXXXXX | G19: DE | H19: XXXXXXXXXX
B20: OBJETO DEL CONTRATO | D20: MEJORAMIENTO, REHABILITACION Y MANTENIMIENTO, GESTION PREDIAL, SOCIAL Y AMBIENTAL SOSTENIBLE DE LA CARRETERA CUCUTA-SARDINATA-OCAÑA-AGUACLARA, INCLUYE EL NUEVO PUENTE SOBRE EL RIO ZULIA, EN EL DEPARTAMENTO DE NORTE DE SANTANDER, EN MARCO DEL PROGRAMA DE OBRA PUBLICA "CONCLUIR Y CONCLUIR PARA LA REACTIVACIÓN DE LAS REGIONES"
B23: CONTRATISTA : | D23: XXXXXXXXXX
B25: INTERVENTOR | D25: XXXXXXXXXX
B27: GESTOR TECNICO DE CONTRATO | E27: XXXXXXXXXX
B29: FECHA CIERRE DE LICITACIÓN Y/O SELECCIÓN ABREVIADA | G29: XXXXXXXXXX
B31: DATOS ESPECÍFICOS
B33: ITEM | C33: DESCRIPCIÓN | K33: GRUPO DE AJUSTE | L33: UNIDAD | N33: CANTIDAD
B34: 630.3.4P | C34: Concreto clase 28 MPA para pilas, tablero | L34: m3 | N34: 487
B35: I. EQUIPO
B38: DESCRIPCIÓN | G38: MARCA | I38: TIPO | K38: TARIFA/HORA | L38: RENDIMIENTO | N38: Vr. UNITARIO
B39: VIBRADOR DE CONCRETO | K39: 9450 | L39: 2 | N39: 4725
B40: BOMBA DE COLOCACION DE CONCRETO | K40: 75000 | L40: 2 | N40: 37500
B41: CAMION HORMIGONERO | K41: 123000 | L41: 4 | N41: 30750
B42: HERRAMIENTA MENOR (10%MO) | N42: 5711.875
B44: SUBTOTAL $ | N44: 78686.875
B45: II. MATERIALES
B48: DESCRIPCIÓN | J48: UNIDAD | K48: CANTIDAD | L48: PRECIO UNIT. | N48: Vr. UNITARIO
